 Dungeon Crawl Stone Soup version 0.30.0-18-gf1372a6a44 (webtiles) character file.

Game seed: 3950516622916558385

1046649 qw the Conqueror (level 27, -5/218 HPs)
             Began as a Gargoyle Fighter on May 21, 2023.
             Was a High Priest of the Shining One.
             Slain by Antaeus
             ... wielding a +2 hand axe of flaming
              (14 damage)
             ... on level 7 of Cocytus on May 22, 2023.
             The game lasted 01:05:33 (86551 turns).

qw the Conqueror (Gargoyle Fighter)                Turns: 86551, Time: 01:05:33

Health: -5/218     AC: 64    Str: 34      XL:     27
Magic:  25/36      EV: 21    Int:  8 (9)  God:    the Shining One [*****.]
Gold:   9269       SH: 31    Dex: 14 (15) Spells: 26/26 levels left

rFire   . . .        y - +9 broad axe (holy)
rCold   + + .        g - +2 tower shield {rC+}
rNeg    + + +        F - +8 crystal plate armour
rPois   inf          (no helmet)
rElec   +            a - scarf of the Hall of Blades {repulsion, Contam rElec Will- Dex+8}
rCorr   +            G - +3 pair of gauntlets of War {Slay+5}
SInv    .            z - +2 pair of boots {Stlth+}
Will    ++...        S - amulet of reflection Stlth
                     Y - +5 ring of evasion
HPRegen 0.56/turn    k - ring "Ynuech" {rC+ Will+ rCorr}
MPRegen 0.25/turn

%: repel missiles, reflection
@: flying, glowing, unable to read, unable to drink
A: sickness immunity, AC +20, big wings, negative energy resistance 1,
electricity resistance, torment resistance 1, petrification resistance,
iridescent scales 1, clumsy 1, deformed body, deterioration 2, low MP 1, robust
1, inability to read after injury 2
}: 11/15 runes: barnacled, slimy, silver, golden, bone, demonic, glowing,
magical, fiery, dark, gossamer
a: Renounce Religion, Divine Shield, Cleansing Flame, Summon Divine Warrior


You were on level 7 of Cocytus.
You worshipped the Shining One.
The Shining One was extremely pleased with you.
You visited 14 branches of the dungeon, and saw 69 of its levels.
You visited Pandemonium 2 times, and saw 16 of its levels.
You visited the Abyss 1 time.
You visited 1 bazaar.

You collected 14332 gold pieces.
You spent 5063 gold pieces at shops.


Innate Abilities, Weirdness & Mutations

You are immune to sickness and miasma.
Your stone body is resilient. (AC +20)
You are immune to poison.
Your large and strong wings let you fly.
You resist negative energy. (rN+)
You are resistant to electric shocks. (rElec)
You are resistant to unholy torment.
You are immune to petrification.
You are partially covered in iridescent scales. (AC +2)
You are clumsy. (Dex -2)
Armour fits poorly on your strangely shaped body.
Your body often deteriorates upon taking damage.
Your magical capacity is low. (-10% MP)
You are robust. (+10% HP)
You sometimes lose the ability to read scrolls when taking damage.


   Skills:
 O Level 27 Fighting
 - Level 4.7 Short Blades
 + Level 24.3 Axes
 - Level 15.0 Throwing
 O Level 27 Armour
 - Level 18.0 Dodging
 - Level 25.6 Shields
 O Level 27 Invocations


You had 26 spell levels left.
You didn't know any spells.
Your spell library was empty.

Inventory:

Hand Weapons
 y - a +9 broad axe of holy wrath (weapon)
 O - a +4 spectral broad axe
Armour
 a - the scarf of the Hall of Blades (worn) {repulsion, Contam rElec Will- Dex+8}
   (Okawaru gifted it to you on level 4 of the Lair of Beasts)

   Dex:       It affects your dexterity (+8).
   rElec:     It insulates you from electricity.
   Contam:    It causes magical contamination when unequipped.
   Will:      It decreases your willpower.
 g - a +2 tower shield of cold resistance (worn)
 i - a +0 tower shield of protection
 x - +0 gold dragon scales
 z - a +2 pair of boots of stealth (worn)
 C - a +2 cloak
 F - a +8 crystal plate armour (worn)
 G - the +3 pair of gauntlets of War (worn) {Slay+5}
   (Okawaru gifted it to you on level 2 of the Depths)

   Slay:      It affects your accuracy & damage with ranged weapons and melee
   (+5).
Jewellery
 f - a +5 ring of evasion
 k - the ring "Ynuech" (right hand) {rC+ Will+ rCorr}
   (You found it on level 5 of the Pits of Slime)

   [ring of protection from cold]

   rC:        It protects you from cold.
   rCorr:     It protects you from acid and corrosion.
   Will:      It increases your willpower.
 s - the ring "Wawneorgh" {Ice Will+ Str+2}
   (You took it off Josephina on level 1 of the Crypt)

   [ring of ice]

   It enhances your ice magic.
   Str:       It affects your strength (+2).
   rF:        It makes you vulnerable to fire.
   rC:        It protects you from cold.
   Will:      It increases your willpower.
 t - the ring "Qiuppahi" {Wiz rC++ Str-4 Dex+3}
   (You found it in Pandemonium)

   [ring of wizardry]

   It improves your spell success rate.
   Str:       It affects your strength (-4).
   Dex:       It affects your dexterity (+3).
   rC:        It greatly protects you from cold.
 B - the ring of the Prince {Fire Will++ rCorr Int-4}
   (You bought it in a shop on level 4 of the Vaults)

   [ring of fire]

   It enhances your fire magic.
   Int:       It affects your intelligence (-4).
   rF:        It protects you from fire.
   rC:        It makes you vulnerable to cold.
   rCorr:     It protects you from acid and corrosion.
   Will:      It greatly increases your willpower.
 H - a ring of protection from cold
 M - a ring of protection from fire
 N - a ring of protection from fire
 S - an amulet of reflection (around neck)
 Y - a +5 ring of evasion (left hand)
Wands
 v - a wand of digging (46)
Scrolls
 e - 27 scrolls of teleportation
 h - 22 scrolls of identify
 I - 7 scrolls of brand weapon
Potions
 d - 13 potions of might
 m - 16 potions of heal wounds
 o - 31 potions of curing
 p - 4 potions of cancellation
 q - 7 potions of attraction
 u - 12 potions of lignification
 w - 5 potions of magic
 L - 6 potions of haste
 V - 2 potions of resistance

Dungeon Overview and Level Annotations

Branches:
Dungeon (15/15)            Temple (0/1) D:6            Lair (5/5) D:9
 Shoals (4/4) Lair:2       Spider (4/4) Lair:3        Slime (5/5) Lair:4
    Orc (2/2) D:9             Elf (0/3) Orc:2        Vaults (5/5) D:13
  Crypt (3/3) Vaults:3       Tomb (3/3) Crypt:3      Depths (4/4) D:15
   Hell (visited)             Dis (0/7) Hell            Geh (0/7) Hell
    Coc (7/7) Hell            Tar (7/7) Hell            Zot (4/5) Depths:4

Altars:
Elyvilon
Okawaru
Ru
Sif Muna
Trog
Vehumet
Wu Jian
Yredelemnul
Zin
The Shining One

Shops:
D:2 ?   D:8 *   Orc:2 =([   Vaults:2 ?!(   Vaults:3 (   Vaults:4 =   Zot:2 *
Depths:4 [

Portals:
Hell: Depths:1 Depths:2 Depths:3 Depths:4
Abyss: Depths:3
Pandemonium: Depths:1 Depths:2

Annotations:
Lair:1 2 transporters
Lair:4 2 transporters, Fifowuza's ghost, journeyman DrTm
Lair:5 1 runed translucent door
Vaults:2 1 runed translucent door
Vaults:3 1 runed translucent door, dolemite99's ghost, veteran DrFE
Crypt:1 1 runed translucent door, yalue's ghost, adept MiFi
Coc:7 Antaeus


Message History

Your daeva dissolves into sparkling lights!
Antaeus hits you but does no damage.
You slice Antaeus!!
Antaeus convulses!!
Antaeus is lightly wounded.
Your daeva calls down the wrath of the Shining One upon Antaeus.
Antaeus is smitten.
You block Antaeus's attack. x2
You hit Antaeus but do no damage.
Antaeus is moderately wounded.
Antaeus hits you but does no damage.
Your daeva blocks Antaeus's attack.
Antaeus hits you with a +2 hand axe of flaming!
Antaeus freezes you! You resist. Antaeus burns you.
Antaeus hits your daeva with a +2 hand axe of flaming!
Antaeus freezes your daeva!!! Antaeus burns your daeva.
You slice Antaeus!!
Antaeus convulses!!
Antaeus is moderately wounded.
You slash Antaeus!
Antaeus convulses!
Antaeus is moderately wounded.
The ice encasing you melts away. Antaeus gestures at you.
The bolt of lightning hits you. You resist. The bolt of lightning hits you!
You resist.
The bolt of lightning hits Antaeus.
Antaeus completely resists.
Your daeva calls down the wrath of the Shining One upon Antaeus.
Antaeus is smitten.
You slice Antaeus!!
Antaeus convulses!!
Antaeus is heavily wounded.
Your daeva hits Antaeus with a +5 long sword of holy wrath!!
Antaeus convulses!!
Your daeva hits Antaeus with a +5 long sword of holy wrath!
Antaeus convulses.
Antaeus gestures at you. The bolt of lightning hits you. You resist.
The bolt of lightning hits you! You resist.
The bolt of lightning hits Antaeus.
Antaeus completely resists.
You hit Antaeus.
Antaeus convulses.
Antaeus is heavily wounded.
You hit Antaeus but do no damage.
Antaeus is heavily wounded.
Antaeus hits you but does no damage.
Your daeva blocks Antaeus's attack.
Antaeus hits you with a +2 hand axe of flaming.
Antaeus freezes you! You resist.
You die...

#.~~~~~~~~~.
#$~~~~~~~~.##.##.~~
#####$$~~~~~~.#..#..#.~
~~.$$$~~~~~~.#.......#.
#~~~$~~~~~~.#.....#...#
#~~~~~~~~A~.#.........#
#~~~~~~~~~~.#...#.....#
#~~~~~~~~~~.#..A......#
#~~~~~~~~~~~%#.@C....#
#~~~~~....~~~.#.....#.~
#~~~~.####.~%####.###
~~~~.#....#.## ..#
#~~.#......## ...
...... ~~.#........#
#:.##.......
~~.#....#...#
#.##..#.... ~.#.......#
$##...#...# #..#.....#
#........#


You could see Antaeus (ally target) and a friendly daeva (summoned).

Vanquished Creatures
  Cerebov (Pan)
  the Royal Jelly (Slime:5)
  Dissolution (Slime:1)
  Gloorx Vloq (Pan)
  Ereshkigal (Tar:7)
  Ignacio (Pan)
  Mnoleg (Pan)
  Lom Lobon (Pan)
  2 ancient liches
  2 orbs of fire
  Mennas (Vaults:5)
  Josephina (Crypt:1)
  12 royal mummies
  Boris (thrice) (Vaults:2 Vaults:3 Crypt:1)
  3 shard shrikes
  7 pandemonium lords (Pan)
  Saint Roka (Vaults:4)
  Bai Suzhen (Shoals:3)
  Frederick (Crypt:1)
  Xtahua (Vaults:3)
  Geryon (Hell)
  A curse toe (Zot:4)
  2 profane servitors
  13 golden dragons
  8 bone dragons
  Jory (Crypt:1)
  6 Brimstone Fiends (Pan)
  7 doom hounds
  18 Tzitzimimeh
  Jorgrun (Orc:1)
  An electric golem (Zot:3)
  21 tentacled monstrosities
  A spectral shard shrike (Tar:3)
  5 Hell Sentinels (Pan)
  24 Ice Fiends
  8 tainted leviathans
  Zenata (Crypt:1)
  10 liches
  6 deep elf master archers
  2 walking earthen tomes (Depths:2)
  27 titans
  9 quicksilver dragons
  A tentacled starspawn (Abyss:3)
  6 deep elf blademasters
  Asterion (Spider:1)
  6 death cobs
  An eldritch tentacle (Pan)
  10 sphinxes
  22 Executioners (Pan)
  Polyphemus (Shoals:2)
  26 acid blobs
  Agnes (D:15)
  12 ancient champions
  9 storm dragons
  9 draconian monks
  13 shadow dragons
  7 tengu reavers
  Donald (Spider:3)
  8 rockslimes
  25 azure jellies
  22 fire giants
  4 revenants (Crypt:3)
  6 emperor scorpions (Spider:4)
  39 frost giants
  11 ghost moths
  2 draconian knights
  19 narguns
  20 vault wardens
  2 draconian scorchers (Zot:1)
  A deep elf sorcerer (Tomb:2)
  Louise (D:14)
  3 shard shrike simulacra
  15 demonspawn warmongers (Pan)
  6 draconian shifters
  2 iron dragons
  8 curse skulls
  4 ghouls (Crypt:1)
  37 balrugs
  A draconian stormcaller (Zot:2)
  3 orc warlords
  11 draconian annihilators
  21 very ugly things
  20 cacodemons (Pan)
  3 war gargoyles
  8 quicksilver oozes
  20 stone giants
  28 reapers
  12 ironbound preservers
  9 demonspawn blood saints (Pan)
  8 ironbound thunderhulks
  12 demonspawn corrupters (Pan)
  2 broodmothers
  4 putrid mouths
  19 green draconians
  12 demonspawn black suns (Pan)
  8 bennus
  3 deep elf annihilators
  A deep elf demonologist (Vaults:5)
  7 vampire knights
  21 elemental wellsprings
  8 black draconians
  9 lorocyprocas (Pan)
  7 dire elephants
  3 spark wasps
  12 purple draconians
  14 wendigos
  12 red draconians
  8 yellow draconians
  5 eidola
  13 mummy priests
  12 ettins
  9 white draconians
  13 blizzard demons (Pan)
  6 merfolk javelineers
  5 entropy weavers
  7 jiangshi
  3 spectral spriggans
  22 green deaths (Pan)
  2 deep elf high priests
  4 deep elf death magi
  7 fire dragons
  12 merfolk impalers
  3 crystal guardians
  9 great orbs of eyes
  27 vault guards
  19 yaktaur captains
  2 jorogumos
  10 caustic shrike simulacra
  3 spriggan air magi (Depths:2)
  3 rakshasas
  3 peacekeepers
  4 hell beasts
  4 ogre magi
  3 hydras
  2 alligator snapping turtles
  9 ironbound frosthearts
  4 radroaches
  3 death knights
  7 ice dragons
  8 juggernaut simulacra
  3 catoblepae
  A radroach (shapeshifter) (Vaults:5)
  6 centaur warriors
  3 dancing weapons (Pan)
  2 merfolk avatars
  A spectral stone giant (Crypt:3)
  5 merfolk aquamancers
  A satyr (Shoals:3)
  8 tengu warriors
  8 boulder beetles
  3 spriggan berserkers
  6 deep troll earth magi
  4 death yaks (Shoals:2)
  A spectral dire elephant (Tar:6)
  4 vampire magi
  76 death scarabs
  6 deep troll shamans
  A thrashing horror (Abyss:3)
  2 orc high priests (Depths:1)
  18 two-headed ogres
  3 shock serpents (Pan)
  20 hell knights
  Urug (Orc:1)
  89 sun demons
  6 deep elf knights
  37 skeletal warriors
  4 skysharks
  Sonja (Lair:3)
  44 soul eaters
  A fire crab (shapeshifter) (Vaults:5)
  8 iron trolls
  2 sun moths
  6 pharaoh ants
  7 sea snakes
  18 sixfirhies
  2 death drakes (Depths:4)
  2 quicksilver dragon simulacra
  2 bog bodies (Crypt:1)
  A goliath frog (shapeshifter) (Vaults:5)
  10 orb spiders
  31 shadow wraiths
  An anaconda zombie (Hell)
  35 deep trolls
  A storm dragon skeleton (Depths:3)
  8 spriggan simulacra
  11 wizards
  3 flayed ghosts
  A glowing orange brain (Abyss:3)
  10 shadow demons
  A bunyip skeleton (Tomb:3)
  24 phantasmal warriors
  A shadow dragon zombie (Crypt:2)
  9 orc knights
  6 deep elf archers
  15 ironbound convokers
  5 steelbarb worms
  31 ugly things
  10 harpies
  4 spectral wolf spiders (Spider:3)
  4 deep elf pyromancers
  11 necromancers
  5 shining eyes
  11 lindwurms
  5 deep elf zephyrmancers
  5 orc sorcerers
  22 wolf spiders
  5 wolf spider zombies (Spider:3)
  2 frost giant zombies
  11 manticores
  6 fauns
  21 moths of wrath
  2 tengu skeletons
  14 elephants
  20 cyclopes
  A centaur zombie (D:15)
  A guardian serpent (Lair:5)
  A fire giant skeleton (Vaults:2)
  A naga zombie (Crypt:3)
  A naga mage (D:15)
  2 stone giant skeletons
  A black mamba (shapeshifter) (Vaults:5)
  10 black mambas
  18 water nymphs
  11 merfolk sirens
  2 ice statues
  4 rust devils
  Joseph (D:8)
  22 vault sentinels
  3 molten gargoyles (Hell)
  7 cane toads
  27 demonic crawlers
  45 smoke demons
  An eye of devastation (Slime:4)
  A dire elephant zombie (Tomb:3)
  9 hellions
  6 torpor snails (Lair:5)
  3 naga skeletons
  2 unseen horrors
  26 orange demons (Pan)
  3 titan simulacra
  3 kobold demonologists
  Maggie (Lair:2)
  4 centaur skeletons
  A death yak zombie (Crypt:3)
  A shock serpent skeleton (Crypt:1)
  A rime drake (shapeshifter) (D:13)
  4 komodo dragons
  9 freezing wraiths
  An elf skeleton (Vaults:2)
  2 rime drakes
  A human skeleton (Vaults:2)
  11 efreet
  An iron troll zombie (Crypt:2)
  A yaktaur zombie (Vaults:2)
  4 tengu conjurers
  An ancient zyme (Abyss:3)
  57 yaktaurs
  2 hydra zombies (Hell)
  17 tormentors
  2 anaconda simulacra (Coc:7)
  39 guardian mummies
  10 ice devils
  2 golden dragon simulacra (Coc:7)
  A white draconian skeleton (Crypt:1)
  3 tyrant leeches (Lair:5)
  3 meliai (Spider:2)
  A polar bear (Lair:4)
  37 merfolk
  6 red devils
  27 hellwings (Pan)
  2 harpy zombies
  11 hornets (Lair:5)
  7 trolls
  A sea snake skeleton (Crypt:3)
  A snapping turtle (shapeshifter) (Depths:2)
  A sphinx simulacrum (Depths:3)
  13 blink frogs
  A wolf spider simulacrum (Spider:3)
  2 harpy skeletons
  7 wind drakes
  2 dream sheep (Shoals:1)
  23 tarantellas
  An alligator zombie (Crypt:3)
  A hydra skeleton (Hell)
  25 jumping spiders
  5 snapping turtles
  2 stone giant simulacra
  4 air elementals (Shoals:4)
  45 ynoxinuls
  15 culicivoras
  32 flying skulls
  108 slime creatures
  3 vampires
  9 shadows
  A jumping spider (shapeshifter) (D:13)
  14 wraiths
  4 dire elephant simulacra
  15 ushabtiu
  55 yaks
  A centaur simulacrum (Crypt:1)
  17 wyverns
  16 humans (D:13)
  An orc simulacrum (Tomb:2)
  25 water elementals
  65 redbacks
  A hog (D:9)
  46 large abominations
  2 sea snake simulacra (Hell)
  27 chaos spawn (Pan)
  A fire elemental (Orc:1)
  Grum (D:9)
  3 steam dragons
  An alligator snapping turtle simulacrum (Coc:2)
  3 golden eyes (Slime:4)
  2 basilisks
  2 small abominations (Abyss:3)
  18 neqoxecs
  Menkaure (D:6)
  A fire bat zombie (Crypt:1)
  3 wargs
  8 harpy simulacra
  13 vampire mosquitoes
  3 acid dragons
  26 water moccasins
  A faun skeleton (Crypt:1)
  2 hydra simulacra (Hell)
  A meliai simulacrum (D:14)
  A glowing shapeshifter skeleton (Depths:3)
  40 orc warriors
  12 black bears
  An ice beast (D:5)
  2 swamp drakes (Lair:3)
  16 ogres
  5 ettin simulacra
  A boggart (Vaults:1)
  11 wolves
  A phantom (D:4)
  14 centaurs
  An elephant skeleton (Crypt:1)
  A swamp dragon skeleton (Crypt:2)
  A lindwurm skeleton (Crypt:1)
  7 kobold brigands
  18 bullfrogs
  3 necrophages (Crypt:1)
  2 scorpions (D:6)
  7 earth elementals (Depths:3)
  3 naga simulacra
  6 gnoll sergeants
  A wight (D:10)
  A yak zombie (Crypt:3)
  11 killer bees
  10 electric eels (D:9)
  A crimson imp (Pan)
  5 hounds
  3 jellies
  25 orc priests
  4 gnoll boudas
  A sleepcap (D:7)
  5 iguanas
  34 orc wizards
  7 hell rats (Lair:5)
  A deep dwarf zombie (Crypt:2)
  50 mummies
  Robin (D:4)
  24 gnolls
  7 adders
  7 river rats (D:7)
  A white imp (D:6)
  An ufetubus (Abyss:3)
  A lava snake zombie (Crypt:1)
  An adder skeleton (Crypt:3)
  An iguana skeleton (Crypt:3)
  A worm (shapeshifter) (Vaults:5)
  86 orcs
  2 ball pythons
  6 endoplasms
  2 giant cockroaches (D:1)
  19 goblins
  8 hobgoblins
  8 jackals (D:4)
  3 quokkas
  4 bats
  3 frilled lizards
  A goblin zombie (Crypt:3)
  3 hobgoblin zombies
  A jackal zombie (Crypt:2)
  22 kobolds
  22 rats
  A ball lightning (Pan)
  8 fire vortices (Pan)
  A lurking horror (Abyss:3)
  2 starspawn tentacles (Abyss:3)
3622 creatures vanquished.

Vanquished Creatures (collateral kills)
  2 ancient liches (Tar:7)
  A dread lich (Tar:7)
  5 pandemonium lords (Pan)
  3 royal mummies
  4 shard shrikes
  2 profane servitors (Tar:7)
  5 bone dragons
  3 doom hounds
  4 Brimstone Fiends (Pan)
  6 Tzitzimimeh
  An Ice Fiend (Pan)
  3 tainted leviathans
  A lich (Tomb:1)
  A spectral shard shrike (Tar:4)
  2 Hell Sentinels (Pan)
  3 titans
  An Executioner (Pan)
  An ancient champion (Tomb:1)
  5 azure jellies
  A daeva (Pan)
  4 narguns (Coc:7)
  A demonspawn warmonger (Pan)
  A frost giant (Coc:7)
  A fire giant (Tomb:2)
  4 balrugs (Pan)
  2 demonspawn blood saints (Pan)
  8 cacodemons (Pan)
  A quicksilver ooze (Slime:5)
  3 demonspawn corrupters (Pan)
  3 very ugly things (Pan)
  6 reapers
  6 elemental wellsprings
  2 putrid mouths (Tar:7)
  2 demonspawn black suns (Pan)
  3 lorocyprocas (Pan)
  A spectral titan (Tar:4)
  5 wendigos
  3 green deaths (Pan)
  3 mummy priests
  2 blizzard demons (Pan)
  A quicksilver dragon zombie (Tomb:3)
  4 hell beasts
  A spectral stone giant (Tar:2)
  13 death scarabs
  26 sun demons
  A spectral dire elephant (Tar:4)
  6 soul eaters
  4 sixfirhies (Pan)
  4 shadow wraiths
  2 skeletal warriors
  A quicksilver dragon simulacrum (Coc:1)
  A kraken simulacrum (Coc:7)
  A spriggan simulacrum (Coc:7)
  A deep elf archer (Crypt:3)
  2 shadow demons (Pan)
  A deep elf pyromancer (Tomb:2)
  2 ugly things (Pan)
  7 smoke demons (Pan)
  2 molten gargoyles (Hell)
  2 demonic crawlers (Pan)
  A rust devil (Pan)
  9 orange demons (Pan)
  A titan simulacrum (Coc:1)
  A stone giant skeleton (Tomb:3)
  A hellion (Tar:6)
  7 tormentors
  2 ice devils
  A golden dragon simulacrum (Coc:1)
  2 red devils (Pan)
  A spectral harpy (Tar:2)
  10 guardian mummies
  2 hellwings (Pan)
  A stone giant simulacrum (Coc:1)
  A hydra skeleton (Hell)
  14 large abominations (Pan)
  2 iron dragon simulacra (Coc:4)
  2 flying skulls (Tomb:3)
  A slime creature (Slime:5)
  10 ynoxinuls (Pan)
  5 dire elephant simulacra
  A shadow (Crypt:3)
  4 ushabtiu
  An alligator snapping turtle simulacrum (Coc:1)
  9 chaos spawn (Pan)
  9 neqoxecs (Pan)
  3 harpy simulacra
  A hydra simulacrum (Coc:4)
  2 ettin simulacra
  An ice dragon simulacrum (Coc:1)
  2 naga simulacra
  12 mummies
  A starspawn tentacle (Pan)
  A tentacle (Coc:7)
318 creatures vanquished.

Vanquished Creatures (others)
  A Hell Sentinel (Pan)
  A deep elf master archer (Tomb:3)
  A quicksilver dragon (Zot:3)
  A sphinx (Tomb:1)
  An azure jelly (Coc:6)
  A fire giant (Crypt:3)
  A demonspawn warmonger (Pan)
  A nargun (Coc:3)
  2 stone giants
  A draconian annihilator (Pan)
  2 elemental wellsprings
  A lorocyproca (Pan)
  A wendigo (Coc:6)
  A white draconian (Zot:2)
  2 caustic shrike simulacra
  5 juggernaut simulacra
  3 quicksilver dragon simulacra
  2 spriggan simulacra
  3 wizards
  A hellion (Pan)
  A tengu conjurer (Depths:3)
  An iron giant simulacrum (Coc:3)
  An anaconda simulacrum (Coc:5)
  An iron dragon simulacrum (Coc:3)
  A dire elephant simulacrum (Coc:1)
  A culicivora (Spider:4)
  A naga simulacrum (Coc:7)
  A large abomination (Pan)
  3 harpy simulacra
  A hydra simulacrum (Coc:6)
  3 ettin simulacra
  A wolf (D:9)
  A kobold (D:9)
  2 ball lightnings (Pan)
  38 spectral weapons
  6 starspawn tentacles
  3 tentacles (Coc:7)
98 creatures vanquished.

Grand Total: 4038 creatures vanquished

Notes
Turn   | Place    | Note
-------+----------+-------------------------------------------
     0 | D:1      | qw the Gargoyle Fighter began the quest for the Orb.
     0 | D:1      | Reached XP level 1. HP: 14/14 MP: 1/1
     0 | D:1      | 0 ||| qw: Version: 0.2-a-98-g5d7165a
     0 | D:1      | 0 ||| qw: Game counter: 7
     0 | D:1      | 0 ||| qw: Always use a shield: true
     0 | D:1      | 0 ||| qw: God list: Okawaru
     0 | D:1      | 0 ||| qw: Allow faded altars: false
     0 | D:1      | 0 ||| qw: Do Orc after D:15 true
     0 | D:1      | 0 ||| qw: Do second Lair branch before Depths: true
     0 | D:1      | 0 ||| qw: Lair rune preference: random
     0 | D:1      | 0 ||| qw: Plans: Normal, Zot:1-4, God:TSO, Crypt, Tomb,
                  | Pan, Slime:5, Hells, Abyss, Win
     0 | D:1      | 0 ||| PLANNING D:1-11
    34 | D:1      | 34 ||| Stepping ~*~*~tactically~*~*~ (hiding).
    35 | D:1      | 35 ||| Stepping ~*~*~tactically~*~*~ (hiding).
   157 | D:1      | 157 ||| Stepping ~*~*~tactically~*~*~ (hiding).
   168 | D:1      | Reached XP level 2. HP: 19/19 MP: 2/2
   653 | D:1      | Reached skill level 3 in Axes
   653 | D:1      | Reached XP level 3. HP: 23/23 MP: 3/3
  1050 | D:1      | 1050 ||| UPGRADING to ring of positive energy.
  1051 | D:1      | 1051 ||| READING scroll labelled UKACINN MEEG.
  1052 | D:1      | 1052 ||| READING 2 scrolls labelled MOTEPU ETZO.
  1053 | D:1      | 1053 ||| DROPPING scroll of magic mapping.
  1107 | D:2      | 1107 ||| DROPPING +0 club.
  1173 | D:2      | Found Zantylon's Magic Scroll Boutique.
  1180 | D:2      | 1180 ||| BUYING scroll of brand weapon (95 gold).
  1180 | D:2      | Bought a scroll of brand weapon for 95 gold pieces
  1180 | D:2      | 1180 ||| BUYING scroll of identify (20 gold).
  1180 | D:2      | Bought a scroll of identify for 20 gold pieces
  1180 | D:2      | 1180 ||| SHOPLISTING scroll of identify (20 gold, have 5).
  1180 | D:2      | 1180 ||| READING scroll of brand weapon.
  1180 | D:2      | 1180 ||| BRANDING +0 war axe.
  1243 | D:2      | Reached XP level 4. HP: 28/28 MP: 4/4
  1554 | D:2      | 1554 ||| UPGRADING to +0 chain mail.
  1564 | D:2      | 1564 ||| DROPPING +0 scale mail.
  1565 | D:2      | 1565 ||| READING 2 scrolls labelled QANONK LYNG.
  1566 | D:2      | 1566 ||| READING scroll labelled LYVVIJO NITUWK.
  1586 | D:2      | 1586 ||| READING 2 scrolls labelled EKHLIA SARA.
  1587 | D:2      | 1587 ||| DRINKING 2 bubbling pink potions.
  1588 | D:2      | 1588 ||| READING 2 scrolls of identify.
  1588 | D:2      | 1588 ||| IDENTIFYING glowing pink potion
  1589 | D:2      | 1589 ||| DROPPING potion of magic.
  1590 | D:2      | 1590 ||| DROPPING potion of flight.
  1591 | D:2      | 1591 ||| DROPPING scroll of noise.
  1592 | D:2      | 1592 ||| DROPPING scroll of immolation.
  1728 | D:3      | Identified the +8 chain mail of Fycaserr {Fly rElec Will++
                  | MP+9}
  1748 | D:3      | Found an iron altar of Okawaru.
  1749 | D:3      | 1749 ||| PLANNING OKAWARU WORSHIP
  1749 | D:3      | 1749 ||| UPGRADING to +8 chain mail of Fycaserr {Fly rElec
                  | Will++ MP+9}.
  1759 | D:3      | 1759 ||| DROPPING +0 chain mail.
  1760 | D:3      | 1760 ||| READING 3 scrolls labelled CUICESHANITA.
  1761 | D:3      | 1761 ||| DROPPING 2 scrolls of fog.
  1770 | D:3      | Became a worshipper of Warmaster Okawaru
  1770 | D:3      | 1770 ||| PLANNING D:1-11
  1848 | D:3      | 1848 ||| Stepping ~*~*~tactically~*~*~ (stealth).
  2031 | D:3      | Identified the +11 short sword of Patterns {heavy, rC+}
  2086 | D:4      | 2086 ||| Stepping ~*~*~tactically~*~*~ (stealth).
  2096 | D:4      | 2096 ||| Stepping ~*~*~tactically~*~*~ (stealth).
  2123 | D:4      | Reached XP level 5. HP: 32/32 MP: 5/5
  2197 | D:4      | 2197 ||| Stepping ~*~*~tactically~*~*~ (stealth).
  2198 | D:4      | 2198 ||| Stepping ~*~*~tactically~*~*~ (stealth).
  2276 | D:4      | 2276 ||| Stepping ~*~*~tactically~*~*~ (hiding).
  2345 | D:4      | Noticed a phantom
  2359 | D:4      | Killed a phantom
  2359 | D:4      | Reached * piety under Okawaru
  2360 | D:4      | Reached XP level 6. HP: 36/40 MP: 6/6
  2407 | D:4      | 2407 ||| Stepping ~*~*~tactically~*~*~ (hiding).
  2410 | D:4      | 2410 ||| INVOKING Heroism.
  2596 | D:4      | 2596 ||| Stepping ~*~*~tactically~*~*~ (stealth).
  2622 | D:4      | 2622 ||| Stepping ~*~*~tactically~*~*~ (stealth).
  2623 | D:4      | 2623 ||| Stepping ~*~*~tactically~*~*~ (stealth).
  2633 | D:4      | 2633 ||| Stepping ~*~*~tactically~*~*~ (stealth).
  2634 | D:4      | 2634 ||| Stepping ~*~*~tactically~*~*~ (stealth).
  2637 | D:4      | 2637 ||| Stepping ~*~*~tactically~*~*~ (stealth).
  2676 | D:4      | 2676 ||| Stepping ~*~*~tactically~*~*~ (stealth).
  2679 | D:4      | Noticed Robin
  2680 | D:4      | 2680 ||| Stepping ~*~*~tactically~*~*~ (stealth).
  2684 | D:4      | 2684 ||| Stepping ~*~*~tactically~*~*~ (stealth).
  2685 | D:4      | 2685 ||| Stepping ~*~*~tactically~*~*~ (stealth).
  2699 | D:4      | Killed Robin
  2879 | D:4      | Found a bloodstained altar of Trog.
  2881 | D:4      | Noticed a wizard
  2885 | D:4      | Killed a wizard
  2890 | D:4      | 2890 ||| UPGRADING to +0 helmet.
  2895 | D:4      | 2895 ||| READING scroll labelled DEUNOGH JANGI.
  2898 | D:4      | 2898 ||| READING scroll labelled WUYLYB AXKO.
  2899 | D:4      | 2899 ||| DRINKING 2 red potions.
  2900 | D:4      | 2900 ||| READING 3 scrolls of identify.
  2900 | D:4      | 2900 ||| IDENTIFYING glowing cyan potion
  2901 | D:4      | 2901 ||| READING 2 scrolls of identify.
  2901 | D:4      | 2901 ||| IDENTIFYING inky potion
  2902 | D:4      | 2902 ||| DROPPING potion of ambrosia.
  2903 | D:4      | 2903 ||| DROPPING potion of invisibility.
  2920 | D:5      | Entered Level 5 of the Dungeon
  3176 | D:5      | Reached XP level 7. HP: 44/44 MP: 7/7
  3184 | D:5      | 3184 ||| INVOKING Heroism.
  3186 | D:5      | Reached skill level 6 in Axes
  3511 | D:5      | Reached skill level 1 in Invocations
  3591 | D:5      | Reached skill level 1 in Dodging
  3863 | D:5      | Found an ornate altar of the Wu Jian Council.
  3864 | D:5      | 3864 ||| UPGRADING to +5 ring of evasion.
  3865 | D:5      | 3865 ||| READING 2 scrolls labelled MEN NEUMNA.
  3866 | D:5      | 3866 ||| DROPPING scroll of fear.
  3888 | D:6      | 3888 ||| STAIRDANCE
  3948 | D:6      | 3948 ||| Stepping ~*~*~tactically~*~*~ (stealth).
  3954 | D:6      | 3954 ||| INVOKING Heroism.
  3971 | D:6      | 3971 ||| INVOKING Heroism.
  3980 | D:6      | Reached skill level 3 in Invocations
  3982 | D:6      | Reached XP level 8. HP: 36/48 MP: 10/10
  3999 | D:6      | 3999 ||| DROPPING +0 mace.
  4051 | D:6      | 4051 ||| INVOKING Heroism.
  4138 | D:6      | Reached skill level 1 in Throwing
  4145 | D:6      | Noticed Menkaure
  4146 | D:6      | 4146 ||| Stepping ~*~*~tactically~*~*~ (hiding).
  4152 | D:6      | 4152 ||| INVOKING Heroism.
  4158 | D:6      | Killed Menkaure
  4214 | D:6      | 4214 ||| Stepping ~*~*~tactically~*~*~ (stealth).
  4280 | D:6      | Found a staircase to the Ecumenical Temple.
  4295 | D:6      | 4295 ||| Stepping ~*~*~tactically~*~*~ (hiding).
  4310 | D:6      | 4310 ||| INVOKING Heroism.
  4694 | D:6      | 4694 ||| INVOKING Heroism.
  4819 | D:6      | Found a glowing golden altar of the Shining One.
  4820 | D:6      | Found a radiant altar of Vehumet.
  4823 | D:6      | Identified the ring of Laqige {rF+ rCorr Int+3 Slay-3}
  4826 | D:6      | Found a glowing silver altar of Zin.
  4828 | D:6      | Found a shimmering blue altar of Sif Muna.
  4829 | D:6      | 4829 ||| UPGRADING to +6 ring of dexterity.
  4831 | D:6      | 4831 ||| DROPPING ring of positive energy.
  4832 | D:6      | 4832 ||| READING scroll labelled YMICIFO ORUT.
  4833 | D:6      | 4833 ||| READING 6 scrolls of identify.
  4833 | D:6      | 4833 ||| IDENTIFYING grey potion
  4834 | D:6      | 4834 ||| READING 5 scrolls of identify.
  4834 | D:6      | 4834 ||| IDENTIFYING sedimented sapphire potion
  4835 | D:6      | 4835 ||| READING 4 scrolls of identify.
  4835 | D:6      | 4835 ||| IDENTIFYING orange potion
  4836 | D:6      | 4836 ||| DROPPING potion of brilliance.
  4943 | D:7      | 4943 ||| INVOKING Heroism.
  5034 | D:7      | Reached skill level 6 in Fighting
  5075 | D:7      | Reached XP level 9. HP: 55/55 MP: 12/12
  5360 | D:7      | 5360 ||| INVOKING Heroism.
  5539 | D:7      | Found a sacrificial altar of Ru.
  5660 | D:7      | 5660 ||| UPGRADING to +0 kite shield.
  5670 | D:7      | 5670 ||| DROPPING +0 buckler.
  5671 | D:7      | 5671 ||| READING 4 scrolls of identify.
  5671 | D:7      | 5671 ||| IDENTIFYING metallic emerald potion
  5690 | D:8      | 5690 ||| INVOKING Heroism.
  5698 | D:8      | Noticed Joseph
  5720 | D:8      | 5720 ||| INVOKING Heroism.
  5731 | D:8      | Killed Joseph
  5731 | D:8      | Reached ** piety under Okawaru
  5732 | D:8      | Reached skill level 6 in Shields
  5814 | D:8      | 5814 ||| READING scroll of enchant weapon.
  5814 | D:8      | 5814 ||| ENCHANTING +0 vampiric war axe.
  5859 | D:8      | 5859 ||| Stepping ~*~*~tactically~*~*~ (stealth).
  5964 | D:8      | 5964 ||| READING scroll of enchant weapon.
  5964 | D:8      | 5964 ||| ENCHANTING +1 vampiric war axe.
  6030 | D:8      | Found Unuykinnol's Assorted Antiques.
  6035 | D:8      | 6035 ||| BUYING potion of curing (72 gold).
  6035 | D:8      | Bought a potion of curing for 72 gold pieces
  6035 | D:8      | 6035 ||| BUYING potion of mutation (192 gold).
  6035 | D:8      | Bought a potion of mutation for 192 gold pieces
  6035 | D:8      | 6035 ||| SHOPLISTING runed scarf (192 gold, have 97).
  6035 | D:8      | 6035 ||| BUYING scroll of teleportation (72 gold).
  6035 | D:8      | Bought a scroll of teleportation for 72 gold pieces
  6046 | D:8      | 6046 ||| Stepping ~*~*~tactically~*~*~ (hiding).
  6050 | D:8      | 6050 ||| INVOKING Heroism.
  6055 | D:8      | Noticed a boulder beetle
  6056 | D:8      | 6056 ||| Stepping ~*~*~tactically~*~*~ (stealth).
  6058 | D:8      | 6058 ||| Stepping ~*~*~tactically~*~*~ (stealth).
  6059 | D:8      | 6059 ||| Stepping ~*~*~tactically~*~*~ (stealth).
  6067 | D:8      | 6067 ||| INVOKING Heroism.
  6074 | D:8      | Killed a boulder beetle
  6075 | D:8      | Reached skill level 9 in Shields
  6075 | D:8      | Reached XP level 10. HP: 54/60 MP: 13/13
  6174 | D:8      | Noticed a kobold demonologist
  6177 | D:8      | 6177 ||| Stepping ~*~*~tactically~*~*~ (hiding).
  6178 | D:8      | 6178 ||| Stepping ~*~*~tactically~*~*~ (hiding).
  6182 | D:8      | 6182 ||| Stepping ~*~*~tactically~*~*~ (hiding).
  6190 | D:8      | Killed a kobold demonologist
  6191 | D:8      | Reached skill level 9 in Axes
  6193 | D:8      | Reached *** piety under Okawaru
  6781 | D:8      | 6781 ||| UPGRADING to +0 cloak.
  6786 | D:8      | 6786 ||| READING scroll labelled TOUQUI HIUNI.
  6786 | D:8      | Identified a scroll of acquirement
  6786 | D:8      | 6786 ||| ACQUIRING +0 tower shield "Kalui" {-Tele rElec
                  | rCorr}
  6786 | D:8      | Acquired the +0 tower shield "Kalui" {-Tele rElec rCorr}
  6821 | D:9      | Found a staircase to the Orcish Mines.
  6847 | D:9      | 6847 ||| INVOKING Heroism.
  6847 | D:9      | Noticed Grum
  6860 | D:9      | 6860 ||| INVOKING Heroism.
  6895 | D:9      | 6895 ||| INVOKING Heroism.
  6900 | D:9      | Killed Grum
  6982 | D:9      | Noticed a manticore
  6984 | D:9      | 6984 ||| INVOKING Heroism.
  6987 | D:9      | Noticed a manticore
  6991 | D:9      | Killed a manticore
  6991 | D:9      | Reached **** piety under Okawaru
  7000 | D:9      | 7000 ||| INVOKING Heroism.
  7004 | D:9      | Killed a manticore
  7005 | D:9      | Reached XP level 11. HP: 68/68 MP: 14/14
  7043 | D:9      | 7043 ||| INVOKING Heroism.
  7056 | D:9      | 7056 ||| INVOKING Heroism.
  7097 | D:9      | 7097 ||| INVOKING Heroism.
  7118 | D:9      | Found a white marble altar of Elyvilon.
  7140 | D:9      | 7140 ||| Stepping ~*~*~tactically~*~*~ (hiding).
  7157 | D:9      | 7157 ||| INVOKING Heroism.
  7223 | D:9      | Found a staircase to the Lair.
  7258 | D:9      | Reached skill level 3 in Throwing
  7394 | D:9      | 7394 ||| INVOKING Heroism.
  7449 | D:9      | 7449 ||| INVOKING Heroism.
  7546 | D:9      | 7546 ||| INVOKING Heroism.
  7574 | D:9      | Noticed a two-headed ogre
  7575 | D:9      | 7575 ||| INVOKING Heroism.
  7585 | D:9      | Killed a two-headed ogre
  7597 | D:9      | 7597 ||| INVOKING Heroism.
  7717 | D:9      | 7717 ||| Stepping ~*~*~tactically~*~*~ (stealth).
  7723 | D:9      | 7723 ||| Stepping ~*~*~tactically~*~*~ (stealth).
  7725 | D:9      | 7725 ||| Stepping ~*~*~tactically~*~*~ (hiding).
  7729 | D:9      | 7729 ||| INVOKING Heroism.
  7789 | D:9      | 7789 ||| INVOKING Heroism.
  7887 | D:9      | 7887 ||| INVOKING Heroism.
  7954 | D:9      | Reached skill level 6 in Armour
  8065 | D:9      | 8065 ||| Stepping ~*~*~tactically~*~*~ (hiding).
  8066 | D:9      | 8066 ||| Stepping ~*~*~tactically~*~*~ (hiding).
  8148 | D:9      | 8148 ||| INVOKING Heroism.
  8161 | D:9      | Noticed a two-headed ogre
  8172 | D:9      | Killed a two-headed ogre
  8213 | D:9      | 8213 ||| READING scroll of enchant weapon.
  8213 | D:9      | 8213 ||| ENCHANTING +2 vampiric war axe.
  8337 | D:9      | 8337 ||| Stepping ~*~*~tactically~*~*~ (hiding).
  8373 | D:9      | 8373 ||| PLANNING LAIR
  8373 | D:9      | 8373 ||| READING scroll labelled QISILO XOTH.
  8374 | D:9      | 8374 ||| READING scroll labelled TOGGENNYIME.
  8375 | D:9      | 8375 ||| READING 3 scrolls of identify.
  8375 | D:9      | 8375 ||| IDENTIFYING bubbling brown potion
  8450 | Lair:1   | Entered Level 1 of the Lair of Beasts
  8458 | Lair:1   | 8458 ||| Stepping ~*~*~tactically~*~*~ (stealth).
  8480 | Lair:1   | Reached skill level 3 in Dodging
  8496 | Lair:1   | 8496 ||| Stepping ~*~*~tactically~*~*~ (stealth).
  8509 | Lair:1   | Reached ***** piety under Okawaru
  8562 | Lair:1   | Found a transporter.
  8563 | Lair:1   | Found a transporter.
  8563 | Lair:1   | Noticed a boulder beetle
  8582 | Lair:1   | Received a gift from Okawaru
  8583 | Lair:1   | Reached skill level 6 in Invocations
  8621 | Lair:1   | 8621 ||| INVOKING Heroism.
  8630 | Lair:1   | Reached XP level 12. HP: 72/75 MP: 16/16
  8830 | Lair:1   | 8830 ||| READING 3 scrolls of identify.
  8830 | Lair:1   | 8830 ||| IDENTIFYING murky clear potion
  8831 | Lair:1   | 8831 ||| DROPPING potion of degeneration.
  8867 | Lair:2   | 8867 ||| READING scroll of enchant weapon.
  8867 | Lair:2   | 8867 ||| ENCHANTING +3 vampiric war axe.
  8879 | Lair:2   | 8879 ||| Stepping ~*~*~tactically~*~*~ (stealth).
  8880 | Lair:2   | 8880 ||| INVOKING Heroism.
  8897 | Lair:2   | Reached skill level 9 in Fighting
  8904 | Lair:2   | 8904 ||| Stepping ~*~*~tactically~*~*~ (stealth).
  8906 | Lair:2   | 8906 ||| INVOKING Heroism.
  9035 | Lair:2   | Found a staircase to the Shoals.
  9213 | Lair:2   | Noticed Maggie
  9218 | Lair:2   | Noticed a seven-headed hydra
  9219 | Lair:2   | 9219 ||| INVOKING Heroism.
  9220 | Lair:2   | 9220 ||| INVOKING Finesse.
  9228 | Lair:2   | Killed Maggie
  9230 | Lair:2   | 9230 ||| SWAPPING to +0 morningstar.
  9240 | Lair:2   | Killed a seven-headed hydra
  9241 | Lair:2   | 9241 ||| SWAPPING to +4 vampiric war axe.
  9494 | Lair:2   | 9494 ||| INVOKING Heroism.
  9879 | Lair:2   | 9879 ||| UPGRADING to scarf of repulsion.
  9931 | Lair:3   | Reached skill level 9 in Invocations
  9949 | Lair:3   | Noticed Sonja
  9950 | Lair:3   | 9950 ||| Stepping ~*~*~tactically~*~*~ (hiding).
  9956 | Lair:3   | 9956 ||| INVOKING Finesse.
  9959 | Lair:3   | 9959 ||| INVOKING Heroism.
  9961 | Lair:3   | Reached skill level 12 in Axes
  9984 | Lair:3   | 9984 ||| INVOKING Heroism.
 10037 | Lair:3   | Killed Sonja
 10044 | Lair:3   | 10044 ||| Stepping ~*~*~tactically~*~*~ (hiding).
 10045 | Lair:3   | 10045 ||| Stepping ~*~*~tactically~*~*~ (hiding).
 10175 | Lair:3   | Found a hole to the Spider Nest.
 10225 | Lair:3   | 10225 ||| INVOKING Heroism.
 10256 | Lair:3   | 10256 ||| Stepping ~*~*~tactically~*~*~ (stealth).
 10259 | Lair:3   | 10259 ||| INVOKING Heroism.
 10286 | Lair:3   | Received a gift from Okawaru
 10336 | Lair:3   | 10336 ||| INVOKING Heroism.
 10364 | Lair:3   | Reached XP level 13. HP: 82/82 MP: 20/20
 10408 | Lair:3   | 10408 ||| INVOKING Heroism.
 10414 | Lair:3   | Received a gift from Okawaru
 10477 | Lair:3   | 10477 ||| INVOKING Heroism.
 10629 | Lair:3   | 10629 ||| Stepping ~*~*~tactically~*~*~ (stealth).
 11116 | Lair:3   | 11116 ||| UPGRADING to +0 tower shield.
 11126 | Lair:3   | 11126 ||| DROPPING +0 kite shield.
 11127 | Lair:3   | 11127 ||| DROPPING ring of flight.
 11128 | Lair:3   | 11128 ||| READING scroll labelled QETUD QIFUKLAOB.
 11159 | Lair:4   | 11159 ||| INVOKING Heroism.
 11188 | Lair:4   | Found a transporter.
 11190 | Lair:4   | Noticed Fifowuza's ghost (journeyman DrTm)
 11287 | Lair:4   | 11287 ||| INVOKING Heroism.
 11365 | Lair:4   | Found a staircase to the Slime Pits.
 11433 | Lair:4   | Found a transporter.
 11459 | Lair:4   | Reached skill level 12 in Shields
 11784 | Lair:4   | 11784 ||| Stepping ~*~*~tactically~*~*~ (hiding).
 11788 | Lair:4   | 11788 ||| INVOKING Heroism.
 11793 | Lair:4   | Identified the scarf of the Hall of Blades {repulsion,
                  | Contam rElec Will- Dex+8} (Okawaru gifted it to you on
                  | level 4 of the Lair of Beasts)
 11793 | Lair:4   | Received a gift from Okawaru
 11967 | Lair:4   | 11967 ||| UPGRADING to scarf of the Hall of Blades
                  | {repulsion, Contam rElec Will- Dex+8}.
 11977 | Lair:4   | 11977 ||| DROPPING scarf of repulsion.
 12013 | Lair:5   | Entered Level 5 of the Lair of Beasts
 12022 | Lair:5   | 12022 ||| STAIRDANCE
 12079 | Lair:5   | 12079 ||| Stepping ~*~*~tactically~*~*~ (stealth).
 12163 | Lair:5   | 12163 ||| Stepping ~*~*~tactically~*~*~ (stealth).
 12165 | Lair:5   | 12165 ||| Stepping ~*~*~tactically~*~*~ (stealth).
 12175 | Lair:5   | 12175 ||| Stepping ~*~*~tactically~*~*~ (stealth).
 12275 | Lair:5   | 12275 ||| Stepping ~*~*~tactically~*~*~ (stealth).
 12277 | Lair:5   | 12277 ||| Stepping ~*~*~tactically~*~*~ (stealth).
 12296 | Lair:5   | 12296 ||| INVOKING Heroism.
 12316 | Lair:5   | Gained mutation: Your large and strong wings let you fly.
                  | [Gargoyle growth]
 12316 | Lair:5   | Reached XP level 14. HP: 88/88 MP: 21/21
 12396 | Lair:5   | 12396 ||| Stepping ~*~*~tactically~*~*~ (hiding).
 12510 | Lair:5   | 12510 ||| INVOKING Heroism.
 12511 | Lair:5   | 12511 ||| INVOKING Finesse.
 12516 | Lair:5   | 12516 ||| SWAPPING to +0 morningstar.
 12518 | Lair:5   | 12518 ||| SWAPPING to +4 vampiric war axe.
 12565 | Lair:5   | 12565 ||| INVOKING Heroism.
 12566 | Lair:5   | 12566 ||| INVOKING Finesse.
 12582 | Lair:5   | Received a gift from Okawaru
 12615 | Lair:5   | 12615 ||| SWAPPING to +2 vampiric broad axe.
 12616 | Lair:5   | 12616 ||| DROPPING +4 vampiric war axe.
 12640 | Lair:5   | Reached skill level 15 in Shields
 12667 | Lair:5   | Identified the +1 ring mail "Jopn" {rElec rC- Int+6 SInv}
 12818 | Lair:5   | Found a runed translucent door.
 12820 | Lair:5   | 12820 ||| INVOKING Heroism.
 12849 | Lair:5   | 12849 ||| Stepping ~*~*~tactically~*~*~ (stealth).
 12860 | Lair:5   | 12860 ||| Stepping ~*~*~tactically~*~*~ (stealth).
 12866 | Lair:5   | 12866 ||| INVOKING Heroism.
 12879 | Lair:5   | 12879 ||| Stepping ~*~*~tactically~*~*~ (hiding).
 12933 | Lair:5   | 12933 ||| INVOKING Heroism.
 12966 | Lair:5   | 12966 ||| Stepping ~*~*~tactically~*~*~ (stealth).
 13193 | Lair:5   | 13193 ||| Stepping ~*~*~tactically~*~*~ (stealth).
 13233 | Lair:5   | 13233 ||| Stepping ~*~*~tactically~*~*~ (stealth).
 13235 | Lair:5   | 13235 ||| INVOKING Heroism.
 13517 | Lair:5   | 13517 ||| PLANNING D:1-11
 13517 | Lair:5   | 13517 ||| UPGRADING to amulet of the acrobat.
 13522 | Lair:5   | 13522 ||| UPGRADING to ring of protection from cold.
 13524 | Lair:5   | 13524 ||| READING scroll labelled SODUIMM ZYMOIT.
 13675 | D:10     | Entered Level 10 of the Dungeon
 13741 | D:10     | 13741 ||| Stepping ~*~*~tactically~*~*~ (stealth).
 13929 | D:10     | Found a basalt altar of Yredelemnul.
 13959 | D:10     | 13959 ||| DRINKING 2 fuming blue potions.
 13973 | D:10     | 13973 ||| INVOKING Heroism.
 13973 | D:10     | HP: 22/88 [white ugly thing (5)]
 13974 | D:10     | 13974 ||| READING 7 scrolls of teleportation.
 13974 | D:10     | HP: 9/88 [white ugly thing (4)]
 13974 | D:10     | HP: 1/88 [white ugly thing (8)]
 13975 | D:10     | 13975 ||| DRINKING 4 potions of heal wounds.
 14029 | D:10     | 14029 ||| INVOKING Heroism.
 14086 | D:10     | 14086 ||| Stepping randomly (disturbance).
 14087 | D:10     | 14087 ||| Stepping randomly (disturbance).
 14088 | D:10     | 14088 ||| Stepping randomly (disturbance).
 14200 | D:10     | 14200 ||| Stepping ~*~*~tactically~*~*~ (hiding).
 14564 | D:10     | 14564 ||| DROPPING +6 ring of intelligence.
 14565 | D:10     | 14565 ||| DROPPING potion of berserk rage.
 14639 | D:11     | Found a frozen archway.
 14883 | D:11     | 14883 ||| INVOKING Heroism.
 15449 | D:11     | 15449 ||| PLANNING D
 15449 | D:11     | 15449 ||| DRINKING 2 white potions.
 15562 | D:12     | 15562 ||| Stepping ~*~*~tactically~*~*~ (stealth).
 15563 | D:12     | 15563 ||| Stepping ~*~*~tactically~*~*~ (stealth).
 15602 | D:12     | 15602 ||| INVOKING Heroism.
 15636 | D:12     | 15636 ||| Stepping ~*~*~tactically~*~*~ (stealth).
 15651 | D:12     | Identified the +4 battleaxe of Pantheism {heavy, rC- Str+2
                  | Dex+3} (Okawaru gifted it to you on level 12 of the
                  | Dungeon)
 15651 | D:12     | Received a gift from Okawaru
 15819 | D:12     | 15819 ||| Stepping ~*~*~tactically~*~*~ (hiding).
 15821 | D:12     | 15821 ||| Stepping ~*~*~tactically~*~*~ (hiding).
 15822 | D:12     | 15822 ||| Stepping ~*~*~tactically~*~*~ (hiding).
 16045 | D:12     | Found the +4 skin of Zhor {*Englaciate rC+++ SInv}
 16407 | D:12     | 16407 ||| Stepping ~*~*~tactically~*~*~ (hiding).
 16765 | D:13     | Identified the +1 scale mail "Dineecso" {rF+ Int+5}
 16874 | D:13     | Reached XP level 15. HP: 85/94 MP: 22/22
 16956 | D:13     | 16956 ||| Stepping ~*~*~tactically~*~*~ (stealth).
 16960 | D:13     | 16960 ||| READING 8 scrolls of teleportation.
 16961 | D:13     | 16961 ||| INVOKING Heroism.
 17029 | D:13     | 17029 ||| INVOKING Heroism.
 17074 | D:13     | Found a shimmering blue altar of Sif Muna.
 17133 | D:13     | 17133 ||| Stepping ~*~*~tactically~*~*~ (stealth).
 17135 | D:13     | 17135 ||| Stepping ~*~*~tactically~*~*~ (stealth).
 17137 | D:13     | 17137 ||| Stepping ~*~*~tactically~*~*~ (hiding).
 17140 | D:13     | 17140 ||| Stepping ~*~*~tactically~*~*~ (hiding).
 17141 | D:13     | 17141 ||| Stepping ~*~*~tactically~*~*~ (hiding).
 17143 | D:13     | 17143 ||| INVOKING Heroism.
 17180 | D:13     | 17180 ||| Stepping ~*~*~tactically~*~*~ (stealth).
 17182 | D:13     | 17182 ||| Stepping ~*~*~tactically~*~*~ (hiding).
 17208 | D:13     | 17208 ||| INVOKING Heroism.
 17227 | D:13     | Received a gift from Okawaru
 17231 | D:13     | 17231 ||| Stepping ~*~*~tactically~*~*~ (hiding).
 17232 | D:13     | 17232 ||| Stepping ~*~*~tactically~*~*~ (hiding).
 17251 | D:13     | 17251 ||| Stepping ~*~*~tactically~*~*~ (stealth).
 17254 | D:13     | 17254 ||| Stepping ~*~*~tactically~*~*~ (stealth).
 17259 | D:13     | 17259 ||| Stepping ~*~*~tactically~*~*~ (stealth).
 17261 | D:13     | 17261 ||| Stepping ~*~*~tactically~*~*~ (stealth).
 17275 | D:13     | Found a gate to the Vaults.
 17317 | D:13     | 17317 ||| Stepping ~*~*~tactically~*~*~ (stealth).
 17318 | D:13     | 17318 ||| Stepping ~*~*~tactically~*~*~ (stealth).
 17591 | D:13     | 17591 ||| DROPPING scarf of shadows.
 17650 | D:14     | 17650 ||| Stepping ~*~*~tactically~*~*~ (hiding).
 17710 | D:14     | 17710 ||| Stepping ~*~*~tactically~*~*~ (hiding).
 17780 | D:14     | Noticed Louise
 17781 | D:14     | 17781 ||| INVOKING Heroism.
 17782 | D:14     | 17782 ||| INVOKING Finesse.
 17803 | D:14     | Killed Louise
 17803 | D:14     | Received a gift from Okawaru
 17877 | D:14     | 17877 ||| DROPPING +0 morningstar.
 17904 | D:14     | 17904 ||| INVOKING Heroism.
 17905 | D:14     | 17905 ||| INVOKING Finesse.
 17909 | D:14     | 17909 ||| SWAPPING to +1 heavy morningstar.
 17911 | D:14     | 17911 ||| SWAPPING to +2 vampiric broad axe.
 18010 | D:14     | 18010 ||| Stepping ~*~*~tactically~*~*~ (hiding).
 18012 | D:14     | 18012 ||| Stepping ~*~*~tactically~*~*~ (hiding).
 18013 | D:14     | 18013 ||| Stepping ~*~*~tactically~*~*~ (hiding).
 18014 | D:14     | 18014 ||| Stepping ~*~*~tactically~*~*~ (hiding).
 18018 | D:14     | 18018 ||| Stepping ~*~*~tactically~*~*~ (hiding).
 18019 | D:14     | 18019 ||| Stepping ~*~*~tactically~*~*~ (hiding).
 18626 | D:14     | 18626 ||| Stepping ~*~*~tactically~*~*~ (hiding).
 18630 | D:14     | 18630 ||| Stepping ~*~*~tactically~*~*~ (hiding).
 18792 | D:15     | Entered Level 15 of the Dungeon
 18793 | D:15     | 18793 ||| INVOKING Heroism.
 18840 | D:15     | Noticed Agnes
 18841 | D:15     | 18841 ||| INVOKING Finesse.
 18847 | D:15     | 18847 ||| INVOKING Heroism.
 18851 | D:15     | Reached skill level 15 in Axes
 18860 | D:15     | Killed Agnes
 18945 | D:15     | 18945 ||| Stepping ~*~*~tactically~*~*~ (stealth).
 19084 | D:15     | Identified the +0 pair of boots of Suepap {Harm rPois
                  | Str+3} (Okawaru gifted it to you on level 15 of the
                  | Dungeon)
 19084 | D:15     | Received a gift from Okawaru
 19113 | D:15     | 19113 ||| Stepping ~*~*~tactically~*~*~ (stealth).
 19114 | D:15     | 19114 ||| Stepping ~*~*~tactically~*~*~ (stealth).
 19119 | D:15     | 19119 ||| Stepping ~*~*~tactically~*~*~ (stealth).
 19293 | D:15     | 19293 ||| Stepping ~*~*~tactically~*~*~ (hiding).
 19302 | D:15     | Reached skill level 6 in Throwing
 19445 | D:15     | 19445 ||| Stepping ~*~*~tactically~*~*~ (hiding).
 19446 | D:15     | 19446 ||| Stepping ~*~*~tactically~*~*~ (hiding).
 19447 | D:15     | 19447 ||| Stepping ~*~*~tactically~*~*~ (hiding).
 19448 | D:15     | 19448 ||| Stepping ~*~*~tactically~*~*~ (hiding).
 19516 | D:15     | Reached skill level 12 in Fighting
 19519 | D:15     | 19519 ||| INVOKING Heroism.
 19559 | D:15     | Found a staircase to the Depths.
 19809 | D:15     | 19809 ||| PLANNING ORC
 19809 | D:15     | 19809 ||| UPGRADING to +0 pair of boots.
 19987 | Orc:1    | Entered Level 1 of the Orcish Mines
 20074 | Orc:1    | 20074 ||| Stepping ~*~*~tactically~*~*~ (hiding).
 20109 | Orc:1    | 20109 ||| Stepping ~*~*~tactically~*~*~ (hiding).
 20111 | Orc:1    | 20111 ||| Stepping ~*~*~tactically~*~*~ (hiding).
 20184 | Orc:1    | 20184 ||| Stepping ~*~*~tactically~*~*~ (stealth).
 20266 | Orc:1    | 20266 ||| INVOKING Heroism.
 20301 | Orc:1    | Reached skill level 9 in Armour
 20303 | Orc:1    | Reached XP level 16. HP: 101/101 MP: 23/23
 20303 | Orc:1    | 20303 ||| Stepping ~*~*~tactically~*~*~ (hiding).
 20385 | Orc:1    | 20385 ||| Stepping ~*~*~tactically~*~*~ (hiding).
 20387 | Orc:1    | 20387 ||| Stepping ~*~*~tactically~*~*~ (hiding).
 20388 | Orc:1    | 20388 ||| Stepping ~*~*~tactically~*~*~ (hiding).
 20389 | Orc:1    | 20389 ||| Stepping ~*~*~tactically~*~*~ (hiding).
 20392 | Orc:1    | 20392 ||| INVOKING Heroism.
 20439 | Orc:1    | Identified the +11 trident "Ompor" {pain, rElec Will+}
 20441 | Orc:1    | Identified the +7 war axe of Kiutzeis {vamp, +Blink rF+
                  | Int+2 Stlth+}
 20443 | Orc:1    | Identified the +12 mace "Plog" {heavy, rC- Int+3 SInv}
 20511 | Orc:1    | 20511 ||| Stepping ~*~*~tactically~*~*~ (stealth).
 20689 | Orc:1    | 20689 ||| Stepping ~*~*~tactically~*~*~ (hiding).
 20694 | Orc:1    | 20694 ||| Stepping ~*~*~tactically~*~*~ (hiding).
 20695 | Orc:1    | 20695 ||| Stepping ~*~*~tactically~*~*~ (hiding).
 20698 | Orc:1    | 20698 ||| Stepping ~*~*~tactically~*~*~ (hiding).
 20841 | Orc:1    | 20841 ||| Stepping ~*~*~tactically~*~*~ (hiding).
 20842 | Orc:1    | 20842 ||| Stepping ~*~*~tactically~*~*~ (hiding).
 20986 | Orc:1    | Noticed Jorgrun
 20987 | Orc:1    | 20987 ||| Stepping ~*~*~tactically~*~*~ (hiding).
 20990 | Orc:1    | 20990 ||| INVOKING Heroism.
 21010 | Orc:1    | Killed Jorgrun
 21154 | Orc:1    | Noticed Urug
 21155 | Orc:1    | 21155 ||| INVOKING Heroism.
 21163 | Orc:1    | Killed Urug
 21167 | Orc:1    | 21167 ||| DROPPING +1 heavy morningstar.
 21205 | Orc:2    | Entered Level 2 of the Orcish Mines
 21642 | Orc:2    | Found Dovea's Jewellery Shoppe.
 21668 | Orc:2    | 21668 ||| BUYING +5 ring of evasion (540 gold).
 21668 | Orc:2    | Bought a +5 ring of evasion for 540 gold pieces
 21668 | Orc:2    | 21668 ||| BUYING ring of protection from fire (375 gold).
 21668 | Orc:2    | Bought a ring of protection from fire for 375 gold pieces
 21668 | Orc:2    | 21668 ||| BUYING ring of protection from fire (375 gold).
 21668 | Orc:2    | Bought a ring of protection from fire for 375 gold pieces
 21680 | Orc:2    | 21680 ||| DROPPING +6 ring of dexterity.
 21681 | Orc:2    | 21681 ||| UPGRADING to +5 ring of evasion.
 21750 | Orc:2    | Found a staircase to the Elven Halls.
 21864 | Orc:2    | 21864 ||| Stepping ~*~*~tactically~*~*~ (hiding).
 21876 | Orc:2    | 21876 ||| INVOKING Heroism.
 21890 | Orc:2    | Found Utebuho's Book Shoppe.
 21960 | Orc:2    | 21960 ||| INVOKING Heroism.
 21997 | Orc:2    | Found Upsetid's Antique Armour Emporium.
 22001 | Orc:2    | Found Heblev Judys's Antique Weapon Shoppe.
 22020 | Orc:2    | 22020 ||| BUYING pair of glowing boots (247 gold).
 22020 | Orc:2    | Bought a pair of glowing boots for 247 gold pieces
 22243 | Orc:2    | 22243 ||| PLANNING SHOALS:1-3
 22243 | Orc:2    | 22243 ||| DROPPING +0 pair of boots of Suepap {Harm rPois
                  | Str+3}.
 22244 | Orc:2    | 22244 ||| UPGRADING to +2 pair of boots of stealth.
 22254 | Orc:2    | 22254 ||| DROPPING +0 pair of boots.
 22471 | Shoals:1 | Entered Level 1 of the Shoals
 22491 | Shoals:1 | 22491 ||| INVOKING Heroism.
 22524 | Shoals:1 | 22524 ||| INVOKING Heroism.
 22924 | Shoals:1 | 22924 ||| INVOKING Heroism.
 23365 | Shoals:1 | 23365 ||| Stepping ~*~*~tactically~*~*~ (stealth).
 23366 | Shoals:1 | 23366 ||| Stepping ~*~*~tactically~*~*~ (stealth).
 23368 | Shoals:1 | 23368 ||| Stepping ~*~*~tactically~*~*~ (hiding).
 23479 | Shoals:1 | 23479 ||| DROPPING scarf of invisibility.
 23690 | Shoals:2 | 23690 ||| READING scroll of acquirement.
 23690 | Shoals:2 | 23690 ||| ACQUIRING +6 kite shield of Juyfa {Drain rPois
                  | rC++}
 23690 | Shoals:2 | Acquired the +6 kite shield of Juyfa {Drain rPois rC++}
 23929 | Shoals:2 | Noticed Polyphemus
 23930 | Shoals:2 | 23930 ||| INVOKING Heroism.
 23931 | Shoals:2 | 23931 ||| INVOKING Finesse.
 23960 | Shoals:2 | Killed Polyphemus
 24015 | Shoals:2 | 24015 ||| INVOKING Heroism.
 24021 | Shoals:2 | 24021 ||| Stepping ~*~*~tactically~*~*~ (hiding).
 24022 | Shoals:2 | 24022 ||| Stepping ~*~*~tactically~*~*~ (hiding).
 24234 | Shoals:2 | 24234 ||| Stepping ~*~*~tactically~*~*~ (hiding).
 24342 | Shoals:3 | 24342 ||| INVOKING Heroism.
 24394 | Shoals:3 | 24394 ||| Stepping ~*~*~tactically~*~*~ (stealth).
 24412 | Shoals:3 | Noticed Bai Suzhen
 24413 | Shoals:3 | 24413 ||| INVOKING Heroism.
 24422 | Shoals:3 | 24422 ||| SWAPPING to +1 eveningstar of draining.
 24427 | Shoals:3 | 24427 ||| SWAPPING to +2 vampiric broad axe.
 24435 | Shoals:3 | Killed Bai Suzhen
 24457 | Shoals:3 | 24457 ||| INVOKING Heroism.
 24576 | Shoals:3 | 24576 ||| INVOKING Heroism.
 24577 | Shoals:3 | 24577 ||| INVOKING Finesse.
 24581 | Shoals:3 | Identified the +1 rapier of Niympudi {flame, rElec rF-
                  | Will- rCorr}
 24602 | Shoals:3 | Reached XP level 17. HP: 92/108 MP: 24/24
 24740 | Shoals:3 | 24740 ||| INVOKING Heroism.
 24782 | Shoals:3 | 24782 ||| INVOKING Heroism.
 24812 | Shoals:3 | 24812 ||| INVOKING Heroism.
 24920 | Shoals:3 | 24920 ||| INVOKING Heroism.
 24947 | Shoals:3 | 24947 ||| READING scroll of enchant weapon.
 24947 | Shoals:3 | 24947 ||| ENCHANTING +2 vampiric broad axe.
 25010 | Shoals:3 | Identified the +5 scale mail "Poqehoz" {Harm rC+}
 25196 | Shoals:3 | 25196 ||| PLANNING SPIDER:1-3
 25196 | Shoals:3 | 25196 ||| DROPPING +6 ring of strength.
 25355 | Spider:1 | Entered Level 1 of the Spider Nest
 25374 | Spider:1 | Noticed Asterion
 25375 | Spider:1 | 25375 ||| Stepping ~*~*~tactically~*~*~ (hiding).
 25376 | Spider:1 | 25376 ||| Stepping ~*~*~tactically~*~*~ (hiding).
 25380 | Spider:1 | 25380 ||| INVOKING Heroism.
 25395 | Spider:1 | Killed Asterion
 25572 | Spider:1 | 25572 ||| INVOKING Heroism.
 25609 | Spider:1 | Received a gift from Okawaru
 25796 | Spider:1 | 25796 ||| Stepping ~*~*~tactically~*~*~ (stealth).
 25797 | Spider:1 | 25797 ||| Stepping ~*~*~tactically~*~*~ (stealth).
 26192 | Spider:1 | 26192 ||| Stepping ~*~*~tactically~*~*~ (hiding).
 26212 | Spider:1 | 26212 ||| INVOKING Heroism.
 26438 | Spider:2 | 26438 ||| Stepping ~*~*~tactically~*~*~ (stealth).
 26439 | Spider:2 | 26439 ||| Stepping ~*~*~tactically~*~*~ (stealth).
 26446 | Spider:2 | 26446 ||| Stepping ~*~*~tactically~*~*~ (stealth).
 26500 | Spider:2 | 26500 ||| Stepping ~*~*~tactically~*~*~ (hiding).
 26505 | Spider:2 | 26505 ||| DRINKING 15 potions of curing.
 26505 | Spider:2 | 26505 ||| (to cure confusion)
 26825 | Spider:2 | 26825 ||| Stepping ~*~*~tactically~*~*~ (hiding).
 26837 | Spider:2 | 26837 ||| INVOKING Heroism.
 26840 | Spider:2 | Received a gift from Okawaru
 27060 | Spider:2 | Reached skill level 6 in Dodging
 27489 | Spider:2 | 27489 ||| Stepping ~*~*~tactically~*~*~ (hiding).
 27623 | Spider:2 | 27623 ||| DRINKING 3 potions of cancellation.
 27901 | Spider:2 | 27901 ||| Stepping ~*~*~tactically~*~*~ (stealth).
 27954 | Spider:2 | 27954 ||| INVOKING Finesse.
 27960 | Spider:2 | Received a gift from Okawaru
 28412 | Spider:3 | 28412 ||| Stepping ~*~*~tactically~*~*~ (stealth).
 28413 | Spider:3 | 28413 ||| INVOKING Heroism.
 28448 | Spider:3 | Noticed Donald
 28463 | Spider:3 | Killed Donald
 28468 | Spider:3 | HP: 11/108 [disintegration[a jorogumo] (45)]
 28469 | Spider:3 | 28469 ||| READING 8 scrolls of teleportation.
 28469 | Spider:3 | HP: 3/108 [demonic crawler (8)]
 28470 | Spider:3 | 28470 ||| DRINKING 5 potions of heal wounds.
 28484 | Spider:3 | 28484 ||| INVOKING Heroism.
 28495 | Spider:3 | 28495 ||| Stepping ~*~*~tactically~*~*~ (stealth).
 28803 | Spider:3 | 28803 ||| Stepping ~*~*~tactically~*~*~ (stealth).
 28811 | Spider:3 | 28811 ||| Stepping ~*~*~tactically~*~*~ (hiding).
 28900 | Spider:3 | Identified the amulet "Yrustry" {RegenMP -Tele rN++}
 28964 | Spider:3 | Identified the +2 helmet of Limited Liability {rF+ Slay+2}
                  | (Okawaru gifted it to you on level 3 of the Spider Nest)
 28964 | Spider:3 | Received a gift from Okawaru
 29010 | Spider:3 | Reached skill level 18 in Axes
 29188 | Spider:3 | 29188 ||| Stepping ~*~*~tactically~*~*~ (hiding).
 29189 | Spider:3 | 29189 ||| Stepping ~*~*~tactically~*~*~ (hiding).
 29193 | Spider:3 | 29193 ||| INVOKING Finesse.
 29377 | Spider:3 | 29377 ||| PLANNING SHOALS:4
 29377 | Spider:3 | 29377 ||| UPGRADING to +2 helmet of Limited Liability {rF+
                  | Slay+2}.
 29387 | Spider:3 | 29387 ||| DROPPING +0 helmet.
 29581 | Shoals:4 | Entered Level 4 of the Shoals
 29601 | Shoals:4 | 29601 ||| Stepping ~*~*~tactically~*~*~ (hiding).
 29606 | Shoals:4 | 29606 ||| Stepping ~*~*~tactically~*~*~ (hiding).
 29608 | Shoals:4 | 29608 ||| INVOKING Heroism.
 29661 | Shoals:4 | 29661 ||| INVOKING Heroism.
 29699 | Shoals:4 | 29699 ||| Stepping ~*~*~tactically~*~*~ (stealth).
 29703 | Shoals:4 | 29703 ||| INVOKING Heroism.
 29716 | Shoals:4 | Reached XP level 18. HP: 112/116 MP: 25/25
 29729 | Shoals:4 | 29729 ||| DROPPING +1 eveningstar of draining.
 29738 | Shoals:4 | 29738 ||| Stepping ~*~*~tactically~*~*~ (hiding).
 29783 | Shoals:4 | 29783 ||| Stepping ~*~*~tactically~*~*~ (stealth).
 29784 | Shoals:4 | 29784 ||| Stepping ~*~*~tactically~*~*~ (stealth).
 29785 | Shoals:4 | 29785 ||| Stepping ~*~*~tactically~*~*~ (hiding).
 29786 | Shoals:4 | 29786 ||| Stepping ~*~*~tactically~*~*~ (hiding).
 29788 | Shoals:4 | 29788 ||| Stepping ~*~*~tactically~*~*~ (hiding).
 29791 | Shoals:4 | 29791 ||| INVOKING Heroism.
 29814 | Shoals:4 | 29814 ||| Stepping ~*~*~tactically~*~*~ (hiding).
 29828 | Shoals:4 | Noticed a titan
 29839 | Shoals:4 | 29839 ||| INVOKING Heroism.
 29841 | Shoals:4 | Reached skill level 18 in Shields
 29847 | Shoals:4 | Killed a titan
 29880 | Shoals:4 | 29880 ||| Stepping ~*~*~tactically~*~*~ (hiding).
 29891 | Shoals:4 | 29891 ||| INVOKING Heroism.
 29943 | Shoals:4 | Got a barnacled rune of Zot
 29969 | Shoals:4 | 29969 ||| INVOKING Heroism.
 29987 | Shoals:4 | 29987 ||| Stepping ~*~*~tactically~*~*~ (stealth).
 29988 | Shoals:4 | 29988 ||| Stepping ~*~*~tactically~*~*~ (stealth).
 30011 | Shoals:4 | 30011 ||| Stepping ~*~*~tactically~*~*~ (stealth).
 30021 | Shoals:4 | 30021 ||| Stepping ~*~*~tactically~*~*~ (stealth).
 30022 | Shoals:4 | 30022 ||| Stepping ~*~*~tactically~*~*~ (stealth).
 30044 | Shoals:4 | 30044 ||| INVOKING Heroism.
 30107 | Shoals:4 | Paralysed by an air elemental for 1 turns
 30110 | Shoals:4 | 30110 ||| INVOKING Heroism.
 30128 | Shoals:4 | 30128 ||| Stepping ~*~*~tactically~*~*~ (stealth).
 30130 | Shoals:4 | 30130 ||| Stepping ~*~*~tactically~*~*~ (stealth).
 30132 | Shoals:4 | 30132 ||| Stepping ~*~*~tactically~*~*~ (stealth).
 30134 | Shoals:4 | 30134 ||| Stepping ~*~*~tactically~*~*~ (stealth).
 30136 | Shoals:4 | 30136 ||| Stepping ~*~*~tactically~*~*~ (stealth).
 30138 | Shoals:4 | 30138 ||| Stepping ~*~*~tactically~*~*~ (stealth).
 30175 | Shoals:4 | Paralysed by an air elemental for 1 turns
 30200 | Shoals:4 | 30200 ||| Stepping ~*~*~tactically~*~*~ (hiding).
 30295 | Shoals:4 | 30295 ||| Stepping ~*~*~tactically~*~*~ (hiding).
 30296 | Shoals:4 | 30296 ||| Stepping ~*~*~tactically~*~*~ (hiding).
 30297 | Shoals:4 | 30297 ||| Stepping ~*~*~tactically~*~*~ (hiding).
 30298 | Shoals:4 | 30298 ||| Stepping ~*~*~tactically~*~*~ (hiding).
 30299 | Shoals:4 | 30299 ||| INVOKING Heroism.
 30340 | Shoals:4 | 30340 ||| INVOKING Heroism.
 30371 | Shoals:4 | 30371 ||| INVOKING Heroism.
 30443 | Shoals:4 | 30443 ||| INVOKING Heroism.
 30517 | Shoals:4 | Received a gift from Okawaru
 30743 | Shoals:4 | 30743 ||| Stepping ~*~*~tactically~*~*~ (hiding).
 30747 | Shoals:4 | 30747 ||| INVOKING Heroism.
 30751 | Shoals:4 | 30751 ||| Stepping ~*~*~tactically~*~*~ (hiding).
 30794 | Shoals:4 | 30794 ||| PLANNING VAULTS:1-4
 30794 | Shoals:4 | 30794 ||| READING 19 scrolls of identify.
 30794 | Shoals:4 | 30794 ||| IDENTIFYING cyan potion
 30795 | Shoals:4 | 30795 ||| DROPPING 47 boomerangs.
 30796 | Shoals:4 | 30796 ||| DROPPING 3 boomerangs of dispersal.
 30797 | Shoals:4 | 30797 ||| DROPPING 3 silver boomerangs.
 31053 | Vaults:1 | Entered Level 1 of the Vaults
 31098 | Vaults:1 | Identified the +11 rapier "Dokak" {flame, Fly rPois Str+4
                  | Int-3}
 31175 | Vaults:1 | 31175 ||| INVOKING Heroism.
 31223 | Vaults:1 | Reached skill level 15 in Fighting
 31373 | Vaults:1 | 31373 ||| INVOKING Heroism.
 31455 | Vaults:1 | 31455 ||| Stepping ~*~*~tactically~*~*~ (hiding).
 31706 | Vaults:1 | 31706 ||| Stepping ~*~*~tactically~*~*~ (hiding).
 31724 | Vaults:1 | 31724 ||| Stepping ~*~*~tactically~*~*~ (stealth).
 31770 | Vaults:1 | 31770 ||| INVOKING Heroism.
 32032 | Vaults:1 | 32032 ||| Stepping ~*~*~tactically~*~*~ (hiding).
 32033 | Vaults:1 | 32033 ||| Stepping ~*~*~tactically~*~*~ (hiding).
 32158 | Vaults:1 | 32158 ||| Stepping ~*~*~tactically~*~*~ (hiding).
 32161 | Vaults:1 | 32161 ||| Stepping ~*~*~tactically~*~*~ (hiding).
 32162 | Vaults:1 | 32162 ||| Stepping ~*~*~tactically~*~*~ (hiding).
 32163 | Vaults:1 | 32163 ||| Stepping ~*~*~tactically~*~*~ (hiding).
 32165 | Vaults:1 | 32165 ||| Stepping ~*~*~tactically~*~*~ (hiding).
 32166 | Vaults:1 | 32166 ||| Stepping ~*~*~tactically~*~*~ (hiding).
 32167 | Vaults:1 | 32167 ||| Stepping ~*~*~tactically~*~*~ (hiding).
 32168 | Vaults:1 | 32168 ||| Stepping ~*~*~tactically~*~*~ (hiding).
 32257 | Vaults:1 | 32257 ||| Stepping ~*~*~tactically~*~*~ (stealth).
 32260 | Vaults:1 | 32260 ||| Stepping ~*~*~tactically~*~*~ (stealth).
 32437 | Vaults:2 | 32437 ||| PLANNING BAZAAR
 32438 | Vaults:2 | 32438 ||| STAIRDANCE
 32544 | Vaults:2 | 32544 ||| INVOKING Heroism.
 32574 | Vaults:2 | Received a gift from Okawaru
 32769 | Vaults:2 | Noticed Boris
 32775 | Vaults:2 | Reached skill level 9 in Throwing
 32798 | Vaults:2 | Killed Boris
 32798 | Vaults:2 | Received a gift from Okawaru
 32928 | Vaults:2 | 32928 ||| Stepping ~*~*~tactically~*~*~ (stealth).
 32943 | Vaults:2 | Found Onyodgha's Antique Weapon Shop.
 32977 | Vaults:2 | 32977 ||| DRINKING 3 potions of cancellation.
 33022 | Vaults:2 | Found a flickering gateway to a bazaar.
 33030 | Bazaar   | Entered a bazaar
 33043 | Bazaar   | Found Icageqog's General Store.
 33048 | Bazaar   | Found Emisk's General Store.
 33050 | Bazaar   | 33050 ||| BUYING 2 potions of might (80 gold).
 33050 | Bazaar   | Bought 2 potions of might for 80 gold pieces
 33050 | Bazaar   | 33050 ||| BUYING potion of mutation (80 gold).
 33050 | Bazaar   | Bought a potion of mutation for 80 gold pieces
 33056 | Bazaar   | Found Ycwonur's Armour Shop.
 33058 | Bazaar   | 33058 ||| BUYING potion of curing (36 gold).
 33058 | Bazaar   | Bought a potion of curing for 36 gold pieces
 33063 | Bazaar   | Found Qeurrif's Antique Weapon Emporium.
 33064 | Bazaar   | 33064 ||| BUYING +0 pair of gloves (49 gold).
 33064 | Bazaar   | Bought a +0 pair of gloves for 49 gold pieces
 33064 | Bazaar   | 33064 ||| BUYING +1 pair of gloves (126 gold).
 33064 | Bazaar   | Bought a +1 pair of gloves for 126 gold pieces
 33071 | Bazaar   | 33071 ||| UPGRADING to +0 pair of gloves.
 33076 | Bazaar   | 33076 ||| UPGRADING to +1 pair of gloves.
 33086 | Bazaar   | 33086 ||| DROPPING +0 pair of gloves.
 33115 | Vaults:2 | 33115 ||| PLANNING VAULTS:1-4
 33130 | Vaults:2 | 33130 ||| Stepping ~*~*~tactically~*~*~ (hiding).
 33131 | Vaults:2 | 33131 ||| Stepping ~*~*~tactically~*~*~ (hiding).
 33132 | Vaults:2 | 33132 ||| Stepping ~*~*~tactically~*~*~ (hiding).
 33133 | Vaults:2 | 33133 ||| Stepping ~*~*~tactically~*~*~ (hiding).
 33134 | Vaults:2 | 33134 ||| Stepping ~*~*~tactically~*~*~ (hiding).
 33144 | Vaults:2 | Reached XP level 19. HP: 123/124 MP: 26/26
 33230 | Vaults:2 | Received a gift from Okawaru
 33389 | Vaults:2 | 33389 ||| PLANNING VAULTS:1-4
 33403 | Vaults:2 | Reached skill level 12 in Armour
 33415 | Vaults:2 | 33415 ||| Stepping ~*~*~tactically~*~*~ (hiding).
 33492 | Vaults:2 | Received a gift from Okawaru
 33553 | Vaults:2 | Received a gift from Okawaru
 33580 | Vaults:2 | Found Egophues's Distillery.
 33591 | Vaults:2 | 33591 ||| BUYING 2 potions of might (152 gold).
 33591 | Vaults:2 | Bought 2 potions of might for 152 gold pieces
 33591 | Vaults:2 | 33591 ||| BUYING potion of curing (57 gold).
 33591 | Vaults:2 | Bought a potion of curing for 57 gold pieces
 33591 | Vaults:2 | 33591 ||| BUYING potion of curing (57 gold).
 33591 | Vaults:2 | Bought a potion of curing for 57 gold pieces
 33591 | Vaults:2 | 33591 ||| BUYING potion of curing (57 gold).
 33591 | Vaults:2 | Bought a potion of curing for 57 gold pieces
 33591 | Vaults:2 | 33591 ||| BUYING potion of heal wounds (95 gold).
 33591 | Vaults:2 | Bought a potion of heal wounds for 95 gold pieces
 33591 | Vaults:2 | 33591 ||| BUYING potion of heal wounds (95 gold).
 33591 | Vaults:2 | Bought a potion of heal wounds for 95 gold pieces
 33591 | Vaults:2 | 33591 ||| BUYING potion of mutation (152 gold).
 33591 | Vaults:2 | Bought a potion of mutation for 152 gold pieces
 33591 | Vaults:2 | 33591 ||| BUYING potion of mutation (152 gold).
 33591 | Vaults:2 | Bought a potion of mutation for 152 gold pieces
 33591 | Vaults:2 | 33591 ||| BUYING potion of resistance (190 gold).
 33591 | Vaults:2 | Bought a potion of resistance for 190 gold pieces
 33603 | Vaults:2 | 33603 ||| INVOKING Heroism.
 33668 | Vaults:2 | Found Erhoite's Magic Scroll Shop.
 33676 | Vaults:2 | 33676 ||| BUYING scroll of enchant weapon (105 gold).
 33676 | Vaults:2 | Bought a scroll of enchant weapon for 105 gold pieces
 33676 | Vaults:2 | 33676 ||| BUYING scroll of teleportation (42 gold).
 33676 | Vaults:2 | Bought a scroll of teleportation for 42 gold pieces
 33676 | Vaults:2 | 33676 ||| READING scroll of enchant weapon.
 33676 | Vaults:2 | 33676 ||| ENCHANTING +3 vampiric broad axe.
 33684 | Vaults:2 | 33684 ||| Stepping ~*~*~tactically~*~*~ (hiding).
 33687 | Vaults:2 | 33687 ||| INVOKING Heroism.
 33700 | Vaults:2 | 33700 ||| Stepping ~*~*~tactically~*~*~ (hiding).
 33719 | Vaults:2 | 33719 ||| PLANNING VAULTS:1-4
 33740 | Vaults:2 | 33740 ||| Stepping ~*~*~tactically~*~*~ (stealth).
 33803 | Vaults:2 | 33803 ||| Stepping ~*~*~tactically~*~*~ (hiding).
 33807 | Vaults:2 | 33807 ||| INVOKING Heroism.
 33809 | Vaults:2 | 33809 ||| INVOKING Finesse.
 33817 | Vaults:2 | Received a gift from Okawaru
 33840 | Vaults:2 | Found a runed translucent door.
 33896 | Vaults:2 | 33896 ||| INVOKING Heroism.
 33968 | Vaults:2 | 33968 ||| Stepping ~*~*~tactically~*~*~ (stealth).
 34218 | Vaults:3 | 34218 ||| READING scroll of enchant armour.
 34218 | Vaults:3 | 34218 ||| ENCHANTING +1 pair of gloves.
 34224 | Vaults:3 | Received a gift from Okawaru
 34286 | Vaults:3 | Received a gift from Okawaru
 34365 | Vaults:3 | Noticed Xtahua
 34366 | Vaults:3 | 34366 ||| Stepping ~*~*~tactically~*~*~ (hiding).
 34367 | Vaults:3 | 34367 ||| Stepping ~*~*~tactically~*~*~ (hiding).
 34369 | Vaults:3 | 34369 ||| Stepping ~*~*~tactically~*~*~ (hiding).
 34370 | Vaults:3 | 34370 ||| Stepping ~*~*~tactically~*~*~ (hiding).
 34371 | Vaults:3 | 34371 ||| DRINKING potion of resistance.
 34385 | Vaults:3 | Paralysed by Xtahua for 4 turns
 34396 | Vaults:3 | Killed Xtahua
 34396 | Vaults:3 | Identified the +1 pair of gloves of Fawieh {rF+ SInv
                  | Stlth+} (Okawaru gifted it to you on level 3 of the Vaults)
 34396 | Vaults:3 | Received a gift from Okawaru
 34561 | Vaults:3 | 34561 ||| READING scroll of enchant weapon.
 34561 | Vaults:3 | 34561 ||| ENCHANTING +4 vampiric broad axe.
 34570 | Vaults:3 | Found a staircase to the Crypt.
 34572 | Vaults:3 | 34572 ||| Stepping ~*~*~tactically~*~*~ (hiding).
 34591 | Vaults:3 | 34591 ||| INVOKING Heroism.
 34789 | Vaults:3 | 34789 ||| Stepping ~*~*~tactically~*~*~ (hiding).
 34790 | Vaults:3 | 34790 ||| Stepping ~*~*~tactically~*~*~ (hiding).
 34791 | Vaults:3 | 34791 ||| Stepping ~*~*~tactically~*~*~ (hiding).
 34896 | Vaults:3 | 34896 ||| INVOKING Heroism.
 34931 | Vaults:3 | 34931 ||| INVOKING Finesse.
 34948 | Vaults:3 | 34948 ||| PLANNING VAULTS:1-4
 35088 | Vaults:3 | 35088 ||| Stepping ~*~*~tactically~*~*~ (hiding).
 35089 | Vaults:3 | 35089 ||| Stepping ~*~*~tactically~*~*~ (hiding).
 35090 | Vaults:3 | 35090 ||| Stepping ~*~*~tactically~*~*~ (hiding).
 35093 | Vaults:3 | 35093 ||| INVOKING Heroism.
 35241 | Vaults:3 | 35241 ||| Stepping ~*~*~tactically~*~*~ (stealth).
 35243 | Vaults:3 | 35243 ||| Stepping ~*~*~tactically~*~*~ (stealth).
 35262 | Vaults:3 | Reached XP level 20. HP: 134/134 MP: 27/27
 35289 | Vaults:3 | 35289 ||| Stepping ~*~*~tactically~*~*~ (stealth).
 35291 | Vaults:3 | Noticed Boris
 35300 | Vaults:3 | 35300 ||| INVOKING Heroism.
 35317 | Vaults:3 | Killed Boris
 35328 | Vaults:3 | 35328 ||| Stepping ~*~*~tactically~*~*~ (stealth).
 35615 | Vaults:3 | Found Naleum's Antique Weapon Boutique.
 35672 | Vaults:3 | 35672 ||| Stepping ~*~*~tactically~*~*~ (hiding).
 35886 | Vaults:3 | Found a runed translucent door.
 36035 | Vaults:3 | Noticed dolemite99's ghost (veteran DrFE)
 36037 | Vaults:3 | 36037 ||| UPGRADING to +1 pair of gloves of Fawieh {rF+
                  | SInv Stlth+}.
 36085 | Vaults:4 | 36085 ||| PLANNING WIZLAB
 36094 | Vaults:4 | 36094 ||| STAIRDANCE
 36099 | Vaults:3 | 36099 ||| PLANNING D:1-11
 36583 | D:1      | 36583 ||| PLANNING LAIR
 36911 | Lair:5   | 36911 ||| PLANNING D:1-11
 37371 | D:11     | 37371 ||| PLANNING D
 37418 | D:15     | 37418 ||| PLANNING ORC
 37625 | Orc:2    | 37625 ||| PLANNING SPIDER:1-3
 37876 | Spider:3 | 37876 ||| PLANNING SHOALS:1-3
 38050 | Shoals:3 | 38050 ||| PLANNING SPIDER:4
 38229 | Spider:4 | Entered Level 4 of the Spider Nest
 38247 | Spider:4 | 38247 ||| Stepping ~*~*~tactically~*~*~ (hiding).
 38299 | Spider:4 | 38299 ||| INVOKING Heroism.
 38364 | Spider:4 | Received a gift from Okawaru
 38410 | Spider:4 | 38410 ||| Stepping ~*~*~tactically~*~*~ (stealth).
 38427 | Spider:4 | 38427 ||| Stepping ~*~*~tactically~*~*~ (stealth).
 38428 | Spider:4 | 38428 ||| Stepping ~*~*~tactically~*~*~ (stealth).
 38446 | Spider:4 | 38446 ||| INVOKING Finesse.
 38464 | Spider:4 | 38464 ||| DRINKING 2 potions of cancellation.
 38486 | Spider:4 | Received a gift from Okawaru
 38715 | Spider:4 | 38715 ||| Stepping ~*~*~tactically~*~*~ (stealth).
 38720 | Spider:4 | 38720 ||| Stepping ~*~*~tactically~*~*~ (stealth).
 38794 | Spider:4 | 38794 ||| INVOKING Finesse.
 39021 | Spider:4 | 39021 ||| Stepping ~*~*~tactically~*~*~ (stealth).
 39043 | Spider:4 | Reached skill level 18 in Fighting
 39218 | Spider:4 | Received a gift from Okawaru
 39236 | Spider:4 | 39236 ||| Stepping ~*~*~tactically~*~*~ (stealth).
 39425 | Spider:4 | 39425 ||| Stepping ~*~*~tactically~*~*~ (stealth).
 39426 | Spider:4 | 39426 ||| Stepping ~*~*~tactically~*~*~ (stealth).
 39765 | Spider:4 | Got a gossamer rune of Zot
 39863 | Spider:4 | 39863 ||| PLANNING VAULTS:1-4
 39863 | Spider:4 | 39863 ||| DROPPING scarf of shadows.
 39864 | Spider:4 | 39864 ||| DROPPING boomerang of dispersal.
 40429 | Vaults:4 | 40429 ||| RIP WIZLAB
 40440 | Vaults:4 | 40440 ||| Stepping ~*~*~tactically~*~*~ (hiding).
 40446 | Vaults:4 | 40446 ||| PLANNING VAULTS:1-4
 40460 | Vaults:4 | Received a gift from Okawaru
 40484 | Vaults:4 | 40484 ||| Stepping ~*~*~tactically~*~*~ (stealth).
 40486 | Vaults:4 | 40486 ||| Stepping ~*~*~tactically~*~*~ (hiding).
 40493 | Vaults:4 | Noticed Saint Roka
 40497 | Vaults:4 | 40497 ||| Stepping ~*~*~tactically~*~*~ (hiding).
 40521 | Vaults:4 | Killed Saint Roka
 40521 | Vaults:4 | Received a gift from Okawaru
 40551 | Vaults:4 | 40551 ||| Stepping ~*~*~tactically~*~*~ (stealth).
 40552 | Vaults:4 | 40552 ||| Stepping ~*~*~tactically~*~*~ (stealth).
 40554 | Vaults:4 | 40554 ||| Stepping ~*~*~tactically~*~*~ (hiding).
 40567 | Vaults:4 | Reached skill level 9 in Dodging
 40648 | Vaults:4 | 40648 ||| Stepping ~*~*~tactically~*~*~ (hiding).
 40659 | Vaults:4 | 40659 ||| Stepping ~*~*~tactically~*~*~ (hiding).
 40667 | Vaults:4 | Received a gift from Okawaru
 40891 | Vaults:4 | Found Ohilipn's Jewellery Shop.
 40900 | Vaults:4 | 40900 ||| SHOPLISTING amulet "Joesm" {Acrobat Int+2 Dex+2}
                  | (726 gold, have 394).
 40900 | Vaults:4 | 40900 ||| SHOPLISTING amulet of regeneration (480 gold,
                  | have 394).
 40900 | Vaults:4 | 40900 ||| SHOPLISTING ring "Qoohiduh" {rCorr Int+5 Dex+2}
                  | (667 gold, have 394).
 40900 | Vaults:4 | 40900 ||| SHOPLISTING ring of the Prince {Fire Will++ rCorr
                  | Int-4} (691 gold, have 394).
 40913 | Vaults:4 | 40913 ||| Stepping ~*~*~tactically~*~*~ (hiding).
 40921 | Vaults:4 | Received a gift from Okawaru
 40922 | Vaults:4 | 40922 ||| Stepping ~*~*~tactically~*~*~ (hiding).
 40923 | Vaults:4 | 40923 ||| Stepping ~*~*~tactically~*~*~ (hiding).
 40924 | Vaults:4 | 40924 ||| Stepping ~*~*~tactically~*~*~ (hiding).
 40967 | Vaults:4 | 40967 ||| Stepping ~*~*~tactically~*~*~ (hiding).
 40977 | Vaults:4 | 40977 ||| Stepping ~*~*~tactically~*~*~ (hiding).
 40978 | Vaults:4 | 40978 ||| Stepping ~*~*~tactically~*~*~ (hiding).
 40986 | Vaults:4 | Received a gift from Okawaru
 40987 | Vaults:4 | Reached XP level 21. HP: 141/141 MP: 28/28
 41201 | Vaults:4 | Reached skill level 15 in Armour
 41243 | Vaults:4 | 41243 ||| INVOKING Heroism.
 42068 | Vaults:4 | Received a gift from Okawaru
 42219 | Vaults:4 | 42219 ||| PLANNING SHOALS:4
 42219 | Vaults:4 | 42219 ||| DROPPING scarf of invisibility.
 42220 | Vaults:4 | 42220 ||| DROPPING +3 plate armour.
 42221 | Vaults:4 | 42221 ||| DROPPING ring of see invisible.
 42222 | Vaults:4 | 42222 ||| DROPPING 4 boomerangs.
 42595 | Shoals:4 | 42595 ||| PLANNING DEPTHS
 42905 | Depths:1 | Entered Level 1 of the Depths
 42941 | Depths:1 | 42941 ||| INVOKING Heroism.
 42942 | Depths:1 | 42942 ||| Stepping ~*~*~tactically~*~*~ (stealth).
 42945 | Depths:1 | 42945 ||| INVOKING Finesse.
 43017 | Depths:1 | 43017 ||| Stepping ~*~*~tactically~*~*~ (stealth).
 43021 | Depths:1 | 43021 ||| INVOKING Finesse.
 43052 | Depths:1 | Found a gateway to Hell.
 43062 | Depths:1 | 43062 ||| INVOKING Heroism.
 43101 | Depths:1 | 43101 ||| Stepping ~*~*~tactically~*~*~ (stealth).
 43103 | Depths:1 | 43103 ||| Stepping ~*~*~tactically~*~*~ (stealth).
 43105 | Depths:1 | 43105 ||| Stepping ~*~*~tactically~*~*~ (stealth).
 43107 | Depths:1 | 43107 ||| INVOKING Finesse.
 43114 | Depths:1 | 43114 ||| INVOKING Heroism.
 43173 | Depths:1 | 43173 ||| Stepping ~*~*~tactically~*~*~ (stealth).
 43177 | Depths:1 | 43177 ||| Stepping ~*~*~tactically~*~*~ (stealth).
 43262 | Depths:1 | HP: 36/144 [orc warlord/+4 war axe of freezing (14)]
 43263 | Depths:1 | 43263 ||| READING 18 scrolls of teleportation.
 43264 | Depths:1 | 43264 ||| DRINKING 13 potions of heal wounds.
 43265 | Depths:1 | 43265 ||| INVOKING Heroism.
 43562 | Depths:1 | 43562 ||| Stepping ~*~*~tactically~*~*~ (hiding).
 43687 | Depths:1 | 43687 ||| Stepping ~*~*~tactically~*~*~ (stealth).
 43709 | Depths:1 | 43709 ||| INVOKING Heroism.
 43848 | Depths:1 | Identified the +8 plate armour of Dramatic Exits {rC- rN+++
                  | Str+2 Int+4}
 43855 | Depths:1 | Identified the +7 scimitar "Sabroc" {freeze, rN+ Str+5}
 43926 | Depths:1 | 43926 ||| Stepping ~*~*~tactically~*~*~ (stealth).
 43940 | Depths:1 | Found a one-way gate leading to the halls of Pandemonium.
 43980 | Depths:1 | 43980 ||| Stepping ~*~*~tactically~*~*~ (stealth).
 43982 | Depths:1 | 43982 ||| Stepping ~*~*~tactically~*~*~ (hiding).
 44027 | Depths:1 | 44027 ||| Stepping ~*~*~tactically~*~*~ (hiding).
 44029 | Depths:1 | 44029 ||| Stepping ~*~*~tactically~*~*~ (hiding).
 44030 | Depths:1 | 44030 ||| Stepping ~*~*~tactically~*~*~ (hiding).
 44056 | Depths:1 | 44056 ||| Stepping ~*~*~tactically~*~*~ (hiding).
 44057 | Depths:1 | 44057 ||| Stepping ~*~*~tactically~*~*~ (hiding).
 44062 | Depths:1 | 44062 ||| INVOKING Heroism.
 44169 | Depths:1 | 44169 ||| Stepping ~*~*~tactically~*~*~ (stealth).
 44172 | Depths:1 | 44172 ||| INVOKING Heroism.
 44173 | Depths:1 | 44173 ||| Stepping ~*~*~tactically~*~*~ (stealth).
 44174 | Depths:1 | 44174 ||| Stepping ~*~*~tactically~*~*~ (stealth).
 44177 | Depths:1 | 44177 ||| Stepping ~*~*~tactically~*~*~ (stealth).
 44186 | Depths:1 | 44186 ||| Stepping ~*~*~tactically~*~*~ (stealth).
 44191 | Depths:1 | 44191 ||| Stepping ~*~*~tactically~*~*~ (stealth).
 44192 | Depths:1 | 44192 ||| Stepping ~*~*~tactically~*~*~ (stealth).
 44291 | Depths:1 | 44291 ||| DROPPING +0 fire dragon scales.
 44355 | Depths:2 | 44355 ||| INVOKING Heroism.
 44385 | Depths:2 | Received a gift from Okawaru
 44543 | Depths:2 | 44543 ||| Stepping ~*~*~tactically~*~*~ (hiding).
 44544 | Depths:2 | 44544 ||| INVOKING Heroism.
 44545 | Depths:2 | 44545 ||| Stepping ~*~*~tactically~*~*~ (hiding).
 44594 | Depths:2 | 44594 ||| INVOKING Heroism.
 44679 | Depths:2 | 44679 ||| Stepping ~*~*~tactically~*~*~ (hiding).
 44696 | Depths:2 | 44696 ||| Stepping ~*~*~tactically~*~*~ (stealth).
 44698 | Depths:2 | 44698 ||| INVOKING Heroism.
 44736 | Depths:2 | Noticed a golden dragon
 44749 | Depths:2 | Reached XP level 22. HP: 152/152 MP: 29/29
 44751 | Depths:2 | Killed a golden dragon
 44796 | Depths:2 | 44796 ||| Stepping ~*~*~tactically~*~*~ (stealth).
 44799 | Depths:2 | 44799 ||| Stepping ~*~*~tactically~*~*~ (stealth).
 45199 | Depths:2 | 45199 ||| Stepping ~*~*~tactically~*~*~ (hiding).
 45200 | Depths:2 | 45200 ||| Stepping ~*~*~tactically~*~*~ (hiding).
 45227 | Depths:2 | 45227 ||| Stepping ~*~*~tactically~*~*~ (hiding).
 45230 | Depths:2 | Received a gift from Okawaru
 45230 | Depths:2 | Found the +3 pair of gauntlets of War {Slay+5}
 45234 | Depths:2 | Reached skill level 21 in Shields
 45234 | Depths:2 | 45234 ||| Stepping ~*~*~tactically~*~*~ (hiding).
 45462 | Depths:2 | 45462 ||| Stepping ~*~*~tactically~*~*~ (hiding).
 45646 | Depths:2 | 45646 ||| DROPPING +2 pair of gloves.
 45647 | Depths:2 | 45647 ||| DROPPING +4 skin of Zhor {*Englaciate rC+++
                  | SInv}.
 45648 | Depths:2 | 45648 ||| DROPPING +2 chain mail of fire resistance.
 45649 | Depths:2 | 45649 ||| UPGRADING to +3 pair of gauntlets of War
                  | {Slay+5}.
 45705 | Depths:3 | 45705 ||| INVOKING Heroism.
 45752 | Depths:3 | 45752 ||| INVOKING Heroism.
 45804 | Depths:3 | 45804 ||| INVOKING Heroism.
 45889 | Depths:3 | 45889 ||| INVOKING Heroism.
 45894 | Depths:3 | 45894 ||| Stepping ~*~*~tactically~*~*~ (cloud).
 45903 | Depths:3 | 45903 ||| Stepping ~*~*~tactically~*~*~ (cloud).
 45972 | Depths:3 | Reached skill level 21 in Fighting
 46023 | Depths:3 | Noticed a golden dragon
 46024 | Depths:3 | 46024 ||| INVOKING Heroism.
 46030 | Depths:3 | Killed a golden dragon
 46293 | Depths:3 | 46293 ||| Stepping ~*~*~tactically~*~*~ (stealth).
 46296 | Depths:3 | 46296 ||| INVOKING Heroism.
 46320 | Depths:3 | 46320 ||| INVOKING Heroism.
 46369 | Depths:3 | 46369 ||| INVOKING Heroism.
 46528 | Depths:3 | Found a one-way gate to the infinite horrors of the Abyss.
 46598 | Depths:4 | Entered Level 4 of the Depths
 46623 | Depths:4 | 46623 ||| INVOKING Heroism.
 46678 | Depths:4 | 46678 ||| Stepping ~*~*~tactically~*~*~ (hiding).
 46689 | Depths:4 | 46689 ||| INVOKING Heroism.
 46691 | Depths:4 | 46691 ||| Stepping ~*~*~tactically~*~*~ (hiding).
 46845 | Depths:4 | 46845 ||| Stepping ~*~*~tactically~*~*~ (hiding).
 46856 | Depths:4 | 46856 ||| INVOKING Heroism.
 46969 | Depths:4 | 46969 ||| Stepping ~*~*~tactically~*~*~ (hiding).
 47012 | Depths:4 | Found Ahos's Antique Armour Shoppe.
 47124 | Depths:4 | 47124 ||| Stepping ~*~*~tactically~*~*~ (hiding).
 47125 | Depths:4 | 47125 ||| INVOKING Heroism.
 47159 | Depths:4 | Noticed a golden dragon
 47174 | Depths:4 | Killed a golden dragon
 47257 | Depths:4 | Reached XP level 23. HP: 162/162 MP: 30/30
 47265 | Depths:4 | 47265 ||| READING scroll of enchant weapon.
 47265 | Depths:4 | 47265 ||| ENCHANTING +5 vampiric broad axe.
 47277 | Depths:4 | 47277 ||| Stepping ~*~*~tactically~*~*~ (hiding).
 47290 | Depths:4 | Received a gift from Okawaru
 47374 | Depths:4 | Found a gate to the Realm of Zot.
 47388 | Depths:4 | Identified the +0 chain mail "Ybug" {Rampage rElec Str-3
                  | Stlth+}
 47397 | Depths:4 | 47397 ||| Stepping ~*~*~tactically~*~*~ (hiding).
 47408 | Depths:4 | 47408 ||| INVOKING Heroism.
 47418 | Depths:4 | Reached skill level 18 in Armour
 47451 | Depths:4 | 47451 ||| Stepping ~*~*~tactically~*~*~ (hiding).
 47454 | Depths:4 | 47454 ||| INVOKING Heroism.
 47510 | Depths:4 | 47510 ||| Stepping ~*~*~tactically~*~*~ (hiding).
 47511 | Depths:4 | 47511 ||| Stepping ~*~*~tactically~*~*~ (hiding).
 47513 | Depths:4 | 47513 ||| Stepping ~*~*~tactically~*~*~ (hiding).
 47514 | Depths:4 | 47514 ||| Stepping ~*~*~tactically~*~*~ (hiding).
 47579 | Depths:4 | 47579 ||| INVOKING Heroism.
 47580 | Depths:4 | 47580 ||| INVOKING Finesse.
 47819 | Depths:4 | 47819 ||| Stepping ~*~*~tactically~*~*~ (hiding).
 47889 | Depths:4 | 47889 ||| PLANNING VAULTS:5
 47889 | Depths:4 | 47889 ||| DROPPING +0 cloak.
 48118 | Vaults:5 | Entered Level 5 of the Vaults
 48119 | Vaults:5 | 48119 ||| INVOKING Heroism.
 48124 | Vaults:5 | Received a gift from Okawaru
 48135 | Vaults:5 | 48135 ||| INVOKING Finesse.
 48214 | Vaults:5 | 48214 ||| Stepping ~*~*~tactically~*~*~ (stealth).
 48216 | Vaults:5 | 48216 ||| INVOKING Heroism.
 48217 | Vaults:5 | 48217 ||| INVOKING Finesse.
 48229 | Vaults:5 | 48229 ||| Stepping ~*~*~tactically~*~*~ (hiding).
 48245 | Vaults:5 | 48245 ||| Stepping ~*~*~tactically~*~*~ (hiding).
 48302 | Vaults:5 | 48302 ||| INVOKING Heroism.
 48380 | Vaults:5 | 48380 ||| Stepping ~*~*~tactically~*~*~ (stealth).
 48443 | Vaults:5 | Identified the +7 short sword "Honweli" {flame, rF++ Str+4
                  | Int+4}
 48482 | Vaults:5 | Received a gift from Okawaru
 48504 | Vaults:5 | 48504 ||| Stepping ~*~*~tactically~*~*~ (hiding).
 48505 | Vaults:5 | 48505 ||| Stepping ~*~*~tactically~*~*~ (hiding).
 48510 | Vaults:5 | 48510 ||| INVOKING Heroism.
 48511 | Vaults:5 | 48511 ||| INVOKING Finesse.
 48522 | Vaults:5 | 48522 ||| Stepping ~*~*~tactically~*~*~ (hiding).
 48538 | Vaults:5 | 48538 ||| Stepping ~*~*~tactically~*~*~ (hiding).
 48567 | Vaults:5 | Identified the +3 halberd of the Mushroom {freeze, +Blink
                  | rC++ MP+9 Str+4}
 48599 | Vaults:5 | Noticed a golden dragon
 48600 | Vaults:5 | 48600 ||| Stepping ~*~*~tactically~*~*~ (stealth).
 48601 | Vaults:5 | 48601 ||| INVOKING Heroism.
 48616 | Vaults:5 | Killed a golden dragon
 48616 | Vaults:5 | Received a gift from Okawaru
 48651 | Vaults:5 | 48651 ||| Stepping ~*~*~tactically~*~*~ (hiding).
 48652 | Vaults:5 | 48652 ||| INVOKING Heroism.
 48679 | Vaults:5 | 48679 ||| Stepping ~*~*~tactically~*~*~ (stealth).
 48680 | Vaults:5 | 48680 ||| Stepping ~*~*~tactically~*~*~ (hiding).
 48696 | Vaults:5 | 48696 ||| INVOKING Heroism.
 48705 | Vaults:5 | Reached skill level 12 in Throwing
 48712 | Vaults:5 | 48712 ||| PLANNING VAULTS:5
 48750 | Vaults:5 | 48750 ||| Stepping ~*~*~tactically~*~*~ (stealth).
 48751 | Vaults:5 | 48751 ||| Stepping ~*~*~tactically~*~*~ (stealth).
 48759 | Vaults:5 | 48759 ||| Stepping ~*~*~tactically~*~*~ (stealth).
 48780 | Vaults:5 | 48780 ||| Stepping ~*~*~tactically~*~*~ (hiding).
 48791 | Vaults:5 | Noticed a golden dragon
 48792 | Vaults:5 | 48792 ||| INVOKING Heroism.
 48806 | Vaults:5 | Killed a golden dragon
 48815 | Vaults:5 | Received a gift from Okawaru
 48851 | Vaults:5 | 48851 ||| Stepping ~*~*~tactically~*~*~ (stealth).
 48853 | Vaults:5 | 48853 ||| INVOKING Heroism.
 48937 | Vaults:5 | 48937 ||| INVOKING Heroism.
 48954 | Vaults:5 | 48954 ||| Stepping ~*~*~tactically~*~*~ (stealth).
 48963 | Vaults:5 | Reached XP level 24. HP: 166/167 MP: 30/30
 49011 | Vaults:5 | Noticed an ancient lich
 49012 | Vaults:5 | 49012 ||| INVOKING Heroism.
 49039 | Vaults:5 | Killed an ancient lich
 49096 | Vaults:5 | 49096 ||| Stepping ~*~*~tactically~*~*~ (hiding).
 49097 | Vaults:5 | 49097 ||| Stepping ~*~*~tactically~*~*~ (hiding).
 49098 | Vaults:5 | 49098 ||| Stepping ~*~*~tactically~*~*~ (hiding).
 49100 | Vaults:5 | 49100 ||| Stepping ~*~*~tactically~*~*~ (hiding).
 49236 | Vaults:5 | 49236 ||| READING scroll of enchant weapon.
 49236 | Vaults:5 | 49236 ||| ENCHANTING +6 vampiric broad axe.
 49338 | Vaults:5 | Identified the +6 mace of Taxation {flame, rC+ Int+2}
 49422 | Vaults:5 | 49422 ||| Stepping ~*~*~tactically~*~*~ (hiding).
 49424 | Vaults:5 | Noticed Mennas
 49425 | Vaults:5 | 49425 ||| INVOKING Heroism.
 49426 | Vaults:5 | 49426 ||| INVOKING Finesse.
 49446 | Vaults:5 | Killed Mennas
 49803 | Vaults:5 | Got a silver rune of Zot
 49808 | Vaults:5 | 49808 ||| PLANNING SHOPPING SPREE
 49808 | Vaults:5 | 49808 ||| UPGRADING to +0 tower shield of protection.
 49818 | Vaults:5 | 49818 ||| DROPPING +0 tower shield.
 49819 | Vaults:5 | 49819 ||| DROPPING amulet "Yrustry" {RegenMP -Tele rN++}.
 49820 | Vaults:5 | 49820 ||| UPGRADING to amulet of reflection.
 49830 | Vaults:5 | 49830 ||| DROPPING amulet of the acrobat.
 50330 | D:8      | 50330 ||| BUYING runed scarf (192 gold).
 50330 | D:8      | Bought a runed scarf for 192 gold pieces
 50330 | D:8      | 50330 ||| DROPPING scarf of shadows.
 50571 | Vaults:4 | 50571 ||| BUYING ring "Qoohiduh" {rCorr Int+5 Dex+2} (667
                  | gold).
 50571 | Vaults:4 | Bought the ring "Qoohiduh" {rCorr Int+5 Dex+2} for 667 gold
                  | pieces
 50571 | Vaults:4 | 50571 ||| BUYING ring of the Prince {Fire Will++ rCorr
                  | Int-4} (691 gold).
 50571 | Vaults:4 | Bought the ring of the Prince {Fire Will++ rCorr Int-4} for
                  | 691 gold pieces
 50673 | Vaults:4 | 50673 ||| DROPPING ring of resist corrosion.
 50674 | Vaults:4 | 50674 ||| PLANNING ZOT:1-4
 50941 | Zot:1    | Entered Level 1 of the Realm of Zot
 51040 | Zot:1    | 51040 ||| Stepping ~*~*~tactically~*~*~ (hiding).
 51068 | Zot:1    | 51068 ||| Stepping randomly (disturbance).
 51069 | Zot:1    | 51069 ||| Stepping randomly (disturbance).
 51070 | Zot:1    | 51070 ||| Stepping randomly (disturbance).
 51082 | Zot:1    | Received a gift from Okawaru
 51084 | Zot:1    | Noticed an orb of fire
 51089 | Zot:1    | 51089 ||| INVOKING Heroism.
 51094 | Zot:1    | Gained mutation: You are frail. (-10% HP) [an orb of fire]
 51099 | Zot:1    | Killed an orb of fire
 51103 | Zot:1    | 51103 ||| DRINKING 10 potions of mutation.
 51103 | Zot:1    | Lost mutation: You are frail. (-10% HP) [potion of
                  | mutation]
 51103 | Zot:1    | Gained mutation: You occasionally lose the ability to read
                  | scrolls when taking damage. [potion of mutation]
 51103 | Zot:1    | Gained mutation: You have hidden genetic potential. [potion
                  | of mutation]
 51110 | Zot:1    | 51110 ||| Stepping ~*~*~tactically~*~*~ (hiding).
 51111 | Zot:1    | 51111 ||| Stepping ~*~*~tactically~*~*~ (hiding).
 51141 | Zot:1    | 51141 ||| DRINKING 9 potions of mutation.
 51141 | Zot:1    | Lost mutation: You occasionally lose the ability to read
                  | scrolls when taking damage. [potion of mutation]
 51141 | Zot:1    | Lost mutation: You have hidden genetic potential. [potion
                  | of mutation]
 51141 | Zot:1    | Gained mutation: You are vulnerable to cold. (rC-) [potion
                  | of mutation]
 51141 | Zot:1    | Gained mutation: You have large cloven feet. [potion of
                  | mutation]
 51142 | Zot:1    | 51142 ||| DRINKING 8 potions of mutation.
 51142 | Zot:1    | Lost mutation: You have large cloven feet. [potion of
                  | mutation]
 51142 | Zot:1    | Lost mutation: You are vulnerable to cold. (rC-) [potion of
                  | mutation]
 51142 | Zot:1    | Gained mutation: Your spells are a little harder to cast,
                  | but a little more powerful. [potion of mutation]
 51142 | Zot:1    | Gained mutation: You occasionally shout uncontrollably at
                  | your foes. [potion of mutation]
 51332 | Zot:1    | 51332 ||| INVOKING Heroism.
 51549 | Zot:1    | 51549 ||| Stepping ~*~*~tactically~*~*~ (hiding).
 51692 | Zot:1    | 51692 ||| Stepping ~*~*~tactically~*~*~ (hiding).
 51695 | Zot:1    | 51695 ||| INVOKING Heroism.
 51704 | Zot:1    | Received a gift from Okawaru
 52206 | Zot:1    | 52206 ||| Stepping ~*~*~tactically~*~*~ (hiding).
 52325 | Zot:1    | Identified the +0 pair of gloves of the Armoured One {Fly
                  | rCorr Str+4 Dex-3}
 52350 | Zot:1    | 52350 ||| UPGRADING to +1 pair of gloves of Fawieh {rF+
                  | SInv Stlth+}.
 52385 | Zot:2    | 52385 ||| INVOKING Heroism.
 52416 | Zot:2    | Noticed an orb of fire
 52417 | Zot:2    | 52417 ||| Stepping ~*~*~tactically~*~*~ (hiding).
 52418 | Zot:2    | 52418 ||| Stepping ~*~*~tactically~*~*~ (stealth).
 52420 | Zot:2    | 52420 ||| INVOKING Heroism.
 52442 | Zot:2    | Killed an orb of fire
 52490 | Zot:2    | Received a gift from Okawaru
 52491 | Zot:2    | Reached skill level 12 in Dodging
 52533 | Zot:2    | 52533 ||| INVOKING Heroism.
 52561 | Zot:2    | 52561 ||| Stepping ~*~*~tactically~*~*~ (stealth).
 52563 | Zot:2    | 52563 ||| Stepping ~*~*~tactically~*~*~ (stealth).
 52568 | Zot:2    | 52568 ||| Stepping ~*~*~tactically~*~*~ (hiding).
 52636 | Zot:2    | 52636 ||| Stepping ~*~*~tactically~*~*~ (hiding).
 52649 | Zot:2    | 52649 ||| Stepping ~*~*~tactically~*~*~ (hiding).
 52683 | Zot:2    | Received a gift from Okawaru
 52745 | Zot:2    | 52745 ||| Stepping ~*~*~tactically~*~*~ (hiding).
 52909 | Zot:2    | 52909 ||| Stepping ~*~*~tactically~*~*~ (hiding).
 52913 | Zot:2    | 52913 ||| Stepping ~*~*~tactically~*~*~ (hiding).
 53061 | Zot:2    | 53061 ||| READING scroll of enchant weapon.
 53061 | Zot:2    | 53061 ||| ENCHANTING +7 vampiric broad axe.
 53062 | Zot:2    | 53062 ||| DROPPING +7 war axe of Kiutzeis {vamp, +Blink rF+
                  | Int+2 Stlth+}.
 53091 | Zot:2    | Found Sicuq's CLEARANCE SALE!.
 53282 | Zot:3    | 53282 ||| INVOKING Heroism.
 53288 | Zot:3    | Reached skill level 24 in Fighting
 53288 | Zot:3    | Reached XP level 25. HP: 178/178 MP: 30/30
 53355 | Zot:3    | 53355 ||| Stepping ~*~*~tactically~*~*~ (stealth).
 53373 | Zot:3    | 53373 ||| Stepping ~*~*~tactically~*~*~ (hiding).
 53441 | Zot:3    | 53441 ||| Stepping ~*~*~tactically~*~*~ (hiding).
 53446 | Zot:3    | 53446 ||| INVOKING Heroism.
 53698 | Zot:3    | 53698 ||| Stepping ~*~*~tactically~*~*~ (hiding).
 53755 | Zot:3    | 53755 ||| READING scroll of acquirement.
 53755 | Zot:3    | 53755 ||| ACQUIRING 811 gold pieces
 53755 | Zot:3    | Acquired 811 gold pieces
 53801 | Zot:3    | 53801 ||| Stepping ~*~*~tactically~*~*~ (stealth).
 53860 | Zot:3    | 53860 ||| Stepping ~*~*~tactically~*~*~ (hiding).
 53922 | Zot:3    | 53922 ||| Stepping ~*~*~tactically~*~*~ (stealth).
 53924 | Zot:3    | 53924 ||| Stepping ~*~*~tactically~*~*~ (hiding).
 53925 | Zot:3    | 53925 ||| INVOKING Heroism.
 53934 | Zot:3    | Received a gift from Okawaru
 54211 | Zot:3    | 54211 ||| Stepping ~*~*~tactically~*~*~ (stealth).
 54213 | Zot:3    | 54213 ||| Stepping ~*~*~tactically~*~*~ (hiding).
 54232 | Abyss:3  | Cast into level 3 of the Abyss (purple draconian shifter)
 54249 | Abyss:3  | 54249 ||| Stepping ~*~*~tactically~*~*~ (stealth).
 54252 | Abyss:3  | 54252 ||| Stepping ~*~*~tactically~*~*~ (hiding).
 54268 | Abyss:3  | 54268 ||| INVOKING Heroism.
 54337 | Abyss:3  | 54337 ||| Stepping ~*~*~tactically~*~*~ (stealth).
 54340 | Abyss:3  | 54340 ||| Stepping ~*~*~tactically~*~*~ (hiding).
 54343 | Abyss:3  | 54343 ||| Stepping ~*~*~tactically~*~*~ (hiding).
 54359 | Abyss:3  | 54359 ||| Stepping ~*~*~tactically~*~*~ (hiding).
 54385 | Abyss:3  | 54385 ||| Stepping ~*~*~tactically~*~*~ (stealth).
 54386 | Abyss:3  | 54386 ||| Stepping ~*~*~tactically~*~*~ (stealth).
 54387 | Abyss:3  | 54387 ||| Stepping ~*~*~tactically~*~*~ (stealth).
 54388 | Abyss:3  | 54388 ||| Stepping ~*~*~tactically~*~*~ (stealth).
 54399 | Zot:3    | Escaped the Abyss
 54620 | Zot:4    | Received a gift from Okawaru
 54863 | Zot:4    | 54863 ||| INVOKING Heroism.
 55233 | Zot:4    | 55233 ||| INVOKING Heroism.
 55237 | Zot:4    | 55237 ||| Stepping ~*~*~tactically~*~*~ (hiding).
 55246 | Zot:4    | Received a gift from Okawaru
 55431 | Zot:4    | 55431 ||| PLANNING THE SHINING ONE WORSHIP
 55431 | Zot:4    | 55431 ||| UPGRADING to +3 pair of gauntlets of War
                  | {Slay+5}.
 55623 | Depths:4 | 55623 ||| INVOKING Heroism.
 55627 | Depths:4 | 55627 ||| Stepping ~*~*~tactically~*~*~ (hiding).
 55628 | Depths:4 | 55628 ||| Stepping ~*~*~tactically~*~*~ (hiding).
 55954 | D:6      | Fell from the grace of Okawaru
 55954 | D:6      | Became a worshipper of the Shining One
 55954 | D:6      | 55954 ||| PLANNING CRYPT
 55955 | D:6      | 55955 ||| SWAPPING to +2 spectral broad axe.
 56238 | Crypt:1  | Entered Level 1 of the Crypt
 56257 | Crypt:1  | Noticed Frederick
 56262 | Crypt:1  | Killed Frederick
 56273 | Crypt:1  | 56273 ||| Stepping ~*~*~tactically~*~*~ (stealth).
 56294 | Crypt:1  | 56294 ||| Stepping ~*~*~tactically~*~*~ (stealth).
 56386 | Crypt:1  | Reached * piety under the Shining One
 56387 | Crypt:1  | 56387 ||| Stepping ~*~*~tactically~*~*~ (stealth).
 56427 | Crypt:1  | Identified the staff of cold "Gayl" {Contam rF+ rC+ Str+3}
 56427 | Crypt:1  | Identified the ring "Wawneorgh" {Ice Will+ Str+2}
 56427 | Crypt:1  | Noticed Josephina
 56437 | Crypt:1  | Reached ** piety under the Shining One
 56440 | Crypt:1  | Killed Josephina
 56588 | Crypt:1  | Found a runed translucent door.
 56591 | Crypt:1  | Noticed yalue's ghost (adept MiFi)
 56627 | Crypt:1  | 56627 ||| Stepping ~*~*~tactically~*~*~ (hiding).
 56629 | Crypt:1  | 56629 ||| Stepping ~*~*~tactically~*~*~ (hiding).
 56720 | Crypt:1  | Noticed Zenata
 56730 | Crypt:1  | Killed Zenata
 56844 | Crypt:1  | Reached *** piety under the Shining One
 56870 | Crypt:1  | Reached skill level 12 in Invocations
 56879 | Crypt:1  | 56879 ||| Stepping ~*~*~tactically~*~*~ (stealth).
 56881 | Crypt:1  | Noticed Boris
 56884 | Crypt:1  | 56884 ||| INVOKING Cleansing Flame.
 56890 | Crypt:1  | Killed Boris
 57000 | Crypt:1  | Noticed Jory
 57001 | Crypt:1  | 57001 ||| Stepping ~*~*~tactically~*~*~ (hiding).
 57010 | Crypt:1  | Reached **** piety under the Shining One
 57018 | Crypt:1  | Killed Jory
 57112 | Crypt:1  | 57112 ||| DRINKING 27 potions of curing.
 57112 | Crypt:1  | 57112 ||| (to cure confusion)
 57376 | Crypt:1  | 57376 ||| DROPPING +1 pair of gloves of Fawieh {rF+ SInv
                  | Stlth+}.
 57377 | Crypt:1  | 57377 ||| DROPPING ring of ice.
 57493 | Crypt:2  | 57493 ||| Stepping ~*~*~tactically~*~*~ (stealth).
 57494 | Crypt:2  | 57494 ||| Stepping ~*~*~tactically~*~*~ (stealth).
 57505 | Crypt:2  | 57505 ||| Stepping ~*~*~tactically~*~*~ (hiding).
 57507 | Crypt:2  | 57507 ||| Stepping ~*~*~tactically~*~*~ (hiding).
 57508 | Crypt:2  | 57508 ||| Stepping ~*~*~tactically~*~*~ (hiding).
 57509 | Crypt:2  | 57509 ||| Stepping ~*~*~tactically~*~*~ (hiding).
 57647 | Crypt:2  | 57647 ||| Stepping ~*~*~tactically~*~*~ (stealth).
 57648 | Crypt:2  | 57648 ||| Stepping ~*~*~tactically~*~*~ (stealth).
 57663 | Crypt:2  | 57663 ||| READING scroll of enchant weapon.
 57663 | Crypt:2  | 57663 ||| ENCHANTING +2 spectral broad axe.
 57704 | Crypt:2  | Reached ***** piety under the Shining One
 57952 | Crypt:2  | 57952 ||| INVOKING Cleansing Flame.
 57953 | Crypt:2  | 57953 ||| INVOKING Cleansing Flame.
 57955 | Crypt:2  | Reached XP level 26. HP: 138/186 MP: 33/33
 57955 | Crypt:2  | 57955 ||| INVOKING Cleansing Flame.
 58300 | Crypt:3  | Entered Level 3 of the Crypt
 58321 | Crypt:3  | 58321 ||| Stepping ~*~*~tactically~*~*~ (hiding).
 58322 | Crypt:3  | 58322 ||| Stepping ~*~*~tactically~*~*~ (hiding).
 58333 | Crypt:3  | Reached ****** piety under the Shining One
 58339 | Crypt:3  | 58339 ||| Stepping ~*~*~tactically~*~*~ (hiding).
 58340 | Crypt:3  | 58340 ||| Stepping ~*~*~tactically~*~*~ (hiding).
 58341 | Crypt:3  | 58341 ||| Stepping ~*~*~tactically~*~*~ (hiding).
 58358 | Crypt:3  | 58358 ||| INVOKING Brand Weapon With Holy Wrath.
 58358 | Crypt:3  | Identified a +9 broad axe of holy wrath (a +8 vampiric
                  | broad axe blessed by the Shining One)
 58358 | Crypt:3  | Received a gift from the Shining One
 58430 | Crypt:3  | 58430 ||| Stepping ~*~*~tactically~*~*~ (stealth).
 58516 | Crypt:3  | 58516 ||| Stepping ~*~*~tactically~*~*~ (stealth).
 58526 | Crypt:3  | Reached skill level 15 in Invocations
 58570 | Crypt:3  | 58570 ||| INVOKING Cleansing Flame.
 58571 | Crypt:3  | 58571 ||| INVOKING Summon Divine Warrior.
 58577 | Crypt:3  | 58577 ||| INVOKING Cleansing Flame.
 58578 | Crypt:3  | 58578 ||| INVOKING Cleansing Flame.
 58607 | Crypt:3  | 58607 ||| INVOKING Cleansing Flame.
 58627 | Crypt:3  | 58627 ||| Stepping ~*~*~tactically~*~*~ (cloud).
 58701 | Crypt:3  | Found a staircase to the Tomb.
 58768 | Crypt:3  | 58768 ||| Stepping ~*~*~tactically~*~*~ (stealth).
 58777 | Crypt:3  | 58777 ||| Stepping ~*~*~tactically~*~*~ (stealth).
 58877 | Crypt:3  | Found a basalt altar of Yredelemnul.
 58913 | Crypt:3  | 58913 ||| Stepping ~*~*~tactically~*~*~ (hiding).
 58922 | Crypt:3  | 58922 ||| INVOKING Cleansing Flame.
 58971 | Crypt:3  | 58971 ||| Stepping ~*~*~tactically~*~*~ (stealth).
 58974 | Crypt:3  | Found the +9 sword of Zonguldrok {reap}
 59045 | Crypt:3  | 59045 ||| Stepping ~*~*~tactically~*~*~ (stealth).
 59145 | Crypt:3  | Identified the ring of Oschyll Fiti {rN+ rCorr Str+2 SInv
                  | Stlth-}
 59145 | Crypt:3  | Identified the ring "Miyt" {rElec rPois rN+ Str-2 Int+4}
 59145 | Crypt:3  | Identified the ring of Zisupler {rN+ Will+ Str+2}
 59282 | Crypt:3  | 59282 ||| Stepping ~*~*~tactically~*~*~ (stealth).
 59283 | Crypt:3  | 59283 ||| Stepping ~*~*~tactically~*~*~ (stealth).
 59349 | Crypt:3  | 59349 ||| INVOKING Cleansing Flame.
 59350 | Crypt:3  | 59350 ||| INVOKING Cleansing Flame.
 59351 | Crypt:3  | 59351 ||| INVOKING Summon Divine Warrior.
 59465 | Crypt:3  | 59465 ||| INVOKING Cleansing Flame.
 59466 | Crypt:3  | 59466 ||| INVOKING Cleansing Flame.
 59627 | Crypt:3  | 59627 ||| DROPPING +1 vampiric broad axe.
 59674 | Crypt:3  | Found a basalt altar of Yredelemnul.
 59695 | Crypt:3  | 59695 ||| PLANNING TOMB
 59695 | Crypt:3  | 59695 ||| SWAPPING to +9 broad axe of holy wrath.
 59696 | Crypt:3  | 59696 ||| DROPPING ring of resist corrosion.
 59697 | Crypt:3  | 59697 ||| DROPPING ring "Miyt" {rElec rPois rN+ Str-2
                  | Int+4}.
 59698 | Crypt:3  | 59698 ||| DROPPING ring of Zisupler {rN+ Will+ Str+2}.
 59755 | Tomb:1   | Entered Level 1 of the Tomb of the Ancients
 59889 | Tomb:1   | Reached skill level 18 in Invocations
 60126 | Tomb:1   | Noticed a royal mummy
 60127 | Tomb:1   | 60127 ||| INVOKING Summon Divine Warrior.
 60135 | Tomb:1   | Noticed a royal mummy
 60136 | Tomb:1   | Killed a royal mummy
 60141 | Tomb:1   | 60141 ||| INVOKING Cleansing Flame.
 60146 | Tomb:1   | Killed a royal mummy
 60156 | Tomb:1   | 60156 ||| INVOKING Cleansing Flame.
 60248 | Tomb:1   | 60248 ||| INVOKING Cleansing Flame.
 60706 | Tomb:2   | 60706 ||| DRINKING 7 potions of haste.
 60707 | Tomb:2   | 60707 ||| DRINKING 4 potions of attraction.
 60708 | Tomb:2   | 60708 ||| INVOKING Cleansing Flame.
 60710 | Tomb:2   | Noticed a royal mummy
 60710 | Tomb:2   | Noticed a royal mummy
 60710 | Tomb:2   | Noticed a royal mummy
 60710 | Tomb:2   | Noticed a royal mummy
 60711 | Tomb:2   | 60711 ||| INVOKING Summon Divine Warrior.
 60712 | Tomb:2   | 60712 ||| INVOKING Cleansing Flame.
 60715 | Tomb:2   | Killed a royal mummy
 60717 | Tomb:2   | Killed a royal mummy
 60720 | Tomb:2   | Killed a royal mummy
 60723 | Tomb:2   | Killed a royal mummy
 60852 | Tomb:2   | 60852 ||| INVOKING Cleansing Flame.
 60947 | Tomb:2   | 60947 ||| Stepping ~*~*~tactically~*~*~ (hiding).
 61353 | Tomb:2   | 61353 ||| INVOKING Summon Divine Warrior.
 61354 | Tomb:2   | Gained mutation: You are occasionally teleported next to
                  | monsters. [a cacodemon]
 61355 | Tomb:2   | Gained mutation: You are dopey. (Int -2) [a cacodemon]
 61358 | Tomb:2   | HP: 47/188 [fire giant/+2 great sword of flaming[the fury
                  | of Okawaru] (3)]
 61359 | Tomb:2   | 61359 ||| READING 19 scrolls of teleportation.
 61359 | Tomb:2   | HP: 14/188 [stone giant[the fury of Okawaru] (20)]
 61360 | Tomb:2   | 61360 ||| DRINKING 15 potions of heal wounds.
 61361 | Tomb:2   | 61361 ||| DRINKING 14 potions of heal wounds.
 61362 | Tomb:2   | 61362 ||| DRINKING 13 potions of heal wounds.
 61364 | Tomb:2   | 61364 ||| INVOKING Summon Divine Warrior.
 61367 | Tomb:2   | 61367 ||| INVOKING Cleansing Flame.
 61368 | Tomb:2   | 61368 ||| INVOKING Cleansing Flame.
 61369 | Tomb:2   | Reached XP level 27. HP: 62/193 MP: 31/36
 61371 | Tomb:2   | 61371 ||| INVOKING Cleansing Flame.
 61372 | Tomb:2   | 61372 ||| INVOKING Cleansing Flame.
 61373 | Tomb:2   | 61373 ||| INVOKING Cleansing Flame.
 61402 | Tomb:2   | 61402 ||| DRINKING 12 potions of mutation.
 61402 | Tomb:2   | Lost mutation: You are occasionally teleported next to
                  | monsters. [potion of mutation]
 61402 | Tomb:2   | Lost mutation: Your spells are a little harder to cast, but
                  | a little more powerful. [potion of mutation]
 61402 | Tomb:2   | Lost mutation: You are dopey. (Int -2) [potion of mutation]
 61402 | Tomb:2   | Lost mutation: You occasionally shout uncontrollably at
                  | your foes. [potion of mutation]
 61402 | Tomb:2   | Gained mutation: You are partially covered in large bone
                  | plates. (SH +4) [potion of mutation]
 61402 | Tomb:2   | Gained mutation: You are partially covered in iridescent
                  | scales. (AC +2) [potion of mutation]
 61569 | Tomb:3   | Entered Level 3 of the Tomb of the Ancients
 61570 | Tomb:3   | 61570 ||| DRINKING 6 potions of haste.
 61571 | Tomb:3   | 61571 ||| DRINKING 3 potions of attraction.
 61582 | Tomb:3   | Noticed a royal mummy
 61583 | Tomb:3   | 61583 ||| INVOKING Cleansing Flame.
 61584 | Tomb:3   | 61584 ||| INVOKING Cleansing Flame.
 61584 | Tomb:3   | Noticed a royal mummy
 61585 | Tomb:3   | 61585 ||| INVOKING Cleansing Flame.
 61586 | Tomb:3   | 61586 ||| INVOKING Summon Divine Warrior.
 61588 | Tomb:3   | 61588 ||| INVOKING Cleansing Flame.
 61589 | Tomb:3   | 61589 ||| INVOKING Cleansing Flame.
 61594 | Tomb:3   | Killed a royal mummy
 61596 | Tomb:3   | Killed a royal mummy
 61606 | Tomb:3   | Noticed a royal mummy
 61609 | Tomb:3   | 61609 ||| INVOKING Summon Divine Warrior.
 61611 | Tomb:3   | 61611 ||| INVOKING Cleansing Flame.
 61613 | Tomb:3   | Noticed a royal mummy
 61618 | Tomb:3   | Killed a royal mummy
 61621 | Tomb:3   | 61621 ||| INVOKING Cleansing Flame.
 61622 | Tomb:3   | 61622 ||| INVOKING Cleansing Flame.
 61626 | Tomb:3   | Killed a royal mummy
 61631 | Tomb:3   | 61631 ||| INVOKING Cleansing Flame.
 61642 | Tomb:3   | 61642 ||| INVOKING Cleansing Flame.
 61647 | Tomb:3   | Noticed a royal mummy
 61652 | Tomb:3   | Noticed a royal mummy
 61655 | Tomb:3   | 61655 ||| INVOKING Cleansing Flame.
 61658 | Tomb:3   | Killed a royal mummy
 61661 | Tomb:3   | Noticed a royal mummy
 61661 | Tomb:3   | 61661 ||| INVOKING Cleansing Flame.
 61662 | Tomb:3   | 61662 ||| INVOKING Cleansing Flame.
 61664 | Tomb:3   | 61664 ||| INVOKING Cleansing Flame.
 61666 | Tomb:3   | Killed a royal mummy
 61667 | Tomb:3   | 61667 ||| INVOKING Cleansing Flame.
 61668 | Tomb:3   | Killed a royal mummy
 61670 | Tomb:3   | HP: 45/196 [torment (8)]
 61671 | Tomb:3   | 61671 ||| READING 18 scrolls of teleportation.
 61672 | Tomb:3   | 61672 ||| DRINKING 12 potions of heal wounds.
 61673 | Tomb:3   | 61673 ||| DRINKING 11 potions of heal wounds.
 61675 | Tomb:3   | Reached skill level 21 in Armour
 61695 | Tomb:3   | 61695 ||| INVOKING Summon Divine Warrior.
 61913 | Tomb:3   | Got a golden rune of Zot
 61939 | Tomb:3   | Noticed a royal mummy
 61940 | Tomb:3   | 61940 ||| INVOKING Summon Divine Warrior.
 61945 | Tomb:3   | 61945 ||| INVOKING Cleansing Flame.
 61947 | Tomb:3   | Killed a royal mummy
 61954 | Tomb:3   | Noticed a royal mummy
 61960 | Tomb:3   | Killed a royal mummy
 62457 | Tomb:3   | 62457 ||| DROPPING +2 broad axe of electrocution.
 62467 | Tomb:3   | Identified the +6 trident "No More Talking" {freeze, rElec
                  | rC+ Str-4}
 62511 | Tomb:3   | Identified the staff of fire "Ohuon" {rElec rF+ Int+2}
 62514 | Tomb:3   | Identified the +2 scimitar of Sibah {heavy, Dex+4}
 62521 | Tomb:3   | Identified the +8 hand axe of Apsop {freeze, rElec Str+3}
 62547 | Tomb:3   | 62547 ||| PLANNING PAN
 62547 | Tomb:3   | 62547 ||| DROPPING amulet of guardian spirit.
 62548 | Tomb:3   | 62548 ||| DROPPING +4 ring of protection.
 62549 | Tomb:3   | 62549 ||| DROPPING ring of willpower.
 62756 | Crypt:1  | Was forgiven by Okawaru
 63133 | Pan      | Entered Pandemonium
 63154 | Pan      | 63154 ||| Stepping ~*~*~tactically~*~*~ (hiding).
 63159 | Pan      | Noticed Quozel the pandemonium lord
 63160 | Pan      | 63160 ||| INVOKING Summon Divine Warrior.
 63162 | Pan      | Paralysed by Quozel for 5 turns
 63175 | Pan      | Killed Quozel the pandemonium lord
 63176 | Pan      | 63176 ||| INVOKING Cleansing Flame.
 63181 | Pan      | 63181 ||| INVOKING Cleansing Flame.
 63182 | Pan      | 63182 ||| INVOKING Cleansing Flame.
 63183 | Pan      | 63183 ||| INVOKING Cleansing Flame.
 63184 | Pan      | 63184 ||| INVOKING Cleansing Flame.
 63190 | Pan      | 63190 ||| INVOKING Cleansing Flame.
 63208 | Pan      | 63208 ||| Stepping ~*~*~tactically~*~*~ (cloud).
 63235 | Pan      | 63235 ||| INVOKING Cleansing Flame.
 63307 | Pan      | Found an exit through the horrors of the Abyss.
 63351 | Pan      | 63351 ||| INVOKING Cleansing Flame.
 63496 | Pan      | 63496 ||| INVOKING Cleansing Flame.
 63501 | Pan      | 63501 ||| INVOKING Cleansing Flame.
 63502 | Pan      | 63502 ||| INVOKING Cleansing Flame.
 63660 | Pan      | Identified the ring "Qiuppahi" {Wiz rC++ Str-4 Dex+3}
 63844 | Pan      | 63844 ||| INVOKING Cleansing Flame.
 63845 | Pan      | 63845 ||| INVOKING Cleansing Flame.
 63846 | Pan      | 63846 ||| INVOKING Cleansing Flame.
 63959 | Pan      | 63959 ||| INVOKING Cleansing Flame.
 64085 | Pan      | 64085 ||| DRINKING 2 potions of resistance.
 64086 | Pan      | 64086 ||| INVOKING Cleansing Flame.
 64087 | Pan      | 64087 ||| INVOKING Cleansing Flame.
 64315 | Pan      | 64315 ||| Stepping ~*~*~tactically~*~*~ (hiding).
 64321 | Pan      | 64321 ||| INVOKING Cleansing Flame.
 64322 | Pan      | 64322 ||| INVOKING Summon Divine Warrior.
 64343 | Pan      | Noticed Firal the pandemonium lord
 64367 | Pan      | 64367 ||| DRINKING potion of resistance.
 64368 | Pan      | 64368 ||| INVOKING Cleansing Flame.
 64377 | Pan      | 64377 ||| INVOKING Summon Divine Warrior.
 64393 | Pan      | Killed Firal the pandemonium lord
 65029 | Pan      | Reached skill level 27 in Fighting
 65084 | Pan      | 65084 ||| INVOKING Summon Divine Warrior.
 65088 | Pan      | 65088 ||| INVOKING Cleansing Flame.
 65237 | Pan      | Noticed Lonumm the pandemonium lord
 65244 | Pan      | 65244 ||| INVOKING Cleansing Flame.
 65245 | Pan      | 65245 ||| INVOKING Cleansing Flame.
 65247 | Pan      | 65247 ||| Stepping ~*~*~tactically~*~*~ (hiding).
 65248 | Pan      | 65248 ||| INVOKING Cleansing Flame.
 65249 | Pan      | 65249 ||| INVOKING Summon Divine Warrior.
 65254 | Pan      | Killed Lonumm the pandemonium lord
 65735 | Pan      | 65735 ||| DROPPING amulet of magic regeneration.
 65766 | Pan      | Entered the realm of Cerebov.
 65788 | Pan      | 65788 ||| Stepping ~*~*~tactically~*~*~ (stealth).
 65825 | Pan      | 65825 ||| Stepping ~*~*~tactically~*~*~ (stealth).
 65864 | Pan      | 65864 ||| Stepping ~*~*~tactically~*~*~ (hiding).
 65973 | Pan      | Found the +6 sword of Cerebov {flame}
 65973 | Pan      | Noticed Cerebov
 65974 | Pan      | 65974 ||| DRINKING 6 potions of haste.
 65975 | Pan      | 65975 ||| INVOKING Summon Divine Warrior.
 65976 | Pan      | 65976 ||| DRINKING 14 potions of might.
 65984 | Pan      | 65984 ||| INVOKING Cleansing Flame.
 65985 | Pan      | 65985 ||| INVOKING Cleansing Flame.
 65986 | Pan      | 65986 ||| INVOKING Cleansing Flame.
 65999 | Pan      | 65999 ||| INVOKING Summon Divine Warrior.
 66002 | Pan      | Killed Cerebov
 66013 | Pan      | 66013 ||| INVOKING Summon Divine Warrior.
 66019 | Pan      | Noticed Ignacio
 66024 | Pan      | 66024 ||| INVOKING Cleansing Flame.
 66029 | Pan      | 66029 ||| INVOKING Summon Divine Warrior.
 66030 | Pan      | Killed Ignacio
 66031 | Pan      | Reached skill level 21 in Invocations
 66039 | Pan      | 66039 ||| INVOKING Summon Divine Warrior.
 66272 | Pan      | Identified the +6 falchion "Eviscerator" {protect, rElec
                  | rN++ Str+2}
 66273 | Pan      | Identified the +1 trident of Hedghineg {drain, Will+}
 66445 | Pan      | 66445 ||| Stepping ~*~*~tactically~*~*~ (hiding).
 66570 | Pan      | Got a fiery rune of Zot
 66627 | Pan      | 66627 ||| Stepping ~*~*~tactically~*~*~ (stealth).
 66860 | Pan      | 66860 ||| Stepping ~*~*~tactically~*~*~ (stealth).
 66867 | Pan      | 66867 ||| Stepping ~*~*~tactically~*~*~ (hiding).
 66868 | Pan      | 66868 ||| Stepping ~*~*~tactically~*~*~ (hiding).
 66946 | Pan      | 66946 ||| Stepping ~*~*~tactically~*~*~ (stealth).
 66973 | Pan      | 66973 ||| Stepping ~*~*~tactically~*~*~ (hiding).
 67190 | Pan      | 67190 ||| Stepping ~*~*~tactically~*~*~ (stealth).
 67192 | Pan      | 67192 ||| Stepping ~*~*~tactically~*~*~ (stealth).
 67194 | Pan      | 67194 ||| Stepping ~*~*~tactically~*~*~ (hiding).
 67232 | Pan      | 67232 ||| Stepping ~*~*~tactically~*~*~ (stealth).
 67343 | Pan      | 67343 ||| Stepping ~*~*~tactically~*~*~ (hiding).
 67615 | Pan      | 67615 ||| Stepping ~*~*~tactically~*~*~ (hiding).
 67616 | Pan      | 67616 ||| Stepping ~*~*~tactically~*~*~ (hiding).
 67749 | Pan      | 67749 ||| Stepping ~*~*~tactically~*~*~ (hiding).
 67751 | Pan      | 67751 ||| Stepping ~*~*~tactically~*~*~ (hiding).
 67752 | Pan      | 67752 ||| Stepping ~*~*~tactically~*~*~ (hiding).
 67753 | Pan      | 67753 ||| Stepping ~*~*~tactically~*~*~ (hiding).
 67754 | Pan      | 67754 ||| Stepping ~*~*~tactically~*~*~ (hiding).
 67756 | Pan      | 67756 ||| Stepping ~*~*~tactically~*~*~ (hiding).
 67757 | Pan      | 67757 ||| Stepping ~*~*~tactically~*~*~ (hiding).
 67761 | Pan      | 67761 ||| Stepping ~*~*~tactically~*~*~ (hiding).
 67815 | Pan      | 67815 ||| Stepping ~*~*~tactically~*~*~ (stealth).
 67822 | Pan      | 67822 ||| DROPPING +1 pair of boots of flying.
 67830 | Pan      | Entered the realm of Mnoleg.
 67833 | Pan      | Gained mutation: You do not regenerate when monsters are
                  | visible. [a cacodemon]
 67840 | Pan      | 67840 ||| DRINKING 13 potions of mutation.
 67840 | Pan      | Lost mutation: You do not regenerate when monsters are
                  | visible. [potion of mutation]
 67840 | Pan      | Lost mutation: You are partially covered in iridescent
                  | scales. (AC +2) [potion of mutation]
 67840 | Pan      | Lost mutation: You are partially covered in large bone
                  | plates. (SH +4) [potion of mutation]
 67840 | Pan      | Gained mutation: You are weak. (Str -2) [potion of
                  | mutation]
 67840 | Pan      | Gained mutation: You are partially covered in iridescent
                  | scales. (AC +2) [potion of mutation]
 67840 | Pan      | Gained mutation: You are somewhat resistant to further
                  | mutation. [potion of mutation]
 67853 | Pan      | 67853 ||| Stepping ~*~*~tactically~*~*~ (hiding).
 67858 | Pan      | Gained mutation: Your magical capacity is low. (-10% MP) [a
                  | shining eye]
 67861 | Pan      | Gained mutation: You occasionally lose the ability to read
                  | scrolls when taking damage. [a neqoxec]
 67864 | Pan      | Gained mutation: You are very weak. (Str -4) [a shining
                  | eye]
 67866 | Pan      | 67866 ||| Stepping ~*~*~tactically~*~*~ (hiding).
 67871 | Pan      | Noticed Mnoleg
 67871 | Pan      | Gained mutation: Your body sometimes deteriorates upon
                  | taking damage. [a shining eye]
 67872 | Pan      | 67872 ||| INVOKING Cleansing Flame.
 67873 | Pan      | 67873 ||| INVOKING Cleansing Flame.
 67874 | Pan      | 67874 ||| INVOKING Summon Divine Warrior.
 67881 | Pan      | Paralysed by a floating eye for 2 turns
 67884 | Pan      | 67884 ||| INVOKING Summon Divine Warrior.
 67884 | Pan      | Lost intelligence.
 67887 | Pan      | Killed Mnoleg
 67894 | Pan      | 67894 ||| DRINKING 12 potions of mutation.
 67894 | Pan      | Lost mutation: You are somewhat resistant to further
                  | mutation. [potion of mutation]
 67894 | Pan      | Lost mutation: Your magical capacity is low. (-10% MP)
                  | [potion of mutation]
 67894 | Pan      | Lost mutation: Your body sometimes deteriorates upon taking
                  | damage. [potion of mutation]
 67894 | Pan      | Gained mutation: You have a somewhat thin skeletal
                  | structure. (Dex +2, Stealth+) [potion of mutation]
 67894 | Pan      | Gained mutation: You are mostly covered in iridescent
                  | scales. (AC +4) [potion of mutation]
 67895 | Pan      | 67895 ||| DRINKING 11 potions of mutation.
 67895 | Pan      | Lost mutation: You have a somewhat thin skeletal structure.
                  | (Dex +2, Stealth+) [potion of mutation]
 67895 | Pan      | Lost mutation: You are very weak. (Str -4) [potion of
                  | mutation]
 67895 | Pan      | Lost mutation: You are mostly covered in iridescent scales.
                  | (AC +4) [potion of mutation]
 67895 | Pan      | Gained mutation: You have large cloven feet. [potion of
                  | mutation]
 67895 | Pan      | Gained mutation: You are mostly covered in iridescent
                  | scales. (AC +4) [potion of mutation]
 67895 | Pan      | Gained mutation: You are covered in fur. (AC +1) [potion of
                  | mutation]
 67896 | Pan      | 67896 ||| DRINKING 10 potions of mutation.
 67896 | Pan      | Lost mutation: You are mostly covered in iridescent scales.
                  | (AC +4) [potion of mutation]
 67896 | Pan      | Lost mutation: You are weak. (Str -2) [potion of mutation]
 67896 | Pan      | Lost mutation: You have large cloven feet. [potion of
                  | mutation]
 67896 | Pan      | Gained mutation: Your flesh is heat resistant. (rF+)
                  | [potion of mutation]
 67897 | Pan      | 67897 ||| DRINKING 9 potions of mutation.
 67897 | Pan      | Lost mutation: You are covered in fur. (AC +1) [potion of
                  | mutation]
 67897 | Pan      | Lost mutation: You occasionally lose the ability to read
                  | scrolls when taking damage. [potion of mutation]
 67897 | Pan      | Lost mutation: Your flesh is heat resistant. (rF+) [potion
                  | of mutation]
 67897 | Pan      | Gained mutation: Armour fits poorly on your strangely
                  | shaped body. [potion of mutation]
 67897 | Pan      | Gained mutation: You are mostly covered in iridescent
                  | scales. (AC +4) [potion of mutation]
 67897 | Pan      | Gained mutation: You are agile. (Dex +4, Str/Int -1)
                  | [potion of mutation]
 67898 | Pan      | 67898 ||| DRINKING 8 potions of mutation.
 67898 | Pan      | Lost mutation: Armour fits poorly on your strangely shaped
                  | body. [potion of mutation]
 67898 | Pan      | Lost mutation: You are mostly covered in iridescent scales.
                  | (AC +4) [potion of mutation]
 67898 | Pan      | Gained mutation: Your flesh is heat resistant. (rF+)
                  | [potion of mutation]
 67898 | Pan      | Gained mutation: You are weak. (Str -2) [potion of
                  | mutation]
 67898 | Pan      | Gained mutation: You have a beak for a mouth. [potion of
                  | mutation]
 67982 | Pan      | Got a glowing rune of Zot
 67999 | Pan      | Gained mutation: Your spells are a little easier to cast,
                  | but a little less powerful. [a neqoxec]
 68233 | Pan      | 68233 ||| Stepping ~*~*~tactically~*~*~ (hiding).
 68363 | Pan      | Gained mutation: You occasionally lose the ability to drink
                  | potions when taking damage. [a neqoxec]
 68369 | Pan      | 68369 ||| DRINKING 7 potions of mutation.
 68369 | Pan      | Lost mutation: You have a beak for a mouth. [potion of
                  | mutation]
 68369 | Pan      | Lost mutation: You are partially covered in iridescent
                  | scales. (AC +2) [potion of mutation]
 68369 | Pan      | Gained mutation: You have a pair of small horns on your
                  | head. [potion of mutation]
 68369 | Pan      | Gained mutation: You are partially covered in large bone
                  | plates. (SH +4) [potion of mutation]
 68370 | Pan      | 68370 ||| DRINKING 6 potions of mutation.
 68370 | Pan      | Lost mutation: You occasionally lose the ability to drink
                  | potions when taking damage. [potion of mutation]
 68370 | Pan      | Lost mutation: You have a pair of small horns on your head.
                  | [potion of mutation]
 68370 | Pan      | Lost mutation: You are agile. (Dex +4, Str/Int -1) [potion
                  | of mutation]
 68370 | Pan      | Lost mutation: You are weak. (Str -2) [potion of mutation]
 68487 | Pan      | Gained mutation: You are partially covered in iridescent
                  | scales. (AC +2) [a cacodemon]
 68496 | Pan      | Gained mutation: You sometimes lose your temper in combat.
                  | [a cacodemon]
 68501 | Pan      | Gained mutation: Armour fits poorly on your strangely
                  | shaped body. [a neqoxec]
 68503 | Pan      | Gained mutation: You have hidden genetic defects. [a
                  | neqoxec]
 68616 | Pan      | 68616 ||| DRINKING 5 potions of mutation.
 68616 | Pan      | Lost mutation: Your flesh is heat resistant. (rF+) [potion
                  | of mutation]
 68616 | Pan      | Lost mutation: You are partially covered in large bone
                  | plates. (SH +4) [potion of mutation]
 68616 | Pan      | Lost mutation: Your spells are a little easier to cast, but
                  | a little less powerful. [potion of mutation]
 68616 | Pan      | Gained mutation: You are weak. (Str -2) [potion of
                  | mutation]
 68616 | Pan      | Gained mutation: Your spells are a little harder to cast,
                  | but a little more powerful. [potion of mutation]
 68617 | Pan      | 68617 ||| DRINKING 4 potions of mutation.
 68617 | Pan      | Lost mutation: You sometimes lose your temper in combat.
                  | [potion of mutation]
 68617 | Pan      | Lost mutation: Armour fits poorly on your strangely shaped
                  | body. [potion of mutation]
 68617 | Pan      | Lost mutation: You have hidden genetic defects. [potion of
                  | mutation]
 68617 | Pan      | Gained mutation: You are partially covered in large bone
                  | plates. (SH +4) [potion of mutation]
 68617 | Pan      | Gained mutation: Your natural rate of healing is unusually
                  | fast. [potion of mutation]
 68926 | Pan      | 68926 ||| UPGRADING to +8 plate armour of Dramatic Exits
                  | {rC- rN+++ Str+2 Int+4}.
 68936 | Pan      | 68936 ||| UPGRADING to +2 helmet of Limited Liability {rF+
                  | Slay+2}.
 69004 | Pan      | 69004 ||| Stepping ~*~*~tactically~*~*~ (hiding).
 69009 | Pan      | 69009 ||| Stepping ~*~*~tactically~*~*~ (hiding).
 69010 | Pan      | 69010 ||| Stepping ~*~*~tactically~*~*~ (hiding).
 69011 | Pan      | 69011 ||| Stepping ~*~*~tactically~*~*~ (hiding).
 69012 | Pan      | 69012 ||| Stepping ~*~*~tactically~*~*~ (hiding).
 69019 | Pan      | Noticed Maoqu the pandemonium lord
 69020 | Pan      | 69020 ||| INVOKING Summon Divine Warrior.
 69021 | Pan      | 69021 ||| INVOKING Cleansing Flame.
 69027 | Pan      | Killed Maoqu the pandemonium lord
 69081 | Pan      | 69081 ||| INVOKING Cleansing Flame.
 69082 | Pan      | 69082 ||| INVOKING Cleansing Flame.
 69119 | Pan      | 69119 ||| Stepping ~*~*~tactically~*~*~ (hiding).
 69241 | Pan      | 69241 ||| Stepping ~*~*~tactically~*~*~ (hiding).
 69242 | Pan      | 69242 ||| Stepping ~*~*~tactically~*~*~ (hiding).
 69244 | Pan      | 69244 ||| INVOKING Summon Divine Warrior.
 69322 | Pan      | 69322 ||| Stepping ~*~*~tactically~*~*~ (stealth).
 69324 | Pan      | 69324 ||| Stepping ~*~*~tactically~*~*~ (hiding).
 69368 | Pan      | 69368 ||| Stepping ~*~*~tactically~*~*~ (hiding).
 69369 | Pan      | 69369 ||| Stepping ~*~*~tactically~*~*~ (hiding).
 69371 | Pan      | 69371 ||| Stepping ~*~*~tactically~*~*~ (hiding).
 69449 | Pan      | 69449 ||| Stepping ~*~*~tactically~*~*~ (stealth).
 69477 | Pan      | Found an exit through the horrors of the Abyss.
 69484 | Pan      | 69484 ||| Stepping ~*~*~tactically~*~*~ (cloud).
 69489 | Pan      | 69489 ||| Stepping ~*~*~tactically~*~*~ (hiding).
 69588 | Pan      | Reached skill level 24 in Armour
 69616 | Pan      | 69616 ||| Stepping ~*~*~tactically~*~*~ (stealth).
 69617 | Pan      | 69617 ||| Stepping ~*~*~tactically~*~*~ (stealth).
 69621 | Pan      | 69621 ||| Stepping ~*~*~tactically~*~*~ (stealth).
 69640 | Pan      | 69640 ||| Stepping ~*~*~tactically~*~*~ (stealth).
 69641 | Pan      | 69641 ||| Stepping ~*~*~tactically~*~*~ (stealth).
 69643 | Pan      | 69643 ||| INVOKING Summon Divine Warrior.
 69692 | Pan      | 69692 ||| INVOKING Cleansing Flame.
 69693 | Pan      | 69693 ||| INVOKING Cleansing Flame.
 69716 | Pan      | 69716 ||| Stepping ~*~*~tactically~*~*~ (hiding).
 69721 | Pan      | 69721 ||| INVOKING Summon Divine Warrior.
 69821 | Pan      | 69821 ||| DROPPING +6 kite shield of Juyfa {Drain rPois
                  | rC++}.
 69822 | Pan      | 69822 ||| UPGRADING to +8 chain mail of Fycaserr {Fly rElec
                  | Will++ MP+9}.
 69832 | Pan      | 69832 ||| UPGRADING to +1 tower shield of cold resistance.
 69938 | Pan      | Noticed Qesh the pandemonium lord
 69939 | Pan      | 69939 ||| INVOKING Summon Divine Warrior.
 69945 | Pan      | 69945 ||| INVOKING Cleansing Flame.
 69949 | Pan      | Killed Qesh the pandemonium lord
 70005 | Pan      | 70005 ||| Stepping ~*~*~tactically~*~*~ (hiding).
 70007 | Pan      | 70007 ||| Stepping ~*~*~tactically~*~*~ (hiding).
 70151 | Pan      | 70151 ||| Stepping ~*~*~tactically~*~*~ (stealth).
 70173 | Pan      | 70173 ||| Stepping ~*~*~tactically~*~*~ (stealth).
 70175 | Pan      | 70175 ||| Stepping ~*~*~tactically~*~*~ (hiding).
 70187 | Pan      | Reached skill level 15 in Dodging
 70192 | Pan      | 70192 ||| INVOKING Summon Divine Warrior.
 70199 | Pan      | 70199 ||| INVOKING Summon Divine Warrior.
 70205 | Pan      | 70205 ||| INVOKING Summon Divine Warrior.
 70205 | Pan      | Identified the +6 tower shield of Unreason {rC+ Dex+3}
 70207 | Pan      | 70207 ||| INVOKING Cleansing Flame.
 70457 | Pan      | 70457 ||| INVOKING Cleansing Flame.
 70504 | Pan      | Found an exit through the horrors of the Abyss.
 70809 | Pan      | 70809 ||| Stepping ~*~*~tactically~*~*~ (hiding).
 70817 | Pan      | Noticed Ecriep the pandemonium lord
 70818 | Pan      | 70818 ||| INVOKING Summon Divine Warrior.
 70822 | Pan      | Killed Ecriep the pandemonium lord
 70840 | Pan      | 70840 ||| Stepping ~*~*~tactically~*~*~ (stealth).
 70853 | Pan      | 70853 ||| Stepping ~*~*~tactically~*~*~ (stealth).
 70945 | Pan      | 70945 ||| Stepping ~*~*~tactically~*~*~ (stealth).
 70946 | Pan      | 70946 ||| Stepping ~*~*~tactically~*~*~ (stealth).
 70948 | Pan      | 70948 ||| Stepping ~*~*~tactically~*~*~ (hiding).
 70949 | Pan      | 70949 ||| Stepping ~*~*~tactically~*~*~ (hiding).
 70951 | Pan      | 70951 ||| Stepping ~*~*~tactically~*~*~ (hiding).
 71039 | Pan      | 71039 ||| Stepping ~*~*~tactically~*~*~ (stealth).
 71181 | Pan      | 71181 ||| Stepping ~*~*~tactically~*~*~ (stealth).
 71260 | Pan      | 71260 ||| Stepping ~*~*~tactically~*~*~ (stealth).
 71356 | Pan      | Identified the +0 ring mail of the True Pharaoh {Int+5
                  | Stlth+}
 71357 | Pan      | 71357 ||| Stepping ~*~*~tactically~*~*~ (stealth).
 71359 | Pan      | 71359 ||| Stepping ~*~*~tactically~*~*~ (hiding).
 71360 | Pan      | 71360 ||| Stepping ~*~*~tactically~*~*~ (hiding).
 71538 | Pan      | 71538 ||| Stepping ~*~*~tactically~*~*~ (stealth).
 71617 | Pan      | 71617 ||| Stepping ~*~*~tactically~*~*~ (stealth).
 71665 | Pan      | 71665 ||| Stepping ~*~*~tactically~*~*~ (hiding).
 71666 | Pan      | 71666 ||| Stepping ~*~*~tactically~*~*~ (hiding).
 71685 | Pan      | 71685 ||| Stepping ~*~*~tactically~*~*~ (stealth).
 71687 | Pan      | 71687 ||| Stepping ~*~*~tactically~*~*~ (hiding).
 71702 | Pan      | 71702 ||| Stepping ~*~*~tactically~*~*~ (stealth).
 71703 | Pan      | 71703 ||| Stepping ~*~*~tactically~*~*~ (stealth).
 72190 | Pan      | 72190 ||| Stepping ~*~*~tactically~*~*~ (stealth).
 72191 | Pan      | 72191 ||| Stepping ~*~*~tactically~*~*~ (stealth).
 72265 | Pan      | 72265 ||| Stepping ~*~*~tactically~*~*~ (stealth).
 72266 | Pan      | 72266 ||| Stepping ~*~*~tactically~*~*~ (stealth).
 72301 | Pan      | 72301 ||| UPGRADING to +2 tower shield of cold resistance.
 72311 | Pan      | 72311 ||| DROPPING +1 tower shield of cold resistance.
 72332 | Pan      | Entered the realm of Lom Lobon.
 72387 | Pan      | 72387 ||| Stepping ~*~*~tactically~*~*~ (hiding).
 72388 | Pan      | 72388 ||| Stepping ~*~*~tactically~*~*~ (hiding).
 72422 | Pan      | Found an exit through the horrors of the Abyss.
 72536 | Pan      | 72536 ||| Stepping ~*~*~tactically~*~*~ (hiding).
 72537 | Pan      | 72537 ||| Stepping ~*~*~tactically~*~*~ (hiding).
 72572 | Pan      | 72572 ||| Stepping ~*~*~tactically~*~*~ (stealth).
 72573 | Pan      | 72573 ||| Stepping ~*~*~tactically~*~*~ (stealth).
 72762 | Pan      | 72762 ||| Stepping ~*~*~tactically~*~*~ (hiding).
 72763 | Pan      | 72763 ||| Stepping ~*~*~tactically~*~*~ (hiding).
 72920 | Pan      | 72920 ||| Stepping ~*~*~tactically~*~*~ (hiding).
 72927 | Pan      | Noticed Lom Lobon
 72928 | Pan      | 72928 ||| DRINKING 6 potions of haste.
 72929 | Pan      | 72929 ||| INVOKING Summon Divine Warrior.
 72930 | Pan      | 72930 ||| DRINKING 14 potions of might.
 72940 | Pan      | 72940 ||| INVOKING Summon Divine Warrior.
 72943 | Pan      | 72943 ||| INVOKING Cleansing Flame.
 72944 | Pan      | 72944 ||| INVOKING Cleansing Flame.
 72945 | Pan      | 72945 ||| INVOKING Cleansing Flame.
 72946 | Pan      | 72946 ||| INVOKING Summon Divine Warrior.
 72954 | Pan      | Killed Lom Lobon
 73080 | Pan      | 73080 ||| READING scroll of acquirement.
 73080 | Pan      | 73080 ||| ACQUIRING 958 gold pieces
 73080 | Pan      | Acquired 958 gold pieces
 73102 | Pan      | Got a magical rune of Zot
 73304 | Pan      | 73304 ||| Stepping ~*~*~tactically~*~*~ (stealth).
 73306 | Pan      | 73306 ||| Stepping ~*~*~tactically~*~*~ (stealth).
 73374 | Pan      | 73374 ||| Stepping ~*~*~tactically~*~*~ (hiding).
 73375 | Pan      | 73375 ||| Stepping ~*~*~tactically~*~*~ (hiding).
 73376 | Pan      | 73376 ||| Stepping ~*~*~tactically~*~*~ (hiding).
 73446 | Pan      | 73446 ||| Stepping ~*~*~tactically~*~*~ (stealth).
 73495 | Pan      | 73495 ||| Stepping ~*~*~tactically~*~*~ (stealth).
 73497 | Pan      | 73497 ||| Stepping ~*~*~tactically~*~*~ (hiding).
 73536 | Pan      | 73536 ||| Stepping ~*~*~tactically~*~*~ (stealth).
 73696 | Pan      | 73696 ||| Stepping ~*~*~tactically~*~*~ (stealth).
 73723 | Pan      | 73723 ||| Stepping ~*~*~tactically~*~*~ (stealth).
 73724 | Pan      | 73724 ||| Stepping ~*~*~tactically~*~*~ (hiding).
 73725 | Pan      | 73725 ||| Stepping ~*~*~tactically~*~*~ (hiding).
 73727 | Pan      | 73727 ||| Stepping ~*~*~tactically~*~*~ (hiding).
 73735 | Pan      | 73735 ||| Stepping ~*~*~tactically~*~*~ (hiding).
 73736 | Pan      | 73736 ||| Stepping ~*~*~tactically~*~*~ (hiding).
 73760 | Pan      | 73760 ||| Stepping ~*~*~tactically~*~*~ (stealth).
 73761 | Pan      | 73761 ||| INVOKING Summon Divine Warrior.
 73831 | Pan      | Gained mutation: Your magical capacity is low. (-10% MP) [a
                  | neqoxec]
 73882 | Pan      | Found an exit through the horrors of the Abyss.
 73956 | Pan      | 73956 ||| Stepping ~*~*~tactically~*~*~ (stealth).
 74030 | Pan      | 74030 ||| Stepping ~*~*~tactically~*~*~ (stealth).
 74208 | Pan      | Noticed Leczaos the pandemonium lord
 74209 | Pan      | 74209 ||| INVOKING Cleansing Flame.
 74214 | Pan      | 74214 ||| INVOKING Cleansing Flame.
 74215 | Pan      | 74215 ||| INVOKING Cleansing Flame.
 74216 | Pan      | 74216 ||| INVOKING Summon Divine Warrior.
 74218 | Pan      | Killed Leczaos the pandemonium lord
 74283 | Pan      | 74283 ||| DROPPING +1 broad axe of flaming.
 74343 | Pan      | Reached skill level 15 in Throwing
 74412 | Pan      | 74412 ||| Stepping ~*~*~tactically~*~*~ (stealth).
 74492 | Pan      | 74492 ||| Stepping ~*~*~tactically~*~*~ (stealth).
 74502 | Pan      | Found an exit through the horrors of the Abyss.
 74503 | Pan      | 74503 ||| Stepping ~*~*~tactically~*~*~ (hiding).
 74662 | Pan      | 74662 ||| Stepping ~*~*~tactically~*~*~ (hiding).
 74665 | Pan      | 74665 ||| Stepping ~*~*~tactically~*~*~ (stealth).
 74954 | Pan      | Reached skill level 24 in Shields
 74959 | Pan      | 74959 ||| Stepping ~*~*~tactically~*~*~ (hiding).
 74976 | Pan      | 74976 ||| Stepping ~*~*~tactically~*~*~ (hiding).
 74982 | Pan      | 74982 ||| Stepping ~*~*~tactically~*~*~ (hiding).
 74986 | Pan      | Noticed Loogy the pandemonium lord
 74987 | Pan      | 74987 ||| INVOKING Summon Divine Warrior.
 74993 | Pan      | 74993 ||| INVOKING Cleansing Flame.
 75001 | Pan      | Killed Loogy the pandemonium lord
 75012 | Pan      | 75012 ||| INVOKING Cleansing Flame.
 75013 | Pan      | 75013 ||| INVOKING Cleansing Flame.
 75015 | Pan      | 75015 ||| Stepping ~*~*~tactically~*~*~ (hiding).
 75055 | Pan      | 75055 ||| INVOKING Cleansing Flame.
 75056 | Pan      | 75056 ||| INVOKING Cleansing Flame.
 75057 | Pan      | 75057 ||| INVOKING Summon Divine Warrior.
 75112 | Pan      | Reached skill level 24 in Invocations
 75246 | Pan      | Got a demonic rune of Zot
 75302 | Pan      | Noticed Kouchuaq the pandemonium lord
 75305 | Pan      | 75305 ||| INVOKING Summon Divine Warrior.
 75308 | Pan      | 75308 ||| INVOKING Cleansing Flame.
 75309 | Pan      | 75309 ||| INVOKING Summon Divine Warrior.
 75313 | Pan      | Killed Kouchuaq the pandemonium lord
 75317 | Pan      | 75317 ||| INVOKING Cleansing Flame.
 75325 | Pan      | 75325 ||| INVOKING Cleansing Flame.
 75330 | Pan      | 75330 ||| Stepping ~*~*~tactically~*~*~ (hiding).
 75464 | Depths:1 | Escaped Pandemonium
 75465 | Depths:1 | 75465 ||| DROPPING ring of magical power.
 75467 | Pan      | Entered the realm of Gloorx Vloq.
 75467 | Pan      | Entered Pandemonium
 75473 | Pan      | 75473 ||| Stepping ~*~*~tactically~*~*~ (stealth).
 75474 | Pan      | 75474 ||| Stepping ~*~*~tactically~*~*~ (stealth).
 75475 | Pan      | 75475 ||| Stepping ~*~*~tactically~*~*~ (stealth).
 75496 | Pan      | 75496 ||| Stepping ~*~*~tactically~*~*~ (stealth).
 75512 | Pan      | 75512 ||| Stepping ~*~*~tactically~*~*~ (stealth).
 75526 | Pan      | 75526 ||| Stepping ~*~*~tactically~*~*~ (stealth).
 75536 | Pan      | 75536 ||| Stepping ~*~*~tactically~*~*~ (hiding).
 75555 | Pan      | 75555 ||| Stepping ~*~*~tactically~*~*~ (hiding).
 75558 | Pan      | 75558 ||| INVOKING Cleansing Flame.
 75570 | Pan      | 75570 ||| INVOKING Cleansing Flame.
 75580 | Pan      | Noticed Gloorx Vloq
 75581 | Pan      | 75581 ||| Stepping ~*~*~tactically~*~*~ (hiding).
 75584 | Pan      | 75584 ||| INVOKING Cleansing Flame.
 75585 | Pan      | 75585 ||| INVOKING Summon Divine Warrior.
 75592 | Pan      | Killed Gloorx Vloq
 75637 | Pan      | Got a dark rune of Zot
 75788 | Pan      | 75788 ||| Stepping ~*~*~tactically~*~*~ (stealth).
 75993 | Pan      | Found an exit through the horrors of the Abyss.
 76380 | Pan      | 76380 ||| PLANNING SLIME:5
 76380 | Pan      | 76380 ||| SWAPPING to +3 spectral broad axe.
 76381 | Pan      | 76381 ||| READING scroll of enchant weapon.
 76381 | Pan      | 76381 ||| ENCHANTING +3 spectral broad axe.
 76382 | Pan      | 76382 ||| UPGRADING to +0 pair of gloves of the Armoured
                  | One {Fly rCorr Str+4 Dex-3}.
 76392 | Pan      | 76392 ||| UPGRADING to +8 plate armour of Dramatic Exits
                  | {rC- rN+++ Str+2 Int+4}.
 76402 | Pan      | 76402 ||| UPGRADING to +0 crystal plate armour.
 76412 | Pan      | 76412 ||| READING 7 scrolls of enchant armour.
 76412 | Pan      | 76412 ||| ENCHANTING +0 crystal plate armour.
 76413 | Pan      | 76413 ||| READING 6 scrolls of enchant armour.
 76413 | Pan      | 76413 ||| ENCHANTING +1 crystal plate armour.
 76414 | Pan      | 76414 ||| DROPPING +8 chain mail of Fycaserr {Fly rElec
                  | Will++ MP+9}.
 76415 | Pan      | 76415 ||| READING 5 scrolls of enchant armour.
 76415 | Pan      | 76415 ||| ENCHANTING +2 crystal plate armour.
 76416 | Pan      | 76416 ||| DROPPING +1 ice dragon scales.
 76417 | Pan      | 76417 ||| READING 4 scrolls of enchant armour.
 76417 | Pan      | 76417 ||| ENCHANTING +3 crystal plate armour.
 76418 | Pan      | 76418 ||| DROPPING +8 plate armour of Dramatic Exits {rC-
                  | rN+++ Str+2 Int+4}.
 76419 | Pan      | 76419 ||| READING 3 scrolls of enchant armour.
 76419 | Pan      | 76419 ||| ENCHANTING +4 crystal plate armour.
 76420 | Pan      | 76420 ||| READING 2 scrolls of enchant armour.
 76420 | Pan      | 76420 ||| ENCHANTING +5 crystal plate armour.
 76421 | Pan      | 76421 ||| READING scroll of enchant armour.
 76421 | Pan      | 76421 ||| ENCHANTING +6 crystal plate armour.
 76446 | Pan      | 76446 ||| Stepping ~*~*~tactically~*~*~ (stealth).
 76447 | Pan      | 76447 ||| Stepping ~*~*~tactically~*~*~ (stealth).
 76511 | Pan      | 76511 ||| Stepping ~*~*~tactically~*~*~ (hiding).
 76513 | Pan      | 76513 ||| Stepping ~*~*~tactically~*~*~ (hiding).
 76514 | Pan      | 76514 ||| Stepping ~*~*~tactically~*~*~ (hiding).
 76515 | Pan      | 76515 ||| Stepping ~*~*~tactically~*~*~ (hiding).
 76549 | Pan      | 76549 ||| Stepping ~*~*~tactically~*~*~ (hiding).
 76558 | Pan      | Gained mutation: You occasionally lose the ability to drink
                  | potions when taking damage. [a cacodemon]
 76670 | Pan      | 76670 ||| DRINKING 8 potions of mutation.
 76670 | Pan      | Lost mutation: You are partially covered in large bone
                  | plates. (SH +4) [potion of mutation]
 76670 | Pan      | Lost mutation: Your magical capacity is low. (-10% MP)
                  | [potion of mutation]
 76671 | Pan      | 76671 ||| DRINKING 7 potions of mutation.
 76671 | Pan      | Lost mutation: You are partially covered in iridescent
                  | scales. (AC +2) [potion of mutation]
 76671 | Pan      | Lost mutation: You occasionally lose the ability to drink
                  | potions when taking damage. [potion of mutation]
 76671 | Pan      | Lost mutation: Your natural rate of healing is unusually
                  | fast. [potion of mutation]
 76671 | Pan      | Gained mutation: You are partially covered in iridescent
                  | scales. (AC +2) [potion of mutation]
 76671 | Pan      | Gained mutation: Your spells are harder to cast, but more
                  | powerful. [potion of mutation]
 76671 | Pan      | Gained mutation: You have a pair of small horns on your
                  | head. [potion of mutation]
 76694 | Pan      | Found an exit through the horrors of the Abyss.
 76768 | Pan      | 76768 ||| Stepping ~*~*~tactically~*~*~ (hiding).
 76774 | Pan      | 76774 ||| Stepping ~*~*~tactically~*~*~ (hiding).
 76787 | Pan      | Noticed Ykhid the pandemonium lord
 76788 | Pan      | 76788 ||| INVOKING Summon Divine Warrior.
 76811 | Pan      | 76811 ||| INVOKING Cleansing Flame.
 76812 | Pan      | 76812 ||| INVOKING Cleansing Flame.
 76813 | Pan      | 76813 ||| INVOKING Cleansing Flame.
 76814 | Pan      | 76814 ||| INVOKING Cleansing Flame.
 76815 | Pan      | 76815 ||| INVOKING Cleansing Flame.
 76816 | Pan      | 76816 ||| INVOKING Cleansing Flame.
 76816 | Pan      | Killed Ykhid the pandemonium lord
 77360 | Pan      | 77360 ||| DROPPING +2 helmet of Limited Liability {rF+
                  | Slay+2}.
 77467 | Pan      | 77467 ||| Stepping ~*~*~tactically~*~*~ (hiding).
 77550 | Pan      | 77550 ||| Stepping ~*~*~tactically~*~*~ (stealth).
 77552 | Pan      | 77552 ||| Stepping ~*~*~tactically~*~*~ (hiding).
 77583 | Pan      | 77583 ||| Stepping ~*~*~tactically~*~*~ (stealth).
 77627 | Pan      | Gained mutation: You occasionally shout uncontrollably at
                  | your foes. [a neqoxec]
 77628 | Pan      | Gained mutation: You are clumsy. (Dex -2) [a neqoxec]
 77629 | Pan      | Gained mutation: You frequently scream uncontrollably at
                  | your foes. [a neqoxec]
 77641 | Pan      | 77641 ||| Stepping ~*~*~tactically~*~*~ (hiding).
 77644 | Pan      | 77644 ||| Stepping ~*~*~tactically~*~*~ (stealth).
 77645 | Pan      | 77645 ||| Stepping ~*~*~tactically~*~*~ (stealth).
 77667 | Pan      | 77667 ||| READING scroll of enchant armour.
 77667 | Pan      | 77667 ||| ENCHANTING +7 crystal plate armour.
 77669 | Pan      | 77669 ||| Stepping ~*~*~tactically~*~*~ (hiding).
 77725 | Pan      | 77725 ||| Stepping ~*~*~tactically~*~*~ (stealth).
 77731 | Pan      | 77731 ||| Stepping ~*~*~tactically~*~*~ (hiding).
 77738 | Pan      | 77738 ||| Stepping ~*~*~tactically~*~*~ (hiding).
 77750 | Pan      | Noticed Kiec the pandemonium lord
 77751 | Pan      | 77751 ||| INVOKING Summon Divine Warrior.
 77756 | Pan      | 77756 ||| INVOKING Cleansing Flame.
 77763 | Pan      | Killed Kiec the pandemonium lord
 77940 | Pan      | Lost mutation: You have a pair of small horns on your head.
                  | [a neqoxec]
 78343 | Pan      | 78343 ||| INVOKING Summon Divine Warrior.
 78534 | Pan      | 78534 ||| Stepping ~*~*~tactically~*~*~ (hiding).
 78542 | Pan      | 78542 ||| Stepping ~*~*~tactically~*~*~ (hiding).
 78548 | Pan      | Gained mutation: You are very weak. (Str -4) [a neqoxec]
 78594 | Pan      | 78594 ||| INVOKING Cleansing Flame.
 78649 | Pan      | 78649 ||| Stepping ~*~*~tactically~*~*~ (stealth).
 78678 | Pan      | 78678 ||| Stepping ~*~*~tactically~*~*~ (hiding).
 78680 | Pan      | 78680 ||| Stepping ~*~*~tactically~*~*~ (hiding).
 78683 | Pan      | 78683 ||| INVOKING Summon Divine Warrior.
 78684 | Pan      | 78684 ||| INVOKING Cleansing Flame.
 78751 | Pan      | Found an exit through the horrors of the Abyss.
 78876 | Pan      | 78876 ||| INVOKING Cleansing Flame.
 79023 | Pan      | 79023 ||| Stepping ~*~*~tactically~*~*~ (hiding).
 79024 | Pan      | 79024 ||| INVOKING Cleansing Flame.
 79025 | Pan      | 79025 ||| INVOKING Cleansing Flame.
 79030 | Pan      | Noticed Hiskaq the pandemonium lord
 79031 | Pan      | 79031 ||| INVOKING Summon Divine Warrior.
 79048 | Pan      | Killed Hiskaq the pandemonium lord
 79049 | Pan      | Reached skill level 27 in Armour
 79190 | Pan      | 79190 ||| Stepping ~*~*~tactically~*~*~ (hiding).
 79191 | Pan      | 79191 ||| Stepping ~*~*~tactically~*~*~ (hiding).
 79192 | Pan      | 79192 ||| Stepping ~*~*~tactically~*~*~ (hiding).
 79365 | Pan      | 79365 ||| Stepping ~*~*~tactically~*~*~ (hiding).
 79369 | Pan      | 79369 ||| Stepping ~*~*~tactically~*~*~ (stealth).
 79373 | Pan      | 79373 ||| Stepping ~*~*~tactically~*~*~ (hiding).
 79407 | Depths:1 | Escaped Pandemonium
 79435 | Depths:1 | 79435 ||| Stepping ~*~*~tactically~*~*~ (hiding).
 79436 | Depths:1 | 79436 ||| Stepping ~*~*~tactically~*~*~ (hiding).
 79765 | Slime:1  | Entered Level 1 of the Pits of Slime
 79926 | Slime:2  | Noticed Dissolution
 79928 | Slime:2  | 79928 ||| STAIRDANCE
 79934 | Slime:2  | 79934 ||| STAIRDANCE
 79963 | Slime:2  | Paralysed by a floating eye for 2 turns
 79965 | Slime:2  | 79965 ||| STAIRDANCE
 79971 | Slime:1  | Killed Dissolution
 80072 | Slime:2  | 80072 ||| DRINKING 36 potions of curing.
 80072 | Slime:2  | 80072 ||| (to cure confusion)
 80080 | Slime:2  | Paralysed by a great orb of eyes for 3 turns
 80216 | Slime:4  | 80216 ||| STAIRDANCE
 80243 | Slime:4  | 80243 ||| STAIRDANCE
 80289 | Slime:4  | 80289 ||| STAIRDANCE
 80303 | Slime:4  | 80303 ||| STAIRDANCE
 80366 | Slime:4  | Gained mutation: You sometimes lose your temper in combat.
                  | [a shining eye]
 80367 | Slime:4  | Gained mutation: You are frail. (-10% HP) [a shining eye]
 80374 | Slime:4  | Gained mutation: You are very frail. (-20% HP) [a shining
                  | eye]
 80376 | Slime:4  | 80376 ||| DRINKING 35 potions of curing.
 80376 | Slime:4  | 80376 ||| (to cure confusion)
 80377 | Slime:4  | 80377 ||| DRINKING 34 potions of curing.
 80377 | Slime:4  | 80377 ||| (to cure confusion)
 80378 | Slime:4  | 80378 ||| DRINKING 33 potions of curing.
 80378 | Slime:4  | 80378 ||| (to cure confusion)
 80379 | Slime:4  | 80379 ||| DRINKING 32 potions of curing.
 80379 | Slime:4  | 80379 ||| (to cure confusion)
 80380 | Slime:4  | 80380 ||| DRINKING 31 potions of curing.
 80380 | Slime:4  | 80380 ||| (to cure confusion)
 80381 | Slime:4  | 80381 ||| DRINKING 30 potions of curing.
 80381 | Slime:4  | 80381 ||| (to cure confusion)
 80384 | Slime:4  | Gained mutation: You are very clumsy. (Dex -4) [a shining
                  | eye]
 80386 | Slime:4  | 80386 ||| DRINKING 29 potions of curing.
 80386 | Slime:4  | 80386 ||| (to cure confusion)
 80439 | Slime:4  | 80439 ||| DRINKING 6 potions of mutation.
 80439 | Slime:4  | Lost mutation: You are partially covered in iridescent
                  | scales. (AC +2) [potion of mutation]
 80439 | Slime:4  | Lost mutation: You are very clumsy. (Dex -4) [potion of
                  | mutation]
 80439 | Slime:4  | Lost mutation: You frequently scream uncontrollably at your
                  | foes. [potion of mutation]
 80439 | Slime:4  | Gained mutation: You have an uncontrollable temper. [potion
                  | of mutation]
 80440 | Slime:4  | 80440 ||| DRINKING 5 potions of mutation.
 80440 | Slime:4  | Lost mutation: You are very frail. (-20% HP) [potion of
                  | mutation]
 80440 | Slime:4  | Lost mutation: Your spells are harder to cast, but more
                  | powerful. [potion of mutation]
 80440 | Slime:4  | Lost mutation: You occasionally shout uncontrollably at
                  | your foes. [potion of mutation]
 80440 | Slime:4  | Gained mutation: Your magical capacity is low. (-10% MP)
                  | [potion of mutation]
 80440 | Slime:4  | Gained mutation: Your natural rate of healing is unusually
                  | fast. [potion of mutation]
 80440 | Slime:4  | Lost mutation: Your natural rate of healing is unusually
                  | fast. [potion of mutation]
 80480 | Slime:4  | 80480 ||| DRINKING 4 potions of mutation.
 80480 | Slime:4  | Lost mutation: Your spells are a little harder to cast, but
                  | a little more powerful. [potion of mutation]
 80480 | Slime:4  | Lost mutation: Your magical capacity is low. (-10% MP)
                  | [potion of mutation]
 80480 | Slime:4  | Lost mutation: You are frail. (-10% HP) [potion of
                  | mutation]
 80480 | Slime:4  | Gained mutation: Your body sometimes deteriorates upon
                  | taking damage. [potion of mutation]
 80480 | Slime:4  | Lost mutation: You are clumsy. (Dex -2) [potion of
                  | mutation]
 80517 | Slime:4  | 80517 ||| DRINKING 3 potions of mutation.
 80517 | Slime:4  | Lost mutation: You have an uncontrollable temper. [potion
                  | of mutation]
 80517 | Slime:4  | Lost mutation: You are very weak. (Str -4) [potion of
                  | mutation]
 80517 | Slime:4  | Lost mutation: You are weak. (Str -2) [potion of mutation]
 80517 | Slime:4  | Gained mutation: Your muscles are strong. (Str +4, Int/Dex
                  | -1) [potion of mutation]
 80517 | Slime:4  | Gained mutation: Armour fits poorly on your strangely
                  | shaped body. [potion of mutation]
 80517 | Slime:4  | Gained mutation: You have an uncontrollable temper. [potion
                  | of mutation]
 80518 | Slime:4  | 80518 ||| DRINKING 2 potions of mutation.
 80518 | Slime:4  | Lost mutation: You have an uncontrollable temper. [potion
                  | of mutation]
 80518 | Slime:4  | Lost mutation: Your muscles are strong. (Str +4, Int/Dex
                  | -1) [potion of mutation]
 80518 | Slime:4  | Gained mutation: You have an increased reservoir of magic.
                  | (+10% MP) [potion of mutation]
 80518 | Slime:4  | Gained mutation: You have a pair of small horns on your
                  | head. [potion of mutation]
 80518 | Slime:4  | Gained mutation: You are partially covered in iridescent
                  | scales. (AC +2) [potion of mutation]
 80519 | Slime:4  | 80519 ||| DRINKING potion of mutation.
 80519 | Slime:4  | Lost mutation: You have a pair of small horns on your head.
                  | [potion of mutation]
 80519 | Slime:4  | Lost mutation: You sometimes lose your temper in combat.
                  | [potion of mutation]
 80519 | Slime:4  | Lost mutation: You have an increased reservoir of magic.
                  | (+10% MP) [potion of mutation]
 80519 | Slime:4  | Gained mutation: Your magical capacity is low. (-10% MP)
                  | [potion of mutation]
 80519 | Slime:4  | Gained mutation: You are robust. (+10% HP) [potion of
                  | mutation]
 80558 | Slime:5  | Entered Level 5 of the Pits of Slime
 80651 | Slime:5  | Gained mutation: Your body often deteriorates upon taking
                  | damage. [a shining eye]
 80652 | Slime:5  | Gained mutation: You are clumsy. (Dex -2) [a shining eye]
 80656 | Slime:5  | Gained mutation: You occasionally lose the ability to read
                  | scrolls when taking damage. [a shining eye]
 80667 | Slime:5  | Noticed the Royal Jelly
 80668 | Slime:5  | 80668 ||| INVOKING Summon Divine Warrior.
 80677 | Slime:5  | 80677 ||| INVOKING Summon Divine Warrior.
 80684 | Slime:5  | 80684 ||| INVOKING Summon Divine Warrior.
 80688 | Slime:5  | Killed the Royal Jelly
 80715 | Slime:5  | 80715 ||| INVOKING Summon Divine Warrior.
 80725 | Slime:5  | 80725 ||| INVOKING Summon Divine Warrior.
 81038 | Slime:5  | Gained mutation: You sometimes lose the ability to read
                  | scrolls when taking damage. [a shining eye]
 81133 | Slime:5  | Identified the +3 hand axe of Instinct {distort, Int+3}
 81180 | Slime:5  | Identified the +5 long sword of Doubt {flame, Fly}
 81183 | Slime:5  | Identified the ring "Ynuech" {rC+ Will+ rCorr}
 81204 | Slime:5  | Identified the staff of air "Xipnem" {rElec rC+}
 81207 | Slime:5  | Identified the +3 leather armour of Kidar {rElec}
 81209 | Slime:5  | Got a slimy rune of Zot
 81497 | Slime:5  | 81497 ||| PLANNING TAR RUNE
 81497 | Slime:5  | 81497 ||| SWAPPING to +9 broad axe of holy wrath.
 81498 | Slime:5  | 81498 ||| DROPPING +0 tower shield "Kalui" {-Tele rElec
                  | rCorr}.
 81499 | Slime:5  | 81499 ||| DROPPING +0 acid dragon scales.
 81500 | Slime:5  | 81500 ||| UPGRADING to +3 pair of gauntlets of War
                  | {Slay+5}.
 81510 | Slime:5  | 81510 ||| DROPPING +0 pair of gloves of the Armoured One
                  | {Fly rCorr Str+4 Dex-3}.
 81511 | Slime:5  | 81511 ||| DROPPING ring of protection from cold.
 81512 | Slime:5  | 81512 ||| DROPPING ring of Laqige {rF+ rCorr Int+3 Slay-3}.
 81513 | Slime:5  | 81513 ||| DROPPING ring "Qoohiduh" {rCorr Int+5 Dex+2}.
 81514 | Slime:5  | 81514 ||| DROPPING ring of Oschyll Fiti {rN+ rCorr Str+2
                  | SInv Stlth-}.
 81956 | Hell     | Entered the Vestibule of Hell
 81956 | Hell     | Noticed Geryon
 81980 | Hell     | 81980 ||| STAIRDANCE
 82067 | Hell     | Killed Geryon
 82182 | Hell     | 82182 ||| INVOKING Summon Divine Warrior.
 82186 | Hell     | Found a gateway to the freezing wastes of Cocytus.
 82293 | Hell     | Found a gateway to the Iron City of Dis.
 82298 | Hell     | 82298 ||| Stepping ~*~*~tactically~*~*~ (hiding).
 82499 | Hell     | 82499 ||| Stepping ~*~*~tactically~*~*~ (cloud).
 82508 | Hell     | Found a gateway to the ashen valley of Gehenna.
 82625 | Hell     | Found a gateway to the decaying netherworld of Tartarus.
 82631 | Hell     | 82631 ||| Stepping ~*~*~tactically~*~*~ (hiding).
 82753 | Tar:1    | Entered Level 1 of Tartarus
 82759 | Tar:2    | 82759 ||| INVOKING Summon Divine Warrior.
 82800 | Tar:3    | Reached skill level 21 in Axes
 82809 | Tar:3    | 82809 ||| Stepping ~*~*~tactically~*~*~ (stealth).
 82855 | Tar:3    | You are sucked into a shaft and drop 1 floor!
 82860 | Tar:4    | 82860 ||| INVOKING Summon Divine Warrior.
 82868 | Tar:4    | 82868 ||| INVOKING Cleansing Flame.
 82872 | Tar:4    | 82872 ||| INVOKING Cleansing Flame.
 82882 | Tar:4    | 82882 ||| INVOKING Summon Divine Warrior.
 82884 | Tar:4    | 82884 ||| INVOKING Cleansing Flame.
 82908 | Tar:4    | 82908 ||| INVOKING Cleansing Flame.
 82909 | Tar:4    | 82909 ||| INVOKING Cleansing Flame.
 83238 | Tar:6    | 83238 ||| INVOKING Summon Divine Warrior.
 83239 | Tar:6    | 83239 ||| INVOKING Cleansing Flame.
 83243 | Tar:6    | Reached skill level 1 in Short Blades
 83247 | Tar:6    | 83247 ||| INVOKING Cleansing Flame.
 83256 | Tar:6    | 83256 ||| INVOKING Cleansing Flame.
 83257 | Tar:6    | 83257 ||| INVOKING Cleansing Flame.
 83260 | Tar:6    | 83260 ||| INVOKING Summon Divine Warrior.
 83261 | Tar:6    | 83261 ||| INVOKING Cleansing Flame.
 83264 | Tar:6    | 83264 ||| INVOKING Cleansing Flame.
 83268 | Tar:6    | Reached skill level 3 in Short Blades
 83277 | Tar:6    | 83277 ||| INVOKING Cleansing Flame.
 83286 | Tar:6    | 83286 ||| INVOKING Cleansing Flame.
 83288 | Tar:6    | 83288 ||| INVOKING Summon Divine Warrior.
 83298 | Tar:6    | 83298 ||| INVOKING Cleansing Flame.
 83299 | Tar:6    | 83299 ||| INVOKING Cleansing Flame.
 83408 | Tar:7    | Entered Level 7 of Tartarus
 83410 | Tar:7    | 83410 ||| INVOKING Summon Divine Warrior.
 83416 | Tar:7    | 83416 ||| INVOKING Cleansing Flame.
 83417 | Tar:7    | 83417 ||| INVOKING Cleansing Flame.
 83418 | Tar:7    | Reached skill level 27 in Invocations
 83418 | Tar:7    | 83418 ||| INVOKING Summon Divine Warrior.
 83431 | Tar:7    | 83431 ||| INVOKING Cleansing Flame.
 83547 | Tar:7    | 83547 ||| INVOKING Cleansing Flame.
 83548 | Tar:7    | 83548 ||| INVOKING Cleansing Flame.
 83592 | Tar:7    | 83592 ||| INVOKING Summon Divine Warrior.
 83593 | Tar:7    | 83593 ||| INVOKING Cleansing Flame.
 83647 | Tar:7    | 83647 ||| INVOKING Cleansing Flame.
 83658 | Tar:7    | 83658 ||| INVOKING Cleansing Flame.
 83667 | Tar:7    | Noticed a dread lich
 83672 | Tar:7    | 83672 ||| INVOKING Summon Divine Warrior.
 83672 | Tar:7    | Killed a dread lich
 83677 | Tar:7    | Noticed an ancient lich
 83682 | Tar:7    | 83682 ||| INVOKING Cleansing Flame.
 83682 | Tar:7    | Killed an ancient lich
 83687 | Tar:7    | Noticed an ancient lich
 83690 | Tar:7    | Killed an ancient lich
 83763 | Tar:7    | Identified the +5 sling "Spiderslayer" {drain, rN+}
 83777 | Tar:7    | Found the +8 autumn katana {manifold assault}
 83794 | Tar:7    | Identified the +2 rapier of qw's Evisceration {drain, rElec
                  | Will+ Str+6 Dex-3}
 84079 | Tar:7    | 84079 ||| INVOKING Cleansing Flame.
 84122 | Tar:7    | 84122 ||| INVOKING Cleansing Flame.
 84191 | Tar:7    | 84191 ||| INVOKING Cleansing Flame.
 84250 | Tar:7    | Noticed Ereshkigal
 84264 | Tar:7    | Killed Ereshkigal
 84284 | Tar:7    | Got a bone rune of Zot
 84379 | Tar:7    | 84379 ||| PLANNING COC RUNE
 84379 | Tar:7    | 84379 ||| DROPPING +1 pair of boots of flying.
 84380 | Tar:7    | 84380 ||| UPGRADING to ring "Ynuech" {rC+ Will+ rCorr}.
 84486 | Coc:1    | Entered Level 1 of Cocytus
 84487 | Coc:1    | 84487 ||| INVOKING Summon Divine Warrior.
 84490 | Coc:1    | 84490 ||| INVOKING Summon Divine Warrior.
 84498 | Coc:1    | 84498 ||| INVOKING Cleansing Flame.
 84499 | Coc:1    | 84499 ||| INVOKING Cleansing Flame.
 84508 | Coc:1    | Paralysed by a wendigo for 1 turns
 84510 | Coc:1    | 84510 ||| INVOKING Cleansing Flame.
 84604 | Coc:2    | 84604 ||| INVOKING Cleansing Flame.
 84653 | Coc:2    | 84653 ||| Stepping ~*~*~tactically~*~*~ (stealth).
 84701 | Coc:3    | 84701 ||| INVOKING Summon Divine Warrior.
 84706 | Coc:3    | 84706 ||| INVOKING Cleansing Flame.
 84733 | Coc:3    | 84733 ||| INVOKING Cleansing Flame.
 84741 | Coc:3    | 84741 ||| INVOKING Summon Divine Warrior.
 84746 | Coc:3    | Paralysed by a wendigo for 1 turns
 84748 | Coc:3    | 84748 ||| INVOKING Summon Divine Warrior.
 84950 | Coc:4    | 84950 ||| INVOKING Summon Divine Warrior.
 84957 | Coc:4    | 84957 ||| INVOKING Summon Divine Warrior.
 84964 | Coc:4    | 84964 ||| INVOKING Summon Divine Warrior.
 84967 | Coc:4    | 84967 ||| INVOKING Summon Divine Warrior.
 84977 | Coc:4    | 84977 ||| INVOKING Cleansing Flame.
 84978 | Coc:4    | 84978 ||| INVOKING Cleansing Flame.
 84979 | Coc:4    | 84979 ||| INVOKING Cleansing Flame.
 85008 | Coc:5    | Paralysed by a wendigo for 1 turns
 85014 | Coc:5    | Noticed an ancient lich
 85015 | Coc:5    | 85015 ||| INVOKING Summon Divine Warrior.
 85020 | Coc:5    | 85020 ||| INVOKING Cleansing Flame.
 85023 | Coc:5    | Killed an ancient lich
 85035 | Coc:5    | 85035 ||| INVOKING Summon Divine Warrior.
 85051 | Coc:5    | 85051 ||| INVOKING Cleansing Flame.
 85052 | Coc:5    | 85052 ||| INVOKING Summon Divine Warrior.
 85059 | Coc:5    | 85059 ||| INVOKING Cleansing Flame.
 85060 | Coc:5    | 85060 ||| INVOKING Cleansing Flame.
 85339 | Coc:5    | You are sucked into a shaft and drop 1 floor!
 85352 | Coc:6    | 85352 ||| INVOKING Summon Divine Warrior.
 85357 | Coc:6    | 85357 ||| INVOKING Summon Divine Warrior.
 85362 | Coc:6    | 85362 ||| INVOKING Cleansing Flame.
 85374 | Coc:6    | 85374 ||| INVOKING Summon Divine Warrior.
 85560 | Coc:7    | Entered Level 7 of Cocytus
 85573 | Coc:7    | Paralysed by a wendigo for 1 turns
 85622 | Coc:7    | 85622 ||| Stepping ~*~*~tactically~*~*~ (hiding).
 85626 | Coc:7    | 85626 ||| Stepping ~*~*~tactically~*~*~ (hiding).
 85629 | Coc:7    | 85629 ||| Stepping ~*~*~tactically~*~*~ (hiding).
 85630 | Coc:7    | 85630 ||| Stepping ~*~*~tactically~*~*~ (hiding).
 85631 | Coc:7    | 85631 ||| Stepping ~*~*~tactically~*~*~ (hiding).
 85632 | Coc:7    | 85632 ||| Stepping ~*~*~tactically~*~*~ (hiding).
 85745 | Coc:7    | 85745 ||| INVOKING Summon Divine Warrior.
 85751 | Coc:7    | 85751 ||| INVOKING Cleansing Flame.
 85752 | Coc:7    | 85752 ||| INVOKING Summon Divine Warrior.
 85825 | Coc:7    | 85825 ||| Stepping ~*~*~tactically~*~*~ (stealth).
 85827 | Coc:7    | 85827 ||| INVOKING Summon Divine Warrior.
 85831 | Coc:7    | 85831 ||| INVOKING Cleansing Flame.
 85850 | Coc:7    | 85850 ||| INVOKING Summon Divine Warrior.
 85860 | Coc:7    | 85860 ||| INVOKING Cleansing Flame.
 85924 | Coc:7    | Reached skill level 24 in Axes
 85980 | Coc:7    | 85980 ||| Stepping ~*~*~tactically~*~*~ (hiding).
 85999 | Coc:7    | Identified the ring of Vuxiz {+Blink Fly rPois rCorr}
 86001 | Coc:7    | Identified the ring "Egharoaq" {rN+ Will+}
 86023 | Coc:7    | 86023 ||| Stepping ~*~*~tactically~*~*~ (hiding).
 86025 | Coc:7    | 86025 ||| INVOKING Summon Divine Warrior.
 86054 | Coc:7    | 86054 ||| INVOKING Summon Divine Warrior.
 86055 | Coc:7    | 86055 ||| INVOKING Cleansing Flame.
 86157 | Coc:7    | Paralysed by a wendigo for 1 turns
 86158 | Coc:7    | 86158 ||| INVOKING Cleansing Flame.
 86159 | Coc:7    | 86159 ||| INVOKING Summon Divine Warrior.
 86159 | Coc:7    | Identified the +6 tower shield of Beogh's Approval {Will+
                  | Dex-3 Stlth+}
 86371 | Coc:7    | 86371 ||| INVOKING Cleansing Flame.
 86399 | Coc:7    | Reached skill level 18 in Dodging
 86481 | Coc:7    | 86481 ||| INVOKING Summon Divine Warrior.
 86496 | Coc:7    | Paralysed by a wendigo for 1 turns
 86501 | Coc:7    | 86501 ||| INVOKING Cleansing Flame.
 86502 | Coc:7    | 86502 ||| INVOKING Cleansing Flame.
 86506 | Coc:7    | 86506 ||| INVOKING Cleansing Flame.
 86529 | Coc:7    | 86529 ||| INVOKING Summon Divine Warrior.
 86538 | Coc:7    | Noticed Antaeus
 86541 | Coc:7    | 86541 ||| INVOKING Cleansing Flame.
 86546 | Coc:7    | HP: 51/218 [Antaeus/+2 hand axe of flaming (13)]
 86549 | Coc:7    | HP: 10/218 [Antaeus/bolt of lightning (16)]
 86551 | Coc:7    | Slain by Antaeus

Levels and vault maps discovered:
D:1:      dpeg_arrival_boxes_within_box, layout_basic
D:2:      layout_basic, serial_shops, shop_scrolls
D:3:      layout_rooms, okawaru_metal_pillars_1_2
D:4:      layout_loops_ring, trog_wizard, nrook_campfire, uniq_robin
D:5:      layout_loops_corners, kennysheep_mini
D:6:      layout_gridville, minitemple, minmay_temple_entry_hall,
          kennysheep_donut, uniq_menkaure
D:7:      layout_loops_ring, nicolae_ru_path_of_blood, skrybe_limestone_x,
          minmay_stone_trees_small, dk_rats_in_the_wall
D:8:      layout_cave_pods, special_room [special_room_kobold], serial_shops,
          kennysheep_little_box, uniq_joseph
D:9:      kennysheep_town, uniq_grum
D:10:     kennysheep_ambush_hall, layout_irregular_city,
          overflow_temple_1_default, billiards_dpeg
D:11:     layout_gridville, portal_ice_cave_entry_pillars_1
D:12:     layout_stronghold, hellmonk_guarded_unrand_zhor
D:13:     layout_basic, david_vaults_3, minmay_curled_crystal, led_sif_book
D:14:     layout_basic, nicolae_water_bricks, uniq_louise
D:15:     grunt_enter_depths_magical_seal, layout_basic, uniq_agnes
Lair:1:   gammafunk_boulding_lane, layout_big_grid,
          hangedman_lair_unloving_vines
Lair:2:   layout_long_grid, elwin_shoals_entry_rooms, uniq_maggie
Lair:3:   layout_roguey, spider_nest_entry_web_field, pond, grunt_megastairs_2,
          uniq_sonja
Lair:4:   layout_cellular_growth, minmay_slime_entry_pillars,
          gammafunk_ghost_arena
Lair:5:   hangedman_lair_tendril_chambers, layout_misc_corridors, wormcave
Shoals:1: layout_shoals
Shoals:2: layout_shoals, uniq_polyphemus
Shoals:3: layout_shoals, centaur_isle, uniq_bai_suzhen
Shoals:4: shoals_end_hellmonk_storm_palace [storm_palace_center_square,
          storm_palace_corner_pillars, storm_palace_corner_blocked,
          storm_palace_corner_narrow, storm_palace_corner_pillars]
Spider:1: layout_spider_delve, uniq_asterion
Spider:2: layout_chambers
Spider:3: layout_spider_delve, nicolae_spider_undead_wolf_pack, uniq_donald
Spider:4: grunt_spider_rune_circles, guppyfry_spider_mini_2
Slime:1:  layout_caves, nicolae_slime_barrier,
          cheibrodos_slime_lost_civilization_4
Slime:2:  layout_caves, uniq_dissolution
Slime:3:  layout_caves, nicolae_slime_phagocytosis
Slime:4:  layout_caves, nicolae_slime_round_cave
Slime:5
Orc:1:    giant_chief_lemuel, layout_caves, basic_altar, uniq_jorgrun, uniq_urug
Orc:2:    grunt_orc_community_town_hall, layout_diamond_mine,
          grunt_orc_community_big_house_2, grunt_orc_community_big_house_1,
          grunt_orc_community_house_2, grunt_orc_community_house_3,
          grunt_orc_community_house_1, grunt_orc_community_house_1,
          grunt_orc_community_house_3, grunt_orc_community_house_2
Vaults:1: grunt_vaults_hallway_long, hangedman_vaults_locks,
          nicolae_vaults_closet_pinwheel_4, nicolae_vaults_asterisk,
          hangedman_vaults_cutoff, vaults_dpeg_ring, v_misc_25,
          nicolae_vaults_closet_pinwheel_1, nicolae_vaults_double_plus_2,
          nicolae_vaults_wine_cellar, ontoclasm_vaults_ring_small,
          nicolae_vaults_doubleplus_tesselated, nicolae_vaults_prndl,
          layout_vaults_omnicross
Vaults:2: nicolae_vaults_tetromino_T_1, nicolae_vaults_turnstiles,
          nicolae_vaults_network_s, v_misc_11, nicolae_vaults_meiosis,
          hangedman_vaults_stretched_pinwheel, nicolae_vaults_closet_pinwheel_4,
          hangedman_vaults_river_flow, nicolae_vaults_octothorpe,
          nicolae_vaults_oozy_zoo, nicolae_vaults_trapezoid_2,
          layout_vaults_omnibox, serial_shops, bzr_entry_dummy, shop,
          nicolae_shop_temple_entry_statues_fountains, nicolae_shop_peninsula,
          uniq_boris
Vaults:3: ebering_ghost_reflecting_pool, hangedman_vaults_variations,
          nicolae_vaults_stepped_doors, minmay_crypt_entry_simple_statues,
          nicolae_vaults_storage_room_statues, v_misc_27, grunt_vaults_funnel,
          vaults_dpeg_hooks, v_rooms_3, layout_vaults_big_room, serial_shops,
          nicolae_shop_real_fake_doors, uniq_xtahua
Vaults:4: lightli_enter_wizlab_magi_temple, nicolae_vaults_closet_pinwheel_5,
          v_misc_3, vaults_standard_mumra_x, ontoclasm_vaults_twist,
          vaults_dpeg_diagonal, v_alt_pattern_1, nicolae_vaults_border_crossing,
          layout_vaults_omnigrid, serial_shops, nicolae_diamond_shop,
          uniq_saint_roka
Vaults:5: serial_shops, uniq_mennas, uniq_margery
Crypt:1:  layout_chaotic_city, hellmonk_ghost_happy_afterlife,
          grunt_megastairs_5, grunt_crypt_arrival_split, uniq_jory,
          uniq_josephina, uniq_frederick, uniq_zenata
Crypt:2:  layout_gridlike
Crypt:3:  church_of_pain_bobbens, layout_chaotic_city,
          nicolae_tomb_entry_unfolded_pyramid_diagonal, basic_altar
Tomb:1
Tomb:2
Tomb:3
Depths:1: layout_gridville, grunt_pan_entry_in_and_out, hell_entry,
          chequers_serial_rivers_marsh, minivault_14, minmay_orc_keep,
          serial_bayou_shore_a
Depths:2: minmay_concentric_multi, layout_gridlike, interstate_on_off,
          lightli_too_deep, rand_demon_pan_entry_1
Depths:3: kennysheep_ogre_elephant_herders, layout_cave_pools, hell_entry,
          abyss_entry_small_statue_room, kennysheep_nub,
          hangedman_cracks_in_the_wall
Depths:4: lemuel_castle_with_subvaults [lemuel_castle_interior_carwin_3],
          layout_cave_shapes, enter_ziggurat_d, serial_shops, shop,
          hangedman_geh_valley, uniq_grunn
Hell
Coc:1:    layout_ice_bergs
Coc:2:    layout_cocytus_delve
Coc:3:    layout_ice_bergs
Coc:4:    layout_cocytus_water_paths
Coc:5:    layout_cocytus_delve
Coc:6:    layout_ice_bergs
Coc:7:    coc_hangedman
Tar:1:    layout_honeycomb, nicolae_tar_honey_chapel
Tar:2:    layout_honeycomb
Tar:3:    layout_cathedral_of_symmetry, nicolae_tar_cuneiform_bread
Tar:4:    layout_catacombs
Tar:5:    layout_catacombs
Tar:6:    layout_grid_maze
Tar:7:    tar_old
Zot:1:    layout_basic
Zot:2:    kennysheep_blocky_room, layout_onion, nicolae_shop_clearance
Zot:3:    layout_twisted_circle, st_small_dragon_hoard_4
Zot:4:    layout_gridlike

Skill      XL: |  1  2  3  4  5  6  7  8  9 10 11 12 13 14 15 16 17 18 19 20 21 22 23 24 25 26 27 |
---------------+----------------------------------------------------------------------------------+-----
Axes           | 2 3 4 5 7 8 10 11 12 13 14 15 17 18 24 | 24.3
Fighting       | 4 6 7 8 10 11 12 13 15 17 18 20 22 24 25 27 | 27.0
Invocations    | 3 4 6 10 14 19 27 | 27.0
Dodging        | 1 2 3 4 5 6 7 8 9 10 11 12 18 | 18.0
Throwing       | 1 2 3 4 6 7 9 10 12 13 14 15 | 15.0
Shields        | 9 10 14 15 16 17 18 19 20 21 22 25 | 25.6
Armour         | 5 6 7 9 10 11 13 14 16 17 18 19 20 27 | 27.0
Short Blades   | 4 |  4.7

Action                     |  1- 3 |  4- 6 |  7- 9 | 10-12 | 13-15 | 16-18 | 19-21 | 22-24 | 25-27 || total
---------------------------+-------+-------+-------+-------+-------+-------+-------+-------+-------++-------
  Melee: War axe           |    59 |   151 |   318 |   550 |   312 |       |       |       |       ||  1390
         Morningstar       |       |       |       |    10 |     2 |       |       |       |       ||    12
         Broad axe         |       |       |       |       |   892 |  1858 |  1479 |  1573 |  3623 ||  9425
         Eveningstar       |       |       |       |       |       |     4 |       |       |       ||     4
         Headbutt          |       |       |       |       |       |       |       |       |    47 ||    47
         Peck              |       |       |       |       |       |       |       |       |    13 ||    13
  Throw: Boomerang         |    25 |    55 |    33 |    77 |    69 |       |       |     4 |   386 ||   649
         Javelin           |       |       |     9 |    22 |   153 |   286 |   299 |   129 |   113 ||  1011
 Invoke: Heroism           |       |     1 |    13 |    28 |    26 |    42 |    21 |    34 |     6 ||   171
         Finesse           |       |       |       |     2 |     5 |     4 |     7 |     5 |       ||    23
         Cleansing Flame   |       |       |       |       |       |       |       |       |   157 ||   157
         Summon Divine War |       |       |       |       |       |       |       |       |    86 ||    86
         Brand Weapon With |       |       |       |       |       |       |       |       |     1 ||     1
    Use: Scroll            |     3 |     9 |     8 |     7 |     4 |     4 |     4 |     3 |    14 ||    56
         Potion            |       |     2 |       |       |     3 |     4 |     3 |     3 |    43 ||    58
   Stab: Distracted        |       |       |       |       |       |     1 |       |     1 |       ||     2
         Petrified         |       |       |       |       |       |       |       |    12 |       ||    12
         Petrifying        |       |       |       |       |       |       |       |     1 |       ||     1
 Armour: Scale mail        |    38 |    10 |       |       |       |       |       |       |       ||    48
         Chain mail        |       |    96 |   183 |   236 |   392 |   471 |   425 |   459 |   476 ||  2738
         Crystal plate arm |       |       |       |       |       |       |       |       |   375 ||   375
         Plate armour      |       |       |       |       |       |       |       |       |    14 ||    14
  Dodge: Dodged            |    28 |    48 |   213 |   286 |   472 |   946 |   790 |   771 |  1182 ||  4736
         Repelled          |       |       |       |     1 |     5 |     9 |    12 |    42 |    64 ||   133
  Block: Buckler           |    11 |    16 |    66 |       |       |       |       |       |       ||    93
         Kite shield       |       |       |    97 |   342 |    41 |       |       |       |       ||   480
         Tower shield      |       |       |       |       |  1046 |  1854 |  1332 |  1320 |  3374 ||  8926
         Reflection        |       |       |       |       |       |       |       |     2 |   145 ||   147

Table legend:
 A = Non-vault XP
 B = Vault XP
 C = Vault XP percentage of total XP
 D = Non-vault monster count
 E = Vault monster count
 F = Vault count percentage of total count
                 A         B        C        D         E       F
            +---------+---------+-------+---------+---------+-------
      Total | 1467608 | 1125641 |  43.4 |    2400 |    1447 |  37.6
            +---------+---------+-------+---------+---------+-------
        D:1 |      54 |       0 |   0.0 |      27 |       0 |   0.0
        D:2 |      35 |       0 |   0.0 |       8 |       0 |   0.0
        D:3 |      24 |       0 |   0.0 |      13 |       0 |   0.0
        D:4 |     330 |      32 |   8.8 |      25 |      10 |  28.6
        D:5 |     499 |       0 |   0.0 |       7 |       0 |   0.0
        D:6 |     914 |     172 |  15.8 |      31 |       1 |   3.1
        D:7 |     612 |     107 |  14.9 |      20 |      21 |  51.2
        D:8 |    1935 |    1245 |  39.2 |      25 |      12 |  32.4
        D:9 |    1578 |    7959 |  83.5 |      21 |      48 |  69.6
       D:10 |    1880 |    2074 |  52.5 |      11 |      11 |  50.0
       D:11 |    3483 |       0 |   0.0 |      21 |       0 |   0.0
       D:12 |    6711 |     385 |   5.4 |      21 |       1 |   4.5
       D:13 |    7828 |    6040 |  43.6 |      19 |      22 |  53.7
       D:14 |    4826 |    1227 |  20.3 |       9 |       1 |  10.0
       D:15 |   13827 |    5837 |  29.7 |      29 |      10 |  25.6
     Lair:1 |    3528 |       0 |   0.0 |      18 |       0 |   0.0
     Lair:2 |    5732 |     861 |  13.1 |      23 |       2 |   8.0
     Lair:3 |    7916 |    3656 |  31.6 |      28 |      13 |  31.7
     Lair:4 |    6365 |     926 |  12.7 |      28 |       5 |  15.2
     Lair:5 |    8852 |   16635 |  65.3 |      33 |      55 |  62.5
   Shoals:1 |   10285 |       0 |   0.0 |      24 |       0 |   0.0
   Shoals:2 |    6812 |    5570 |  45.0 |      14 |       6 |  30.0
   Shoals:3 |   10858 |    4553 |  29.5 |      24 |       7 |  22.6
   Shoals:4 |   15138 |   27169 |  64.2 |      34 |      50 |  59.5
   Spider:1 |   11832 |    1153 |   8.9 |      27 |       1 |   3.6
   Spider:2 |   15795 |       0 |   0.0 |      44 |       0 |   0.0
   Spider:3 |   12294 |    8848 |  41.9 |      32 |      15 |  31.9
   Spider:4 |   25651 |   21785 |  45.9 |      53 |      47 |  47.0
    Slime:1 |   14451 |    6883 |  32.3 |      25 |       1 |   3.8
    Slime:2 |    6201 |       0 |   0.0 |      12 |       0 |   0.0
    Slime:3 |   13419 |    5430 |  28.8 |      20 |       6 |  23.1
    Slime:4 |    9235 |    5624 |  37.8 |      25 |       5 |  16.7
    Slime:5 |   16339 |   25831 |  61.3 |      28 |      16 |  36.4
      Orc:1 |    1522 |   13421 |  89.8 |      27 |      28 |  50.9
      Orc:2 |    2563 |    5420 |  67.9 |      35 |      71 |  67.0
   Vaults:1 |    9797 |   11267 |  53.5 |      14 |      16 |  53.3
   Vaults:2 |   41964 |   17121 |  29.0 |      66 |      25 |  27.5
   Vaults:3 |   40881 |   18658 |  31.3 |      57 |      22 |  27.8
   Vaults:4 |   27196 |   20476 |  43.0 |      43 |      37 |  46.2
   Vaults:5 |   15987 |  109877 |  87.3 |      27 |      92 |  77.3
    Crypt:1 |   21565 |   16890 |  43.9 |      34 |      15 |  30.6
    Crypt:2 |   27696 |       0 |   0.0 |      39 |       0 |   0.0
    Crypt:3 |   26398 |   41267 |  61.0 |      43 |      81 |  65.3
     Tomb:1 |    8641 |   43426 |  83.4 |      30 |      55 |  64.7
     Tomb:2 |    2604 |   32747 |  92.6 |       7 |      54 |  88.5
     Tomb:3 |   40646 |   81337 |  66.7 |      68 |      83 |  55.0
   Depths:1 |   32932 |    7013 |  17.6 |      41 |       9 |  18.0
   Depths:2 |   32605 |   30587 |  48.4 |      40 |      30 |  42.9
   Depths:3 |   38851 |   11871 |  23.4 |      45 |      20 |  30.8
   Depths:4 |   20816 |   57133 |  73.3 |      21 |      51 |  70.8
       Hell |   17161 |   29819 |  63.5 |      21 |      46 |  68.7
      Coc:1 |   13071 |       0 |   0.0 |      20 |       0 |   0.0
      Coc:2 |    2682 |       0 |   0.0 |       6 |       0 |   0.0
      Coc:3 |   14281 |       0 |   0.0 |      17 |       0 |   0.0
      Coc:4 |   16455 |       0 |   0.0 |      13 |       0 |   0.0
      Coc:5 |   21377 |       0 |   0.0 |      22 |       0 |   0.0
      Coc:6 |   21593 |       0 |   0.0 |      28 |       0 |   0.0
      Coc:7 |   29395 |   85666 |  74.5 |      38 |      73 |  65.8
      Tar:2 |   11268 |       0 |   0.0 |       8 |       0 |   0.0
      Tar:3 |    3730 |       0 |   0.0 |       3 |       0 |   0.0
      Tar:4 |   27955 |       0 |   0.0 |      20 |       0 |   0.0
      Tar:5 |    1744 |       0 |   0.0 |       1 |       0 |   0.0
      Tar:6 |   34487 |       0 |   0.0 |      24 |       0 |   0.0
      Tar:7 |   32754 |   58306 |  64.0 |      21 |      28 |  57.1
      Zot:1 |   37128 |       0 |   0.0 |      28 |       0 |   0.0
      Zot:2 |   46250 |   11341 |  19.7 |      34 |       8 |  19.0
      Zot:3 |   44248 |    8613 |  16.3 |      38 |       6 |  13.6
      Zot:4 |   19612 |       0 |   0.0 |      16 |       0 |   0.0
    Abyss:3 |    2754 |    5702 |  67.4 |       6 |      11 |  64.7
        Pan |  431760 |  247681 |  36.5 |     620 |     220 |  26.2
            +---------+---------+-------+---------+---------+-------
